Workbook

Sheet Disclaimer
A4: Navarro SBDC Financial Templates
A11: Materials, services or products offered by providers to SBDC clients are available as a resource for you to locate professionals who can assist you with business concerns. Making these sources available to you does not imply or constitute a recommendation or endorsement by the SBDC, but is only intended to be a convenience for you. You must perform your “due diligence” by interviewing the individuals or companies to determine if they meet your needs. If you do retain their services, be sure to obtain your agreement in writing: who is responsible for what; what work is to be performed; what is not included; what is the cost.
A13: The Navarro SBDC at Navarro College is a member of the North Texas SBDC Network. Funded in part through a cooperative agreement with the U.S. Small Business Administration (SBA). Hosted by the Dallas County Community College District and nationally accredited by the Association of SBDCs. All opinions, conclusions, or recommendations expressed are those of the authors and do not necessarily reflect the views of the SBA. It is the policy of the Dallas County Community College District and Collin College that all persons have equal opportunity and access to its educational programs, services, activities, and facilities without regard to race, religion, color, sex, age, national origin, or ancestry, marital status, parental status, sexual orientation, disability or status as a veteran.

Sheet Sales Forecast
B1: SALES FORECAST
B2: Business Name
B3: Year 1
C5: JANUARY | D5: FEBRUARY | E5: MARCH | F5: APRIL | G5: MAY | H5: JUNE | I5: JULY | J5: AUGUST | K5: SEPTEMBER | L5: OCTOBER | M5: NOVEMBER | N5: DECEMBER | O5: YTD
B6: PROJECTED SALES
B7: 60% pay $10 | C7: ='Cash Flow - Y1'!D8 -> 6600 | D7: ='Cash Flow - Y1'!E8 -> 6600 | E7: ='Cash Flow - Y1'!F8 -> 7920 | F7: ='Cash Flow - Y1'!G8 -> 6600 | G7: ='Cash Flow - Y1'!H8 -> 7920 | H7: ='Cash Flow - Y1'!I8 -> 7920 | I7: ='Cash Flow - Y1'!J8 -> 7920 | J7: ='Cash Flow - Y1'!K8 -> 7920 | ... N7: ='Cash Flow - Y1'!O8 -> 7920 | O7: =SUM(C7:N7) -> 88440
B8: 20% pay $5 | C8: ='Cash Flow - Y1'!D9 -> 1100 | D8: ='Cash Flow - Y1'!E9 -> 1100 | E8: ='Cash Flow - Y1'!F9 -> 1320 | F8: ='Cash Flow - Y1'!G9 -> 1100 | G8: ='Cash Flow - Y1'!H9 -> 1320 | H8: ='Cash Flow - Y1'!I9 -> 1320 | I8: ='Cash Flow - Y1'!J9 -> 1320 | J8: ='Cash Flow - Y1'!K9 -> 1320 | ... N8: ='Cash Flow - Y1'!O9 -> 1320 | O8: =SUM(C8:N8) -> 14740
B9: 20% pay $20 | C9: ='Cash Flow - Y1'!D10 -> 4400 | D9: ='Cash Flow - Y1'!E10 -> 4400 | E9: ='Cash Flow - Y1'!F10 -> 5280 | F9: ='Cash Flow - Y1'!G10 -> 4400 | G9: ='Cash Flow - Y1'!H10 -> 5280 | H9: ='Cash Flow - Y1'!I10 -> 5280 | I9: ='Cash Flow - Y1'!J10 -> 5280 | J9: ='Cash Flow - Y1'!K10 -> 5280 | ... N9: ='Cash Flow - Y1'!O10 -> 5280 | O9: =SUM(C9:N9) -> 58960
C10: ='Cash Flow - Y1'!D11 -> 0 | D10: ='Cash Flow - Y1'!E11 -> 0 | E10: ='Cash Flow - Y1'!F11 -> 0 | F10: ='Cash Flow - Y1'!G11 -> 0 | G10: ='Cash Flow - Y1'!H11 -> 0 | H10: ='Cash Flow - Y1'!I11 -> 0 | I10: ='Cash Flow - Y1'!J11 -> 0 | J10: ='Cash Flow - Y1'!K11 -> 0 | ... N10: ='Cash Flow - Y1'!O11 -> 0 | O10: =SUM(C10:N10) -> 0
B11: Total Sales | C11: =SUM(C7:C10) -> 12100 | D11: =SUM(D7:D10) -> 12100 | E11: =SUM(E7:E10) -> 14520 | F11: =SUM(F7:F10) -> 12100 | G11: =SUM(G7:G10) -> 14520 | H11: =SUM(H7:H10) -> 14520 | I11: =SUM(I7:I10) -> 14520 | J11: =SUM(J7:J10) -> 14520 | ... N11: =SUM(N7:N10) -> 14520 | O11: =SUM(C11:N11) -> 162140
B14: Year 2
C16: JANUARY | D16: FEBRUARY | E16: MARCH | F16: APRIL | G16: MAY | H16: JUNE | I16: JULY | J16: AUGUST | K16: SEPTEMBER | L16: OCTOBER | M16: NOVEMBER | N16: DECEMBER | O16: YTD
B17: PROJECTED SALES
B18: =B7 -> 60% pay $10 | C18: ='Cash Flow - Y2'!C8 -> 0 | D18: ='Cash Flow - Y2'!D8 -> 0 | E18: ='Cash Flow - Y2'!E8 -> 0 | F18: ='Cash Flow - Y2'!F8 -> 0 | G18: ='Cash Flow - Y2'!G8 -> 0 | H18: ='Cash Flow - Y2'!H8 -> 0 | I18: ='Cash Flow - Y2'!I8 -> 0 | J18: ='Cash Flow - Y2'!J8 -> 0 | ... N18: ='Cash Flow - Y2'!N8 -> 0 | O18: =SUM(C18:N18) -> 0
B19: =B8 -> 20% pay $5 | C19: ='Cash Flow - Y2'!C9 -> 0 | D19: ='Cash Flow - Y2'!D9 -> 0 | E19: ='Cash Flow - Y2'!E9 -> 0 | F19: ='Cash Flow - Y2'!F9 -> 0 | G19: ='Cash Flow - Y2'!G9 -> 0 | H19: ='Cash Flow - Y2'!H9 -> 0 | I19: ='Cash Flow - Y2'!I9 -> 0 | J19: ='Cash Flow - Y2'!J9 -> 0 | ... N19: ='Cash Flow - Y2'!N9 -> 0 | O19: =SUM(C19:N19) -> 0
B20: =B9 -> 20% pay $20 | C20: ='Cash Flow - Y2'!C10 -> 0 | D20: ='Cash Flow - Y2'!D10 -> 0 | E20: ='Cash Flow - Y2'!E10 -> 0 | F20: ='Cash Flow - Y2'!F10 -> 0 | G20: ='Cash Flow - Y2'!G10 -> 0 | H20: ='Cash Flow - Y2'!H10 -> 0 | I20: ='Cash Flow - Y2'!I10 -> 0 | J20: ='Cash Flow - Y2'!J10 -> 0 | ... N20: ='Cash Flow - Y2'!N10 -> 0 | O20: =SUM(C20:N20) -> 0
B21: =B10 | C21: ='Cash Flow - Y2'!C11 -> 0 | D21: ='Cash Flow - Y2'!D11 -> 0 | E21: ='Cash Flow - Y2'!E11 -> 0 | F21: ='Cash Flow - Y2'!F11 -> 0 | G21: ='Cash Flow - Y2'!G11 -> 0 | H21: ='Cash Flow - Y2'!H11 -> 0 | I21: ='Cash Flow - Y2'!I11 -> 0 | J21: ='Cash Flow - Y2'!J11 -> 0 | ... N21: ='Cash Flow - Y2'!N11 -> 0 | O21: =SUM(C21:N21) -> 0
B22: Total Sales | C22: =SUM(C18:C21) -> 0 | D22: =SUM(D18:D21) -> 0 | E22: =SUM(E18:E21) -> 0 | F22: =SUM(F18:F21) -> 0 | G22: =SUM(G18:G21) -> 0 | H22: =SUM(H18:H21) -> 0 | I22: =SUM(I18:I21) -> 0 | J22: =SUM(J18:J21) -> 0 | ... N22: =SUM(N18:N21) -> 0 | O22: =SUM(C22:N22) -> 0
B25: Year 3
C27: JANUARY | D27: FEBRUARY | E27: MARCH | F27: APRIL | G27: MAY | H27: JUNE | I27: JULY | J27: AUGUST | K27: SEPTEMBER | L27: OCTOBER | M27: NOVEMBER | N27: DECEMBER | O27: YTD
B28: PROJECTED SALES
B29: =B18 -> 60% pay $10 | C29: ='Cash Flow - Y3'!C8 -> 0 | D29: ='Cash Flow - Y3'!D8 -> 0 | E29: ='Cash Flow - Y3'!E8 -> 0 | F29: ='Cash Flow - Y3'!F8 -> 0 | G29: ='Cash Flow - Y3'!G8 -> 0 | H29: ='Cash Flow - Y3'!H8 -> 0 | I29: ='Cash Flow - Y3'!I8 -> 0 | J29: ='Cash Flow - Y3'!J8 -> 0 | ... N29: ='Cash Flow - Y3'!N8 -> 0 | O29: =SUM(C29:N29) -> 0
B30: =B19 -> 20% pay $5 | C30: ='Cash Flow - Y3'!C9 -> 0 | D30: ='Cash Flow - Y3'!D9 -> 0 | E30: ='Cash Flow - Y3'!E9 -> 0 | F30: ='Cash Flow - Y3'!F9 -> 0 | G30: ='Cash Flow - Y3'!G9 -> 0 | H30: ='Cash Flow - Y3'!H9 -> 0 | I30: ='Cash Flow - Y3'!I9 -> 0 | J30: ='Cash Flow - Y3'!J9 -> 0 | ... N30: ='Cash Flow - Y3'!N9 -> 0 | O30: =SUM(C30:N30) -> 0
B31: =B20 -> 20% pay $20 | C31: ='Cash Flow - Y3'!C10 -> 0 | D31: ='Cash Flow - Y3'!D10 -> 0 | E31: ='Cash Flow - Y3'!E10 -> 0 | F31: ='Cash Flow - Y3'!F10 -> 0 | G31: ='Cash Flow - Y3'!G10 -> 0 | H31: ='Cash Flow - Y3'!H10 -> 0 | I31: ='Cash Flow - Y3'!I10 -> 0 | J31: ='Cash Flow - Y3'!J10 -> 0 | ... N31: ='Cash Flow - Y3'!N10 -> 0 | O31: =SUM(C31:N31) -> 0
B32: =B21 | C32: ='Cash Flow - Y3'!C11 -> 0 | D32: ='Cash Flow - Y3'!D11 -> 0 | E32: ='Cash Flow - Y3'!E11 -> 0 | F32: ='Cash Flow - Y3'!F11 -> 0 | G32: ='Cash Flow - Y3'!G11 -> 0 | H32: ='Cash Flow - Y3'!H11 -> 0 | I32: ='Cash Flow - Y3'!I11 -> 0 | J32: ='Cash Flow - Y3'!J11 -> 0 | ... N32: ='Cash Flow - Y3'!N11 -> 0 | O32: =SUM(C32:N32) -> 0
B33: Total Sales | C33: =SUM(C29:C32) -> 0 | D33: =SUM(D29:D32) -> 0 | E33: =SUM(E29:E32) -> 0 | F33: =SUM(F29:F32) -> 0 | G33: =SUM(G29:G32) -> 0 | H33: =SUM(H29:H32) -> 0 | I33: =SUM(I29:I32) -> 0 | J33: =SUM(J29:J32) -> 0 | ... N33: =SUM(N29:N32) -> 0 | O33: =SUM(C33:N33) -> 0

Sheet Cash Flow - Y1
B1: YEARLY CASH FLOW PROJECTION
B2: Business Name
B3: Year 1
C5: START-UP | D5: JANUARY | E5: FEBRUARY | F5: MARCH | G5: APRIL | H5: MAY | I5: JUNE | J5: JULY | K5: AUGUST | L5: SEPTEMBER | M5: OCTOBER | N5: NOVEMBER | O5: DECEMBER | P5: YTD
B6: CASH RECEIVED
B7: Beginning Cash Balance | D7: 0 | E7: =D50 -> 4233 | F7: =E50 -> 8466 | G7: =F50 -> 14459 | H7: =G50 -> 18692 | I7: =H50 -> 24685 | J7: =I50 -> 30678 | K7: =J50 -> 36671 | L7: =K50 -> 42664 | ... O7: =N50 -> 57123
B8: 60% pay $10 | D8: =(50*22)*10*60% -> 6600 | E8: =(50*22)*10*60% -> 6600 | F8: =(60*22)*10*60% -> 7920 | G8: =(50*22)*10*60% -> 6600 | H8: =(60*22)*10*60% -> 7920 | I8: =(60*22)*10*60% -> 7920 | J8: =(60*22)*10*60% -> 7920 | K8: =(60*22)*10*60% -> 7920 | L8: =(50*22)*10*60% -> 6600 | M8: =(50*22)*10*60% -> 6600 | N8: =(60*22)*10*60% -> 7920 | O8: =(60*22)*10*60% -> 7920 | P8: =SUM(D8:O8) -> 88440
B9: 20% pay $5 | D9: =(50*22)*5*20% -> 1100 | E9: =(50*22)*5*20% -> 1100 | F9: =(60*22)*5*20% -> 1320 | G9: =(50*22)*5*20% -> 1100 | H9: =(60*22)*5*20% -> 1320 | I9: =(60*22)*5*20% -> 1320 | J9: =(60*22)*5*20% -> 1320 | K9: =(60*22)*5*20% -> 1320 | L9: =(50*22)*5*20% -> 1100 | M9: =(50*22)*5*20% -> 1100 | N9: =(60*22)*5*20% -> 1320 | O9: =(60*22)*5*20% -> 1320 | P9: =SUM(D9:O9) -> 14740
B10: 20% pay $20 | D10: =(50*22)*20*20% -> 4400 | E10: =(50*22)*20*20% -> 4400 | F10: =(60*22)*20*20% -> 5280 | G10: =(50*22)*20*20% -> 4400 | H10: =(60*22)*20*20% -> 5280 | I10: =(60*22)*20*20% -> 5280 | J10: =(60*22)*20*20% -> 5280 | K10: =(60*22)*20*20% -> 5280 | L10: =(50*22)*20*20% -> 4400 | M10: =(50*22)*20*20% -> 4400 | N10: =(60*22)*20*20% -> 5280 | O10: =(60*22)*20*20% -> 5280 | P10: =SUM(D10:O10) -> 58960
D11: 0 | E11: 0 | F11: 0 | G11: 0 | H11: 0 | I11: 0 | J11: 0 | K11: 0 | L11: 0 | M11: 0 | N11: 0 | O11: 0 | P11: =SUM(D11:O11) -> 0
B12: Collections | D12: 0 | E12: 0 | F12: 0 | G12: 0 | H12: 0 | I12: 0 | J12: 0 | K12: 0 | L12: 0 | M12: 0 | N12: 0 | O12: 0 | P12: =SUM(D12:O12) -> 0
B13: Loans | D13: 0 | E13: 0 | F13: 0 | G13: 0 | H13: 0 | I13: 0 | J13: 0 | K13: 0 | L13: 0 | M13: 0 | N13: 0 | O13: 0 | P13: =SUM(D13:O13) -> 0
B14: Total Cash Receipts | D14: =SUM(D8:D13) -> 12100 | E14: =SUM(E8:E13) -> 12100 | F14: =SUM(F8:F13) -> 14520 | G14: =SUM(G8:G13) -> 12100 | H14: =SUM(H8:H13) -> 14520 | I14: =SUM(I8:I13) -> 14520 | J14: =SUM(J8:J13) -> 14520 | K14: =SUM(K8:K13) -> 14520 | ... O14: =SUM(O8:O13) -> 14520 | P14: =SUM(D14:O14) -> 162140
B15: Total Cash Available | D15: =IF(COUNT(D7:D13),SUM(D7:D13),"") -> 12100 | E15: =IF(COUNT(E8:E13),SUM(E7:E13),"") -> 16333 | F15: =IF(COUNT(F8:F13),SUM(F7:F13),"") -> 22986 | G15: =IF(COUNT(G8:G13),SUM(G7:G13),"") -> 26559 | H15: =IF(COUNT(H8:H13),SUM(H7:H13),"") -> 33212 | I15: =IF(COUNT(I8:I13),SUM(I7:I13),"") -> 39205 | J15: =IF(COUNT(J8:J13),SUM(J7:J13),"") -> 45198 | K15: =IF(COUNT(K8:K13),SUM(K7:K13),"") -> 51191 | L15: =IF(COUNT(L8:L13),SUM(L7:L13),"") -> 54764 | ... O15: =IF(COUNT(O8:O13),SUM(O7:O13),"") -> 71643
B17: OPERATING EXPENSE
B18: Purchases | D18: =(50*22)*3 -> 3300 | E18: =(50*22)*3 -> 3300 | F18: =(60*22)*3 -> 3960 | G18: =(50*22)*3 -> 3300 | H18: =(60*22)*3 -> 3960 | I18: =(60*22)*3 -> 3960 | J18: =(60*22)*3 -> 3960 | K18: =(60*22)*3 -> 3960 | L18: =(50*22)*3 -> 3300 | M18: =(50*22)*3 -> 3300 | N18: =(60*22)*3 -> 3960 | O18: =(60*22)*3 -> 3960 | P18: =SUM(D18:O18) -> 44220
B19: Salaries & Wages | D19: =2917+1650 -> 4567 | E19: =2917+1650 -> 4567 | F19: =2917+1650 -> 4567 | G19: =2917+1650 -> 4567 | H19: =2917+1650 -> 4567 | I19: =2917+1650 -> 4567 | J19: =2917+1650 -> 4567 | K19: =2917+1650 -> 4567 | ... O19: =2917+1650 -> 4567 | P19: =SUM(D19:O19) -> 54804
B20: Payroll Taxes | D20: 0 | E20: 0 | F20: 0 | G20: 0 | H20: 0 | I20: 0 | J20: 0 | K20: 0 | L20: 0 | M20: 0 | N20: 0 | O20: 0 | P20: =SUM(D20:O20) -> 0
B21: Outside Services (Fees) | D21: 0 | E21: 0 | F21: 0 | G21: 0 | H21: 0 | I21: 0 | J21: 0 | K21: 0 | L21: 0 | M21: 0 | N21: 0 | O21: 0 | P21: =SUM(D21:O21) -> 0
B22: Supplies (Office & Operating) | D22: 0 | E22: 0 | F22: 0 | G22: 0 | H22: 0 | I22: 0 | J22: 0 | K22: 0 | L22: 0 | M22: 0 | N22: 0 | O22: 0 | P22: =SUM(D22:O22) -> 0
B23: Repairs and Maintenance | D23: 0 | E23: 0 | F23: 0 | G23: 0 | H23: 0 | I23: 0 | J23: 0 | K23: 0 | L23: 0 | M23: 0 | N23: 0 | O23: 0 | P23: =SUM(D23:O23) -> 0
B24: Advertising & Merchandise | D24: 0 | E24: 0 | F24: 0 | G24: 0 | H24: 0 | I24: 0 | J24: 0 | K24: 0 | L24: 0 | M24: 0 | N24: 0 | O24: 0 | P24: =SUM(D24:O24) -> 0
B25: Signage | D25: 0 | E25: 0 | F25: 0 | G25: 0 | H25: 0 | I25: 0 | J25: 0 | K25: 0 | L25: 0 | M25: 0 | N25: 0 | O25: 0 | P25: =SUM(D25:O25) -> 0
B26: Printing | D26: 0 | E26: 0 | F26: 0 | G26: 0 | H26: 0 | I26: 0 | J26: 0 | K26: 0 | L26: 0 | M26: 0 | N26: 0 | O26: 0 | P26: =SUM(D26:O26) -> 0
B27: Transportation | D27: 0 | E27: 0 | F27: 0 | G27: 0 | H27: 0 | I27: 0 | J27: 0 | K27: 0 | L27: 0 | M27: 0 | N27: 0 | O27: 0 | P27: =SUM(D27:O27) -> 0
B28: Legal & Accounting Fees | D28: 0 | E28: 0 | F28: 0 | G28: 0 | H28: 0 | I28: 0 | J28: 0 | K28: 0 | L28: 0 | M28: 0 | N28: 0 | O28: 0 | P28: =SUM(D28:O28) -> 0
B29: Marketing | D29: 0 | E29: 0 | F29: 0 | G29: 0 | H29: 0 | I29: 0 | J29: 0 | K29: 0 | L29: 0 | M29: 0 | N29: 0 | O29: 0 | P29: =SUM(D29:O29) -> 0
B30: Rent | D30: 0 | E30: 0 | F30: 0 | G30: 0 | H30: 0 | I30: 0 | J30: 0 | K30: 0 | L30: 0 | M30: 0 | N30: 0 | O30: 0 | P30: =SUM(D30:O30) -> 0
B31: Telephone | D31: 0 | E31: 0 | F31: 0 | G31: 0 | H31: 0 | I31: 0 | J31: 0 | K31: 0 | L31: 0 | M31: 0 | N31: 0 | O31: 0 | P31: =SUM(D31:O31) -> 0
... B38: Other Expenses | D38: 0 | E38: 0 | F38: 0 | G38: 0 | H38: 0 | I38: 0 | J38: 0 | K38: 0 | L38: 0 | M38: 0 | N38: 0 | O38: 0 | P38: =SUM(D38:O38) -> 0
B39: Total Operating Expense | D39: =IF(COUNT(D18:D38),SUM(D18:D38),"") -> 7867 | E39: =IF(COUNT(E18:E38),SUM(E18:E38),"") -> 7867 | F39: =IF(COUNT(F18:F38),SUM(F18:F38),"") -> 8527 | G39: =IF(COUNT(G18:G38),SUM(G18:G38),"") -> 7867 | H39: =IF(COUNT(H18:H38),SUM(H18:H38),"") -> 8527 | I39: =IF(COUNT(I18:I38),SUM(I18:I38),"") -> 8527 | J39: =IF(COUNT(J18:J38),SUM(J18:J38),"") -> 8527 | K39: =IF(COUNT(K18:K38),SUM(K18:K38),"") -> 8527 | ... O39: =IF(COUNT(O18:O38),SUM(O18:O38),"") -> 8527 | P39: =SUM(D39:O39) -> 99024
B40: Balance Before Financing | D40: =SUM(D15-D39) -> 4233 | E40: =SUM(E15-E39) -> 8466 | F40: =SUM(F15-F39) -> 14459 | G40: =SUM(G15-G39) -> 18692 | H40: =SUM(H15-H39) -> 24685 | I40: =SUM(I15-I39) -> 30678 | J40: =SUM(J15-J39) -> 36671 | K40: =SUM(K15-K39) -> 42664 | ... O40: =SUM(O15-O39) -> 63116
B42: CAPITAL & FINANCE EXPENSE
B43: Loan Principal Paid | D43: 0 | E43: 0 | F43: 0 | G43: 0 | H43: 0 | I43: 0 | J43: 0 | K43: 0 | L43: 0 | M43: 0 | N43: 0 | O43: 0 | P43: =SUM(D43:O43) -> 0
B44: Loan Interest Paid | D44: 0 | E44: 0 | F44: 0 | G44: 0 | H44: 0 | I44: 0 | J44: 0 | K44: 0 | L44: 0 | M44: 0 | N44: 0 | O44: 0 | P44: =SUM(D44:O44) -> 0
B45: Capital Purchases | D45: 0 | E45: 0 | F45: 0 | G45: 0 | H45: 0 | I45: 0 | J45: 0 | K45: 0 | L45: 0 | M45: 0 | N45: 0 | O45: 0 | P45: =SUM(D45:O45) -> 0
B46: Other Startup (Building Cost) | D46: 0 | E46: 0 | F46: 0 | G46: 0 | H46: 0 | I46: 0 | J46: 0 | K46: 0 | L46: 0 | M46: 0 | N46: 0 | O46: 0 | P46: =SUM(D46:O46) -> 0
B47: Reserve/Escrow | D47: 0 | E47: 0 | F47: 0 | G47: 0 | H47: 0 | I47: 0 | J47: 0 | K47: 0 | L47: 0 | M47: 0 | N47: 0 | O47: 0 | P47: =SUM(D47:O47) -> 0
B48: Owner's Withdrawal | D48: 0 | E48: 0 | F48: 0 | G48: 0 | H48: 0 | I48: 0 | J48: 0 | K48: 0 | L48: 0 | M48: 0 | N48: 0 | O48: 0 | P48: =SUM(D48:O48) -> 0
B49: Total Cap & Fin Expense | D49: =IF(COUNT(D43:D48),SUM(D43:D48),"") -> 0 | E49: =IF(COUNT(E43:E48),SUM(E43:E48),"") -> 0 | F49: =IF(COUNT(F43:F48),SUM(F43:F48),"") -> 0 | G49: =IF(COUNT(G43:G48),SUM(G43:G48),"") -> 0 | H49: =IF(COUNT(H43:H48),SUM(H43:H48),"") -> 0 | I49: =IF(COUNT(I43:I48),SUM(I43:I48),"") -> 0 | J49: =IF(COUNT(J43:J48),SUM(J43:J48),"") -> 0 | K49: =IF(COUNT(K43:K48),SUM(K43:K48),"") -> 0 | ... O49: =IF(COUNT(O43:O48),SUM(O43:O48),"") -> 0 | P49: =SUM(D49:O49) -> 0
B50: End Balance | D50: =SUM(D15-D39-D49) -> 4233 | E50: =SUM(E15-E39-E49) -> 8466 | F50: =SUM(F15-F39-F49) -> 14459 | G50: =SUM(G15-G39-G49) -> 18692 | H50: =SUM(H15-H39-H49) -> 24685 | I50: =SUM(I15-I39-I49) -> 30678 | J50: =SUM(J15-J39-J49) -> 36671 | K50: =SUM(K15-K39-K49) -> 42664 | ... O50: =SUM(O15-O39-O49) -> 63116
B52: NON CASH FLOW OPERATING INFORMATION
B53: Sales Volume | D53: 0 | E53: 0 | F53: 0 | G53: 0 | H53: 0 | I53: 0 | J53: 0 | K53: 0 | L53: 0 | M53: 0 | N53: 0 | O53: 0 | P53: =SUM(D53:O53) -> 0
B54: Accounts Receivable | D54: 0 | E54: 0 | F54: 0 | G54: 0 | H54: 0 | I54: 0 | J54: 0 | K54: 0 | L54: 0 | M54: 0 | N54: 0 | O54: 0 | P54: =SUM(D54:O54) -> 0
B55: Bad Debt | D55: 0 | E55: 0 | F55: 0 | G55: 0 | H55: 0 | I55: 0 | J55: 0 | K55: 0 | L55: 0 | M55: 0 | N55: 0 | O55: 0 | P55: =SUM(D55:O55) -> 0
B56: Accounts Payable | D56: 0 | E56: 0 | F56: 0 | G56: 0 | H56: 0 | I56: 0 | J56: 0 | K56: 0 | L56: 0 | M56: 0 | N56: 0 | O56: 0 | P56: =SUM(D56:O56) -> 0
B57: Depreciation | D57: 0 | E57: 0 | F57: 0 | G57: 0 | H57: 0 | I57: 0 | J57: 0 | K57: 0 | L57: 837 | M57: 837 | N57: 837 | O57: 837 | P57: =SUM(D57:O57) -> 3348

Sheet Cash Flow - Y2
B1: YEARLY CASH FLOW PROJECTION
B2: Business Name
B3: Year 2
C5: JANUARY | D5: FEBRUARY | E5: MARCH | F5: APRIL | G5: MAY | H5: JUNE | I5: JULY | J5: AUGUST | K5: SEPTEMBER | L5: OCTOBER | M5: NOVEMBER | N5: DECEMBER | O5: YTD
B6: CASH RECEIVED
B7: Beginning Cash Balance | C7: ='Cash Flow - Y1'!O50 -> 63116 | D7: =C50 -> 63116 | E7: =D50 -> 63116 | F7: =E50 -> 63116 | G7: =F50 -> 63116 | H7: =G50 -> 63116 | I7: =H50 -> 63116 | J7: =I50 -> 63116 | K7: =J50 -> 63116 | ... N7: =M50 -> 63116
B8: ='Cash Flow - Y1'!B8 -> 60% pay $10 | C8: 0 | D8: 0 | E8: 0 | F8: =SUM(E8*1.11) -> 0 | G8: =SUM(F8*1.11) -> 0 | H8: =SUM(G8*1.1) -> 0 | I8: =SUM(H8*1.1) -> 0 | J8: =SUM(I8*1.1) -> 0 | K8: =SUM(J8*1.13) -> 0 | L8: =SUM(K8*1.11) -> 0 | M8: =SUM(L8*1.15) -> 0 | N8: =SUM(M8*1.15) -> 0 | O8: =SUM(C8:N8) -> 0
B9: ='Cash Flow - Y1'!B9 -> 20% pay $5 | C9: 0 | D9: 0 | E9: =SUM(D9*1.1) -> 0 | F9: =SUM(E9*1.11) -> 0 | G9: =SUM(F9*1.11) -> 0 | H9: =SUM(G9*1.1) -> 0 | I9: =SUM(H9*1.1) -> 0 | J9: =SUM(I9*1.1) -> 0 | K9: =SUM(J9*1.13) -> 0 | L9: =SUM(K9*1.11) -> 0 | M9: =SUM(L9*1.15) -> 0 | N9: =SUM(M9*1.15) -> 0 | O9: =SUM(C9:N9) -> 0
B10: ='Cash Flow - Y1'!B10 -> 20% pay $20 | C10: 0 | D10: 0 | E10: =SUM(D10*1.1) -> 0 | F10: =SUM(E10*1.11) -> 0 | G10: =SUM(F10*1.11) -> 0 | H10: =SUM(G10*1.1) -> 0 | I10: =SUM(H10*1.1) -> 0 | J10: =SUM(I10*1.1) -> 0 | K10: =SUM(J10*1.13) -> 0 | L10: =SUM(K10*1.11) -> 0 | M10: =SUM(L10*1.15) -> 0 | N10: =SUM(M10*1.15) -> 0 | O10: =SUM(C10:N10) -> 0
B11: ='Cash Flow - Y1'!B11 | C11: 0 | D11: 0 | E11: =SUM(D11*1.1) -> 0 | F11: =SUM(E11*1.11) -> 0 | G11: =SUM(F11*1.01) -> 0 | H11: =SUM(G11*1.01) -> 0 | I11: =SUM(H11*1.01) -> 0 | J11: =SUM(I11*1.01) -> 0 | K11: =SUM(J11*1.02) -> 0 | L11: =SUM(K11*1.02) -> 0 | M11: =SUM(L11*1.02) -> 0 | N11: =SUM(M11*1.03) -> 0 | O11: =SUM(C11:N11) -> 0
B12: ='Cash Flow - Y1'!B12 -> Collections | C12: 0 | D12: 0 | E12: 0 | F12: 0 | G12: 0 | H12: 0 | I12: 0 | J12: 0 | K12: 0 | L12: 0 | M12: 0 | N12: 0 | O12: =SUM(C12:N12) -> 0
B13: ='Cash Flow - Y1'!B13 -> Loans | C13: 0 | D13: 0 | E13: 0 | F13: 0 | G13: 0 | H13: 0 | I13: 0 | J13: 0 | K13: 0 | L13: 0 | M13: 0 | N13: 0 | O13: =SUM(C13:N13) -> 0
B14: Total Cash Receipts | C14: =SUM(C8:C13) -> 0 | D14: =SUM(D8:D13) -> 0 | E14: =SUM(E8:E13) -> 0 | F14: =SUM(F8:F13) -> 0 | G14: =SUM(G8:G13) -> 0 | H14: =SUM(H8:H13) -> 0 | I14: =SUM(I8:I13) -> 0 | J14: =SUM(J8:J13) -> 0 | ... N14: =SUM(N8:N13) -> 0 | O14: =SUM(C14:N14) -> 0
B15: Total Cash Available | C15: =IF(COUNT(C7:C13),SUM(C7:C13),"") -> 63116 | D15: =IF(COUNT(D8:D13),SUM(D7:D13),"") -> 63116 | E15: =IF(COUNT(E8:E13),SUM(E7:E13),"") -> 63116 | F15: =IF(COUNT(F8:F13),SUM(F7:F13),"") -> 63116 | G15: =IF(COUNT(G8:G13),SUM(G7:G13),"") -> 63116 | H15: =IF(COUNT(H8:H13),SUM(H7:H13),"") -> 63116 | I15: =IF(COUNT(I8:I13),SUM(I7:I13),"") -> 63116 | J15: =IF(COUNT(J8:J13),SUM(J7:J13),"") -> 63116 | K15: =IF(COUNT(K8:K13),SUM(K7:K13),"") -> 63116 | ... N15: =IF(COUNT(N8:N13),SUM(N7:N13),"") -> 63116
B17: OPERATING EXPENSE
B18: Purchases | C18: 0 | D18: 0 | E18: 0 | F18: 0 | G18: 0 | H18: 0 | I18: 0 | J18: 0 | K18: 0 | L18: 0 | M18: 0 | N18: 0 | O18: =SUM(C18:N18) -> 0
B19: Salaries & Wages | C19: 0 | D19: 0 | E19: 0 | F19: 0 | G19: 0 | H19: 0 | I19: 0 | J19: 0 | K19: 0 | L19: 0 | M19: 0 | N19: 0 | O19: =SUM(C19:N19) -> 0
B20: Payroll Taxes | C20: 0 | D20: 0 | E20: 0 | F20: 0 | G20: 0 | H20: 0 | I20: 0 | J20: 0 | K20: 0 | L20: 0 | M20: 0 | N20: 0 | O20: =SUM(C20:N20) -> 0
B21: Outside Services (Fees) | C21: 0 | D21: 0 | E21: 0 | F21: 0 | G21: 0 | H21: 0 | I21: 0 | J21: 0 | K21: 0 | L21: 0 | M21: 0 | N21: 0 | O21: =SUM(C21:N21) -> 0
B22: Supplies (Office & Operating) | C22: 0 | D22: 0 | E22: 0 | F22: 0 | G22: 0 | H22: 0 | I22: 0 | J22: 0 | K22: 0 | L22: 0 | M22: 0 | N22: 0 | O22: =SUM(C22:N22) -> 0
B23: Repairs and Maintenance | C23: 0 | D23: 0 | E23: 0 | F23: 0 | G23: 0 | H23: 0 | I23: 0 | J23: 0 | K23: 0 | L23: 0 | M23: 0 | N23: 0 | O23: =SUM(C23:N23) -> 0
B24: Advertising & Merchandise | C24: 0 | D24: 0 | E24: 0 | F24: 0 | G24: 0 | H24: 0 | I24: 0 | J24: 0 | K24: 0 | L24: 0 | M24: 0 | N24: 0 | O24: =SUM(C24:N24) -> 0
B25: Signage | C25: 0 | D25: 0 | E25: 0 | F25: 0 | G25: 0 | H25: 0 | I25: 0 | J25: 0 | K25: 0 | L25: 0 | M25: 0 | N25: 0 | O25: =SUM(C25:N25) -> 0
B26: Printing | C26: 0 | D26: 0 | E26: 0 | F26: 0 | G26: 0 | H26: 0 | I26: 0 | J26: 0 | K26: 0 | L26: 0 | M26: 0 | N26: 0 | O26: =SUM(C26:N26) -> 0
B27: Transportation | C27: 0 | D27: 0 | E27: 0 | F27: 0 | G27: 0 | H27: 0 | I27: 0 | J27: 0 | K27: 0 | L27: 0 | M27: 0 | N27: 0 | O27: =SUM(C27:N27) -> 0
B28: Legal & Accounting Fees | C28: 0 | D28: 0 | E28: 0 | F28: 0 | G28: 0 | H28: 0 | I28: 0 | J28: 0 | K28: 0 | L28: 0 | M28: 0 | N28: 0 | O28: =SUM(C28:N28) -> 0
B29: Creative Service Fees | C29: 0 | D29: 0 | E29: 0 | F29: 0 | G29: 0 | H29: 0 | I29: 0 | J29: 0 | K29: 0 | L29: 0 | M29: 0 | N29: 0 | O29: =SUM(C29:N29) -> 0
... B38: Other Expenses | C38: 0 | D38: 0 | E38: 0 | F38: 0 | G38: 0 | H38: 0 | I38: 0 | J38: 0 | K38: 0 | L38: 0 | M38: 0 | N38: 0 | O38: =SUM(C38:N38) -> 0
B39: Total Operating Expense | C39: =IF(COUNT(C18:C38),SUM(C18:C38),"") -> 0 | D39: =IF(COUNT(D18:D38),SUM(D18:D38),"") -> 0 | E39: =IF(COUNT(E18:E38),SUM(E18:E38),"") -> 0 | F39: =IF(COUNT(F18:F38),SUM(F18:F38),"") -> 0 | G39: =IF(COUNT(G18:G38),SUM(G18:G38),"") -> 0 | H39: =IF(COUNT(H18:H38),SUM(H18:H38),"") -> 0 | I39: =IF(COUNT(I18:I38),SUM(I18:I38),"") -> 0 | J39: =IF(COUNT(J18:J38),SUM(J18:J38),"") -> 0 | ... N39: =IF(COUNT(N18:N38),SUM(N18:N38),"") -> 0 | O39: =SUM(C39:N39) -> 0
B40: Balance Before Financing | C40: =SUM(C15-C39) -> 63116 | D40: =SUM(D15-D39) -> 63116 | E40: =SUM(E15-E39) -> 63116 | F40: =SUM(F15-F39) -> 63116 | G40: =SUM(G15-G39) -> 63116 | H40: =SUM(H15-H39) -> 63116 | I40: =SUM(I15-I39) -> 63116 | J40: =SUM(J15-J39) -> 63116 | ... N40: =SUM(N15-N39) -> 63116
B42: CAPITAL & FINANCE EXPENSE
B43: Loan Principal Paid | C43: 0 | D43: 0 | E43: 0 | F43: 0 | G43: 0 | H43: 0 | I43: 0 | J43: 0 | K43: 0 | L43: 0 | M43: 0 | N43: 0 | O43: =SUM(C43:N43) -> 0
B44: Loan Interest Paid | C44: 0 | D44: 0 | E44: 0 | F44: 0 | G44: 0 | H44: 0 | I44: 0 | J44: 0 | K44: 0 | L44: 0 | M44: 0 | N44: 0 | O44: =SUM(C44:N44) -> 0
B45: Capital Purchases | C45: 0 | D45: 0 | E45: 0 | F45: 0 | G45: 0 | H45: 0 | I45: 0 | J45: 0 | K45: 0 | L45: 0 | M45: 0 | N45: 0 | O45: =SUM(C45:N45) -> 0
B46: Other Startup | C46: 0 | D46: 0 | E46: 0 | F46: 0 | G46: 0 | H46: 0 | I46: 0 | J46: 0 | K46: 0 | L46: 0 | M46: 0 | N46: 0 | O46: =SUM(C46:N46) -> 0
B47: Reserve/Escrow | C47: 0 | D47: 0 | E47: 0 | F47: 0 | G47: 0 | H47: 0 | I47: 0 | J47: 0 | K47: 0 | L47: 0 | M47: 0 | N47: 0 | O47: =SUM(C47:N47) -> 0
B48: Owner's Withdrawal | C48: 0 | D48: 0 | E48: 0 | F48: 0 | G48: 0 | H48: 0 | I48: 0 | J48: 0 | K48: 0 | L48: 0 | M48: 0 | N48: 0 | O48: =SUM(C48:N48) -> 0
B49: Total Cap & Fin Expense | C49: =IF(COUNT(C43:C48),SUM(C43:C48),"") -> 0 | D49: =IF(COUNT(D43:D48),SUM(D43:D48),"") -> 0 | E49: =IF(COUNT(E43:E48),SUM(E43:E48),"") -> 0 | F49: =IF(COUNT(F43:F48),SUM(F43:F48),"") -> 0 | G49: =IF(COUNT(G43:G48),SUM(G43:G48),"") -> 0 | H49: =IF(COUNT(H43:H48),SUM(H43:H48),"") -> 0 | I49: =IF(COUNT(I43:I48),SUM(I43:I48),"") -> 0 | J49: =IF(COUNT(J43:J48),SUM(J43:J48),"") -> 0 | ... N49: =IF(COUNT(N43:N48),SUM(N43:N48),"") -> 0 | O49: =SUM(C49:N49) -> 0
B50: End Balance | C50: =SUM(C15-C39-C49) -> 63116 | D50: =SUM(D15-D39-D49) -> 63116 | E50: =SUM(E15-E39-E49) -> 63116 | F50: =SUM(F15-F39-F49) -> 63116 | G50: =SUM(G15-G39-G49) -> 63116 | H50: =SUM(H15-H39-H49) -> 63116 | I50: =SUM(I15-I39-I49) -> 63116 | J50: =SUM(J15-J39-J49) -> 63116 | ... N50: =SUM(N15-N39-N49) -> 63116
B52: NON CASH FLOW OPERATING INFORMATION
B53: Sales Volume | C53: =C14 -> 0 | D53: =D14 -> 0 | E53: =E14 -> 0 | F53: =F14 -> 0 | G53: =G14 -> 0 | H53: =H14 -> 0 | I53: =I14 -> 0 | J53: =J14 -> 0 | ... N53: =N14 -> 0 | O53: =SUM(C53:N53) -> 0
B54: Accounts Receivable | C54: 0 | D54: 0 | E54: 0 | F54: 0 | G54: 0 | H54: 0 | I54: 0 | J54: 0 | K54: 0 | L54: 0 | M54: 0 | N54: 0 | O54: =SUM(C54:N54) -> 0
B55: Bad Debt | C55: 0 | D55: 0 | E55: 0 | F55: 0 | G55: 0 | H55: 0 | I55: 0 | J55: 0 | K55: 0 | L55: 0 | M55: 0 | N55: 0 | O55: =SUM(C55:N55) -> 0
B56: Accounts Payable | C56: 0 | D56: 0 | E56: 0 | F56: 0 | G56: 0 | H56: 0 | I56: 0 | J56: 0 | K56: 0 | L56: 0 | M56: 0 | N56: 0 | O56: =SUM(C56:N56) -> 0
B57: Depreciation | C57: 0 | D57: 0 | E57: 0 | F57: 0 | G57: 0 | H57: 0 | I57: 0 | J57: 0 | K57: 0 | L57: 0 | M57: 0 | N57: 0 | O57: =SUM(C57:N57) -> 0

Sheet Cash Flow - Y3
B1: YEARLY CASH FLOW PROJECTION
B2: Business Name
B3: Year 3
C5: JANUARY | D5: FEBRUARY | E5: MARCH | F5: APRIL | G5: MAY | H5: JUNE | I5: JULY | J5: AUGUST | K5: SEPTEMBER | L5: OCTOBER | M5: NOVEMBER | N5: DECEMBER | O5: YTD
B6: CASH RECEIVED
B7: Beginning Cash Balance | C7: ='Cash Flow - Y2'!N50 -> 63116 | D7: =C50 -> 63116 | E7: =D50 -> 63116 | F7: =E50 -> 63116 | G7: =F50 -> 63116 | H7: =G50 -> 63116 | I7: =H50 -> 63116 | J7: =I50 -> 63116 | K7: =J50 -> 63116 | ... N7: =M50 -> 63116
B8: ='Cash Flow - Y2'!B8 -> 60% pay $10 | C8: =SUM('Cash Flow - Y2'!C8*1.05) -> 0 | D8: =SUM('Cash Flow - Y2'!D8*1.05) -> 0 | E8: =SUM('Cash Flow - Y2'!E8*1.05) -> 0 | F8: =SUM('Cash Flow - Y2'!F8*1.05) -> 0 | G8: =SUM('Cash Flow - Y2'!G8*1.05) -> 0 | H8: =SUM('Cash Flow - Y2'!H8*1.05) -> 0 | I8: =SUM('Cash Flow - Y2'!I8*1.05) -> 0 | J8: =SUM('Cash Flow - Y2'!J8*1.05) -> 0 | K8: =SUM('Cash Flow - Y2'!K8*1.08) -> 0 | L8: =SUM('Cash Flow - Y2'!L8*1.08) -> 0 | M8: =SUM('Cash Flow - Y2'!M8*1.08) -> 0 | N8: =SUM('Cash Flow - Y2'!N8*1.08) -> 0 | O8: =SUM(C8:N8) -> 0
B9: ='Cash Flow - Y2'!B9 -> 20% pay $5 | C9: =SUM('Cash Flow - Y2'!C9*1.05) -> 0 | D9: =SUM('Cash Flow - Y2'!D9*1.05) -> 0 | E9: =SUM('Cash Flow - Y2'!E9*1.05) -> 0 | F9: =SUM('Cash Flow - Y2'!F9*1.05) -> 0 | G9: =SUM('Cash Flow - Y2'!G9*1.05) -> 0 | H9: =SUM('Cash Flow - Y2'!H9*1.05) -> 0 | I9: =SUM('Cash Flow - Y2'!I9*1.05) -> 0 | J9: =SUM('Cash Flow - Y2'!J9*1.05) -> 0 | K9: =SUM('Cash Flow - Y2'!K9*1.08) -> 0 | L9: =SUM('Cash Flow - Y2'!L9*1.08) -> 0 | M9: =SUM('Cash Flow - Y2'!M9*1.08) -> 0 | N9: =SUM('Cash Flow - Y2'!N9*1.08) -> 0 | O9: =SUM(C9:N9) -> 0
B10: ='Cash Flow - Y2'!B10 -> 20% pay $20 | C10: =SUM('Cash Flow - Y2'!C10*1.05) -> 0 | D10: =SUM('Cash Flow - Y2'!D10*1.05) -> 0 | E10: =SUM('Cash Flow - Y2'!E10*1.05) -> 0 | F10: =SUM('Cash Flow - Y2'!F10*1.05) -> 0 | G10: =SUM('Cash Flow - Y2'!G10*1.05) -> 0 | H10: =SUM('Cash Flow - Y2'!H10*1.05) -> 0 | I10: =SUM('Cash Flow - Y2'!I10*1.05) -> 0 | J10: =SUM('Cash Flow - Y2'!J10*1.05) -> 0 | K10: =SUM('Cash Flow - Y2'!K10*1.08) -> 0 | L10: =SUM('Cash Flow - Y2'!L10*1.08) -> 0 | M10: =SUM('Cash Flow - Y2'!M10*1.08) -> 0 | N10: =SUM('Cash Flow - Y2'!N10*1.08) -> 0 | O10: =SUM(C10:N10) -> 0
B11: ='Cash Flow - Y2'!B11 | C11: =SUM('Cash Flow - Y2'!C11*1.05) -> 0 | D11: =SUM('Cash Flow - Y2'!D11*1.05) -> 0 | E11: =SUM('Cash Flow - Y2'!E11*1.05) -> 0 | F11: =SUM('Cash Flow - Y2'!F11*1.05) -> 0 | G11: =SUM('Cash Flow - Y2'!G11*1.05) -> 0 | H11: =SUM('Cash Flow - Y2'!H11*1.05) -> 0 | I11: =SUM('Cash Flow - Y2'!I11*1.05) -> 0 | J11: =SUM('Cash Flow - Y2'!J11*1.05) -> 0 | K11: =SUM('Cash Flow - Y2'!K11*1.08) -> 0 | L11: =SUM('Cash Flow - Y2'!L11*1.08) -> 0 | M11: =SUM('Cash Flow - Y2'!M11*1.08) -> 0 | N11: =SUM('Cash Flow - Y2'!N11*1.08) -> 0 | O11: =SUM(C11:N11) -> 0
B12: ='Cash Flow - Y2'!B12 -> Collections | C12: 0 | D12: 0 | E12: 0 | F12: 0 | G12: 0 | H12: 0 | I12: 0 | J12: 0 | K12: 0 | L12: 0 | M12: 0 | N12: 0 | O12: =SUM(C12:N12) -> 0
B13: ='Cash Flow - Y2'!B13 -> Loans | C13: 0 | D13: 0 | E13: 0 | F13: 0 | G13: 0 | H13: 0 | I13: 0 | J13: 0 | K13: 0 | L13: 0 | M13: 0 | N13: 0 | O13: =SUM(C13:N13) -> 0
B14: Total Cash Receipts | C14: =SUM(C8:C13) -> 0 | D14: =SUM(D8:D13) -> 0 | E14: =SUM(E8:E13) -> 0 | F14: =SUM(F8:F13) -> 0 | G14: =SUM(G8:G13) -> 0 | H14: =SUM(H8:H13) -> 0 | I14: =SUM(I8:I13) -> 0 | J14: =SUM(J8:J13) -> 0 | ... N14: =SUM(N8:N13) -> 0 | O14: =SUM(C14:N14) -> 0
B15: Total Cash Available | C15: =IF(COUNT(C7:C13),SUM(C7:C13),"") -> 63116 | D15: =IF(COUNT(D8:D13),SUM(D7:D13),"") -> 63116 | E15: =IF(COUNT(E8:E13),SUM(E7:E13),"") -> 63116 | F15: =IF(COUNT(F8:F13),SUM(F7:F13),"") -> 63116 | G15: =IF(COUNT(G8:G13),SUM(G7:G13),"") -> 63116 | H15: =IF(COUNT(H8:H13),SUM(H7:H13),"") -> 63116 | I15: =IF(COUNT(I8:I13),SUM(I7:I13),"") -> 63116 | J15: =IF(COUNT(J8:J13),SUM(J7:J13),"") -> 63116 | K15: =IF(COUNT(K8:K13),SUM(K7:K13),"") -> 63116 | ... N15: =IF(COUNT(N8:N13),SUM(N7:N13),"") -> 63116
B17: OPERATING EXPENSE
B18: Purchases | C18: =SUM('Cash Flow - Y2'!C18*1.05) -> 0 | D18: =SUM('Cash Flow - Y2'!D18*1.05) -> 0 | E18: =SUM('Cash Flow - Y2'!E18*1.05) -> 0 | F18: =SUM('Cash Flow - Y2'!F18*1.05) -> 0 | G18: =SUM('Cash Flow - Y2'!G18*1.05) -> 0 | H18: =SUM('Cash Flow - Y2'!H18*1.05) -> 0 | I18: =SUM('Cash Flow - Y2'!I18*1.05) -> 0 | J18: =SUM('Cash Flow - Y2'!J18*1.05) -> 0 | K18: ='Cash Flow - Y2'!K18*1.08 -> 0 | L18: ='Cash Flow - Y2'!L18*1.08 -> 0 | M18: ='Cash Flow - Y2'!M18*1.08 -> 0 | N18: ='Cash Flow - Y2'!N18*1.08 -> 0 | O18: =SUM(C18:N18) -> 0
B19: Salaries & Wages | C19: =SUM('Cash Flow - Y2'!C19*1.05) -> 0 | D19: =SUM('Cash Flow - Y2'!D19*1.05) -> 0 | E19: =SUM('Cash Flow - Y2'!E19*1.05) -> 0 | F19: =SUM('Cash Flow - Y2'!F19*1.05) -> 0 | G19: =SUM('Cash Flow - Y2'!G19*1.05) -> 0 | H19: =SUM('Cash Flow - Y2'!H19*1.05) -> 0 | I19: =SUM('Cash Flow - Y2'!I19*1.05) -> 0 | J19: =SUM('Cash Flow - Y2'!J19*1.05) -> 0 | K19: =SUM('Cash Flow - Y2'!K19*1.08) -> 0 | L19: =SUM('Cash Flow - Y2'!L19*1.08) -> 0 | M19: =SUM('Cash Flow - Y2'!M19*1.08) -> 0 | N19: =SUM('Cash Flow - Y2'!N19*1.08) -> 0 | O19: =SUM(C19:N19) -> 0
B20: Payroll Taxes | C20: =SUM('Cash Flow - Y2'!C20*1.05) -> 0 | D20: =SUM('Cash Flow - Y2'!D20*1.05) -> 0 | E20: =SUM('Cash Flow - Y2'!E20*1.05) -> 0 | F20: =SUM('Cash Flow - Y2'!F20*1.05) -> 0 | G20: =SUM('Cash Flow - Y2'!G20*1.05) -> 0 | H20: =SUM('Cash Flow - Y2'!H20*1.05) -> 0 | I20: =SUM('Cash Flow - Y2'!I20*1.05) -> 0 | J20: =SUM('Cash Flow - Y2'!J20*1.05) -> 0 | K20: =SUM('Cash Flow - Y2'!K20*1.08) -> 0 | L20: =SUM('Cash Flow - Y2'!L20*1.08) -> 0 | M20: =SUM('Cash Flow - Y2'!M20*1.08) -> 0 | N20: =SUM('Cash Flow - Y2'!N20*1.08) -> 0 | O20: =SUM(C20:N20) -> 0
B21: Outside Services (Fees) | C21: 0 | D21: 0 | E21: 0 | F21: 0 | G21: 0 | H21: 0 | I21: 0 | J21: 0 | K21: 0 | L21: 0 | M21: 0 | N21: 0 | O21: =SUM(C21:N21) -> 0
B22: Supplies (Office & Operating) | C22: 0 | D22: 0 | E22: 0 | F22: 0 | G22: 0 | H22: 0 | I22: 0 | J22: 0 | K22: 0 | L22: 0 | M22: 0 | N22: 0 | O22: =SUM(C22:N22) -> 0
B23: Repairs and Maintenance | C23: 0 | D23: 0 | E23: 0 | F23: 0 | G23: 0 | H23: 0 | I23: 0 | J23: 0 | K23: 0 | L23: 0 | M23: 0 | N23: 0 | O23: =SUM(C23:N23) -> 0
B24: Advertising & Merchandise | C24: 0 | D24: 0 | E24: 0 | F24: 0 | G24: 0 | H24: 0 | I24: 0 | J24: 0 | K24: 0 | L24: 0 | M24: 0 | N24: 0 | O24: =SUM(C24:N24) -> 0
B25: Signage | C25: 0 | D25: 0 | E25: 0 | F25: 0 | G25: 0 | H25: 0 | I25: 0 | J25: 0 | K25: 0 | L25: 0 | M25: 0 | N25: 0 | O25: =SUM(C25:N25) -> 0
B26: Printing | C26: 0 | D26: 0 | E26: 0 | F26: 0 | G26: 0 | H26: 0 | I26: 0 | J26: 0 | K26: 0 | L26: 0 | M26: 0 | N26: 0 | O26: =SUM(C26:N26) -> 0
B27: Transportation | C27: 0 | D27: 0 | E27: 0 | F27: 0 | G27: 0 | H27: 0 | I27: 0 | J27: 0 | K27: 0 | L27: 0 | M27: 0 | N27: 0 | O27: =SUM(C27:N27) -> 0
B28: Legal & Accounting Fees | C28: 0 | D28: 0 | E28: 0 | F28: 0 | G28: 0 | H28: 0 | I28: 0 | J28: 0 | K28: 0 | L28: 0 | M28: 0 | N28: 0 | O28: =SUM(C28:N28) -> 0
B29: Creative Service Fees | C29: 0 | D29: 0 | E29: 0 | F29: 0 | G29: 0 | H29: 0 | I29: 0 | J29: 0 | K29: 0 | L29: 0 | M29: 0 | N29: 0 | O29: =SUM(C29:N29) -> 0
B30: Rent | C30: 0 | D30: 0 | E30: 0 | F30: 0 | G30: 0 | H30: 0 | I30: 0 | J30: 0 | K30: 0 | L30: 0 | M30: 0 | N30: 0 | O30: =SUM(C30:N30) -> 0
B31: Telephone | C31: 0 | D31: 0 | E31: 0 | F31: 0 | G31: 0 | H31: 0 | I31: 0 | J31: 0 | K31: 0 | L31: 0 | M31: 0 | N31: 0 | O31: =SUM(C31:N31) -> 0
B32: Internet | C32: 0 | D32: 0 | E32: 0 | F32: 0 | G32: 0 | H32: 0 | I32: 0 | J32: 0 | K32: 0 | L32: 0 | M32: 0 | N32: 0 | O32: =SUM(C32:N32) -> 0
... B38: Other Expenses | C38: 0 | D38: 0 | E38: 0 | F38: 0 | G38: 0 | H38: 0 | I38: 0 | J38: 0 | K38: 0 | L38: 0 | M38: 0 | N38: 0 | O38: =SUM(C38:N38) -> 0
B39: Total Operating Expense | C39: =IF(COUNT(C18:C38),SUM(C18:C38),"") -> 0 | D39: =IF(COUNT(D18:D38),SUM(D18:D38),"") -> 0 | E39: =IF(COUNT(E18:E38),SUM(E18:E38),"") -> 0 | F39: =IF(COUNT(F18:F38),SUM(F18:F38),"") -> 0 | G39: =IF(COUNT(G18:G38),SUM(G18:G38),"") -> 0 | H39: =IF(COUNT(H18:H38),SUM(H18:H38),"") -> 0 | I39: =IF(COUNT(I18:I38),SUM(I18:I38),"") -> 0 | J39: =IF(COUNT(J18:J38),SUM(J18:J38),"") -> 0 | ... N39: =IF(COUNT(N18:N38),SUM(N18:N38),"") -> 0 | O39: =SUM(C39:N39) -> 0
B40: Balance Before Financing | C40: =SUM(C15-C39) -> 63116 | D40: =SUM(D15-D39) -> 63116 | E40: =SUM(E15-E39) -> 63116 | F40: =SUM(F15-F39) -> 63116 | G40: =SUM(G15-G39) -> 63116 | H40: =SUM(H15-H39) -> 63116 | I40: =SUM(I15-I39) -> 63116 | J40: =SUM(J15-J39) -> 63116 | ... N40: =SUM(N15-N39) -> 63116
B42: CAPITAL & FINANCE EXPENSE
B43: Loan Principal Paid | C43: 0 | D43: 0 | E43: 0 | F43: 0 | G43: 0 | H43: 0 | I43: 0 | J43: 0 | K43: 0 | L43: 0 | M43: 0 | N43: 0 | O43: =SUM(C43:N43) -> 0
B44: Loan Interest Paid | C44: 0 | D44: 0 | E44: 0 | F44: 0 | G44: 0 | H44: 0 | I44: 0 | J44: 0 | K44: 0 | L44: 0 | M44: 0 | N44: 0 | O44: =SUM(C44:N44) -> 0
B45: Capital Purchases | C45: 0 | D45: 0 | E45: 0 | F45: 0 | G45: 0 | H45: 0 | I45: 0 | J45: 0 | K45: 0 | L45: 0 | M45: 0 | N45: 0 | O45: =SUM(C45:N45) -> 0
B46: Other Startup | C46: 0 | D46: 0 | E46: 0 | F46: 0 | G46: 0 | H46: 0 | I46: 0 | J46: 0 | K46: 0 | L46: 0 | M46: 0 | N46: 0 | O46: =SUM(C46:N46) -> 0
B47: Reserve/Escrow | C47: 0 | D47: 0 | E47: 0 | F47: 0 | G47: 0 | H47: 0 | I47: 0 | J47: 0 | K47: 0 | L47: 0 | M47: 0 | N47: 0 | O47: =SUM(C47:N47) -> 0
B48: Owner's Withdrawal | C48: 0 | D48: 0 | E48: 0 | F48: 0 | G48: 0 | H48: 0 | I48: 0 | J48: 0 | K48: 0 | L48: 0 | M48: 0 | N48: 0 | O48: =SUM(C48:N48) -> 0
B49: Total Cap & Fin Expense | C49: =IF(COUNT(C43:C48),SUM(C43:C48),"") -> 0 | D49: =IF(COUNT(D43:D48),SUM(D43:D48),"") -> 0 | E49: =IF(COUNT(E43:E48),SUM(E43:E48),"") -> 0 | F49: =IF(COUNT(F43:F48),SUM(F43:F48),"") -> 0 | G49: =IF(COUNT(G43:G48),SUM(G43:G48),"") -> 0 | H49: =IF(COUNT(H43:H48),SUM(H43:H48),"") -> 0 | I49: =IF(COUNT(I43:I48),SUM(I43:I48),"") -> 0 | J49: =IF(COUNT(J43:J48),SUM(J43:J48),"") -> 0 | ... N49: =IF(COUNT(N43:N48),SUM(N43:N48),"") -> 0 | O49: =SUM(C49:N49) -> 0
B50: End Balance | C50: =SUM(C15-C39-C49) -> 63116 | D50: =SUM(D15-D39-D49) -> 63116 | E50: =SUM(E15-E39-E49) -> 63116 | F50: =SUM(F15-F39-F49) -> 63116 | G50: =SUM(G15-G39-G49) -> 63116 | H50: =SUM(H15-H39-H49) -> 63116 | I50: =SUM(I15-I39-I49) -> 63116 | J50: =SUM(J15-J39-J49) -> 63116 | ... N50: =SUM(N15-N39-N49) -> 63116
B52: NON CASH FLOW OPERATING INFORMATION
B53: Sales Volume | C53: =C14 -> 0 | D53: =D14 -> 0 | E53: =E14 -> 0 | F53: =F14 -> 0 | G53: =G14 -> 0 | H53: =H14 -> 0 | I53: =I14 -> 0 | J53: =J14 -> 0 | ... N53: =N14 -> 0 | O53: =SUM(C53:N53) -> 0
B54: Accounts Receivable | C54: 0 | D54: 0 | E54: 0 | F54: 0 | G54: 0 | H54: 0 | I54: 0 | J54: 0 | K54: 0 | L54: 0 | M54: 0 | N54: 0 | O54: =SUM(C54:N54) -> 0
B55: Bad Debt | C55: 0 | D55: 0 | E55: 0 | F55: 0 | G55: 0 | H55: 0 | I55: 0 | J55: 0 | K55: 0 | L55: 0 | M55: 0 | N55: 0 | O55: =SUM(C55:N55) -> 0
B56: Accounts Payable | C56: 0 | D56: 0 | E56: 0 | F56: 0 | G56: 0 | H56: 0 | I56: 0 | J56: 0 | K56: 0 | L56: 0 | M56: 0 | N56: 0 | O56: =SUM(C56:N56) -> 0
B57: Depreciation | C57: 0 | D57: 0 | E57: 0 | F57: 0 | G57: 0 | H57: 0 | I57: 0 | J57: 0 | K57: 0 | L57: 0 | M57: 0 | N57: 0 | O57: =SUM(C57:N57) -> 0

Sheet P&L - Y1
A1: TWELVE MONTH PROFIT & LOSS PROJECTION
J2: Business Name | Q2: Fiscal Year Begins | R2: Year 1
C4: IND. % | D4: Jan | E4: % | F4: Feb | G4: % | H4: Mar | I4: % | J4: Apr | K4: % | L4: May | M4: % | N4: Jun | O4: % | P4: July | Q4: % | R4: Aug | S4: % | T4: Sept | U4: % | V4: Oct | W4: % | X4: Nov | Y4: % | Z4: Dec | AA4: % | AB4: YEARLY | AC4: %
B5: Revenue (Sales)
B6: ='Cash Flow - Y1'!B8 -> 60% pay $10 | D6: ='Cash Flow - Y1'!D8 -> 6600 | E6: =IF($D$14=0,"-",(D6*100)/$D$14) -> 54.545455 | F6: ='Cash Flow - Y1'!E8 -> 6600 | G6: =IF(F$14=0,"-",(F6*100)/F$14) -> 54.545455 | H6: ='Cash Flow - Y1'!F8 -> 7920 | I6: =IF(H$14=0,"-",(H6*100)/H$14) -> 54.545455 | J6: ='Cash Flow - Y1'!G8 -> 6600 | K6: =IF(J$14=0,"-",(J6*100)/J$14) -> 54.545455 | L6: ='Cash Flow - Y1'!H8 -> 7920 | M6: =IF(L$14=0,"-",(L6*100)/L$14) -> 54.545455 | N6: ='Cash Flow - Y1'!I8 -> 7920 | O6: =IF(N$14=0,"-",(N6*100)/N$14) -> 54.545455 | P6: ='Cash Flow - Y1'!J8 -> 7920 | Q6: =IF(P$14=0,"-",(P6*100)/P$14) -> 54.545455 | R6: ='Cash Flow - Y1'!K8 -> 7920 | S6: =IF(R$14=0,"-",(R6*100)/R$14) -> 54.545455 | T6: ='Cash Flow - Y1'!L8 -> 6600 | U6: =IF(T$14=0,"-",(T6*100)/T$14) -> 54.545455 | V6: ='Cash Flow - Y1'!M8 -> 6600 | W6: =IF(V$14=0,"-",(V6*100)/V$14) -> 54.545455 | X6: ='Cash Flow - Y1'!N8 -> 7920 | Y6: =IF(X$14=0,"-",(X6*100)/X$14) -> 54.545455 | Z6: ='Cash Flow - Y1'!O8 -> 7920 | AA6: =IF(Z$14=0,"-",(Z6*100)/Z$14) -> 54.545455 | AB6: =SUM(D6+F6+H6+J6+L6+N6+P6+R6+T6+V6+X6+Z6) -> 88440 | AC6: =IF(AB$14=0,"-",(AB6*100)/AB$14) -> 54.545455
B7: ='Cash Flow - Y1'!B9 -> 20% pay $5 | D7: ='Cash Flow - Y1'!D9 -> 1100 | E7: =IF($D$14=0,"-",(D7*100)/$D$14) -> 9.0909091 | F7: ='Cash Flow - Y1'!E9 -> 1100 | G7: =IF(F$14=0,"-",(F7*100)/F$14) -> 9.0909091 | H7: ='Cash Flow - Y1'!F9 -> 1320 | I7: =IF(H$14=0,"-",(H7*100)/H$14) -> 9.0909091 | J7: ='Cash Flow - Y1'!G9 -> 1100 | K7: =IF(J$14=0,"-",(J7*100)/J$14) -> 9.0909091 | L7: ='Cash Flow - Y1'!H9 -> 1320 | M7: =IF(L$14=0,"-",(L7*100)/L$14) -> 9.0909091 | N7: ='Cash Flow - Y1'!I9 -> 1320 | O7: =IF(N$14=0,"-",(N7*100)/N$14) -> 9.0909091 | P7: ='Cash Flow - Y1'!J9 -> 1320 | Q7: =IF(P$14=0,"-",(P7*100)/P$14) -> 9.0909091 | R7: ='Cash Flow - Y1'!K9 -> 1320 | S7: =IF(R$14=0,"-",(R7*100)/R$14) -> 9.0909091 | T7: ='Cash Flow - Y1'!L9 -> 1100 | U7: =IF(T$14=0,"-",(T7*100)/T$14) -> 9.0909091 | V7: ='Cash Flow - Y1'!M9 -> 1100 | W7: =IF(V$14=0,"-",(V7*100)/V$14) -> 9.0909091 | X7: ='Cash Flow - Y1'!N9 -> 1320 | Y7: =IF(X$14=0,"-",(X7*100)/X$14) -> 9.0909091 | Z7: ='Cash Flow - Y1'!O9 -> 1320 | AA7: =IF(Z$14=0,"-",(Z7*100)/Z$14) -> 9.0909091 | AB7: =SUM(D7+F7+H7+J7+L7+N7+P7+R7+T7+V7+X7+Z7) -> 14740 | AC7: =IF(AB$14=0,"-",(AB7*100)/AB$14) -> 9.0909091
B8: ='Cash Flow - Y1'!B10 -> 20% pay $20 | D8: ='Cash Flow - Y1'!D10 -> 4400 | E8: =IF($D$14=0,"-",(D8*100)/$D$14) -> 36.363636 | F8: ='Cash Flow - Y1'!E10 -> 4400 | G8: =IF(F$14=0,"-",(F8*100)/F$14) -> 36.363636 | H8: ='Cash Flow - Y1'!F10 -> 5280 | I8: =IF(H$14=0,"-",(H8*100)/H$14) -> 36.363636 | J8: ='Cash Flow - Y1'!G10 -> 4400 | K8: =IF(J$14=0,"-",(J8*100)/J$14) -> 36.363636 | L8: ='Cash Flow - Y1'!H10 -> 5280 | M8: =IF(L$14=0,"-",(L8*100)/L$14) -> 36.363636 | N8: ='Cash Flow - Y1'!I10 -> 5280 | O8: =IF(N$14=0,"-",(N8*100)/N$14) -> 36.363636 | P8: ='Cash Flow - Y1'!J10 -> 5280 | Q8: =IF(P$14=0,"-",(P8*100)/P$14) -> 36.363636 | R8: ='Cash Flow - Y1'!K10 -> 5280 | S8: =IF(R$14=0,"-",(R8*100)/R$14) -> 36.363636 | T8: ='Cash Flow - Y1'!L10 -> 4400 | U8: =IF(T$14=0,"-",(T8*100)/T$14) -> 36.363636 | V8: ='Cash Flow - Y1'!M10 -> 4400 | W8: =IF(V$14=0,"-",(V8*100)/V$14) -> 36.363636 | X8: ='Cash Flow - Y1'!N10 -> 5280 | Y8: =IF(X$14=0,"-",(X8*100)/X$14) -> 36.363636 | Z8: ='Cash Flow - Y1'!O10 -> 5280 | AA8: =IF(Z$14=0,"-",(Z8*100)/Z$14) -> 36.363636 | AB8: =SUM(D8+F8+H8+J8+L8+N8+P8+R8+T8+V8+X8+Z8) -> 58960 | AC8: =IF(AB$14=0,"-",(AB8*100)/AB$14) -> 36.363636
B9: ='Cash Flow - Y1'!B11 | D9: ='Cash Flow - Y1'!D11 -> 0 | E9: =IF($D$14=0,"-",(D9*100)/$D$14) -> 0 | F9: ='Cash Flow - Y1'!E11 -> 0 | G9: =IF(F$14=0,"-",(F9*100)/F$14) -> 0 | H9: ='Cash Flow - Y1'!F11 -> 0 | I9: =IF(H$14=0,"-",(H9*100)/H$14) -> 0 | J9: ='Cash Flow - Y1'!G11 -> 0 | K9: =IF(J$14=0,"-",(J9*100)/J$14) -> 0 | L9: ='Cash Flow - Y1'!H11 -> 0 | M9: =IF(L$14=0,"-",(L9*100)/L$14) -> 0 | N9: ='Cash Flow - Y1'!I11 -> 0 | O9: =IF(N$14=0,"-",(N9*100)/N$14) -> 0 | P9: ='Cash Flow - Y1'!J11 -> 0 | Q9: =IF(P$14=0,"-",(P9*100)/P$14) -> 0 | R9: ='Cash Flow - Y1'!K11 -> 0 | S9: =IF(R$14=0,"-",(R9*100)/R$14) -> 0 | T9: ='Cash Flow - Y1'!L11 -> 0 | U9: =IF(T$14=0,"-",(T9*100)/T$14) -> 0 | V9: ='Cash Flow - Y1'!M11 -> 0 | W9: =IF(V$14=0,"-",(V9*100)/V$14) -> 0 | X9: ='Cash Flow - Y1'!N11 -> 0 | Y9: =IF(X$14=0,"-",(X9*100)/X$14) -> 0 | Z9: ='Cash Flow - Y1'!O11 -> 0 | AA9: =IF(Z$14=0,"-",(Z9*100)/Z$14) -> 0 | AB9: =SUM(D9+F9+H9+J9+L9+N9+P9+R9+T9+V9+X9+Z9) -> 0 | AC9: =IF(AB$14=0,"-",(AB9*100)/AB$14) -> 0
B10: Other | E10: =IF($D$14=0,"-",(D10*100)/$D$14) -> 0 | G10: =IF(F$14=0,"-",(F10*100)/F$14) -> 0 | I10: =IF(H$14=0,"-",(H10*100)/H$14) -> 0 | K10: =IF(J$14=0,"-",(J10*100)/J$14) -> 0 | M10: =IF(L$14=0,"-",(L10*100)/L$14) -> 0 | O10: =IF(N$14=0,"-",(N10*100)/N$14) -> 0 | Q10: =IF(P$14=0,"-",(P10*100)/P$14) -> 0 | S10: =IF(R$14=0,"-",(R10*100)/R$14) -> 0 | U10: =IF(T$14=0,"-",(T10*100)/T$14) -> 0 | W10: =IF(V$14=0,"-",(V10*100)/V$14) -> 0 | Y10: =IF(X$14=0,"-",(X10*100)/X$14) -> 0 | AA10: =IF(Z$14=0,"-",(Z10*100)/Z$14) -> 0 | AC10: =IF(AB$14=0,"-",(AB10*100)/AB$14) -> 0
B11: Category 5 | E11: =IF($D$14=0,"-",(D11*100)/$D$14) -> 0 | G11: =IF(F$14=0,"-",(F11*100)/F$14) -> 0 | I11: =IF(H$14=0,"-",(H11*100)/H$14) -> 0 | K11: =IF(J$14=0,"-",(J11*100)/J$14) -> 0 | M11: =IF(L$14=0,"-",(L11*100)/L$14) -> 0 | O11: =IF(N$14=0,"-",(N11*100)/N$14) -> 0 | Q11: =IF(P$14=0,"-",(P11*100)/P$14) -> 0 | S11: =IF(R$14=0,"-",(R11*100)/R$14) -> 0 | U11: =IF(T$14=0,"-",(T11*100)/T$14) -> 0 | W11: =IF(V$14=0,"-",(V11*100)/V$14) -> 0 | Y11: =IF(X$14=0,"-",(X11*100)/X$14) -> 0 | AA11: =IF(Z$14=0,"-",(Z11*100)/Z$14) -> 0 | AC11: =IF(AB$14=0,"-",(AB11*100)/AB$14) -> 0
B12: Category 6 | E12: =IF($D$14=0,"-",(D12*100)/$D$14) -> 0 | G12: =IF(F$14=0,"-",(F12*100)/F$14) -> 0 | I12: =IF(H$14=0,"-",(H12*100)/H$14) -> 0 | K12: =IF(J$14=0,"-",(J12*100)/J$14) -> 0 | M12: =IF(L$14=0,"-",(L12*100)/L$14) -> 0 | O12: =IF(N$14=0,"-",(N12*100)/N$14) -> 0 | Q12: =IF(P$14=0,"-",(P12*100)/P$14) -> 0 | S12: =IF(R$14=0,"-",(R12*100)/R$14) -> 0 | U12: =IF(T$14=0,"-",(T12*100)/T$14) -> 0 | W12: =IF(V$14=0,"-",(V12*100)/V$14) -> 0 | Y12: =IF(X$14=0,"-",(X12*100)/X$14) -> 0 | AA12: =IF(Z$14=0,"-",(Z12*100)/Z$14) -> 0 | AC12: =IF(AB$14=0,"-",(AB12*100)/AB$14) -> 0
B13: Category 7 | E13: =IF($D$14=0,"-",(D13*100)/$D$14) -> 0 | G13: =IF(F$14=0,"-",(F13*100)/F$14) -> 0 | I13: =IF(H$14=0,"-",(H13*100)/H$14) -> 0 | K13: =IF(J$14=0,"-",(J13*100)/J$14) -> 0 | M13: =IF(L$14=0,"-",(L13*100)/L$14) -> 0 | O13: =IF(N$14=0,"-",(N13*100)/N$14) -> 0 | Q13: =IF(P$14=0,"-",(P13*100)/P$14) -> 0 | S13: =IF(R$14=0,"-",(R13*100)/R$14) -> 0 | U13: =IF(T$14=0,"-",(T13*100)/T$14) -> 0 | W13: =IF(V$14=0,"-",(V13*100)/V$14) -> 0 | Y13: =IF(X$14=0,"-",(X13*100)/X$14) -> 0 | AA13: =IF(Z$14=0,"-",(Z13*100)/Z$14) -> 0 | AC13: =IF(AB$14=0,"-",(AB13*100)/AB$14) -> 0
B14: Total Revenue (Sales) | D14: =SUM(D6:D13) -> 12100 | E14: =SUM(E6:E13) -> 100 | F14: =SUM(F6:F13) -> 12100 | G14: =SUM(G6:G13) -> 100 | H14: =SUM(H6:H13) -> 14520 | I14: =SUM(I6:I13) -> 100 | J14: =SUM(J6:J13) -> 12100 | K14: =SUM(K6:K13) -> 100 | ... AC14: =SUM(AC6:AC13) -> 100
B16: Cost of Sales
B17: Food Vendors | D17: 0 | E17: =IF(D6=0,"-",(D17*100)/D6) -> 0 | F17: 0 | G17: =IF(F6=0,"-",(F17*100)/F6) -> 0 | H17: 0 | I17: =IF(H6=0,"-",(H17*100)/H6) -> 0 | J17: 0 | K17: =IF(J6=0,"-",(J17*100)/J6) -> 0 | L17: 0 | M17: =IF(L6=0,"-",(L17*100)/L6) -> 0 | N17: 0 | O17: =IF(N6=0,"-",(N17*100)/N6) -> 0 | P17: 0 | Q17: =IF(P6=0,"-",(P17*100)/P6) -> 0 | R17: 0 | S17: =IF(R6=0,"-",(R17*100)/R6) -> 0 | T17: 0 | U17: =IF(T6=0,"-",(T17*100)/T6) -> 0 | V17: 0 | W17: =IF(V6=0,"-",(V17*100)/V6) -> 0 | X17: 0 | Y17: =IF(X6=0,"-",(X17*100)/X6) -> 0 | Z17: 0 | AA17: =IF(Z6=0,"-",(Z17*100)/Z6) -> 0 | AB17: =SUM(D17+F17+H17+J17+L17+N17+P17+R17+T17+V17+X17+Z17) -> 0 | AC17: =IF(AB6=0,"-",(AB17*100)/AB6) -> 0
B18: Non Food Vendors | D18: 0 | E18: =IF(D7=0,"-",(D18*100)/D7) -> 0 | G18: =IF(F7=0,"-",(F18*100)/F7) -> 0 | H18: 0 | I18: =IF(H7=0,"-",(H18*100)/H7) -> 0 | J18: 0 | K18: =IF(J7=0,"-",(J18*100)/J7) -> 0 | L18: 0 | M18: =IF(L7=0,"-",(L18*100)/L7) -> 0 | N18: 0 | O18: =IF(N7=0,"-",(N18*100)/N7) -> 0 | P18: 0 | Q18: =IF(P7=0,"-",(P18*100)/P7) -> 0 | R18: 0 | S18: =IF(R7=0,"-",(R18*100)/R7) -> 0 | T18: 0 | U18: =IF(T7=0,"-",(T18*100)/T7) -> 0 | V18: 0 | W18: =IF(V7=0,"-",(V18*100)/V7) -> 0 | X18: 0 | Y18: =IF(X7=0,"-",(X18*100)/X7) -> 0 | Z18: 0 | AA18: =IF(Z7=0,"-",(Z18*100)/Z7) -> 0 | AB18: =SUM(D18+F18+H18+J18+L18+N18+P18+R18+T18+V18+X18+Z18) -> 0 | AC18: =IF(AB7=0,"-",(AB18*100)/AB7) -> 0
B19: European Imports Ltd | E19: =IF(D8=0,"-",(D19*100)/D8) -> 0 | G19: =IF(F8=0,"-",(F19*100)/F8) -> 0 | I19: =IF(H8=0,"-",(H19*100)/H8) -> 0 | K19: =IF(J8=0,"-",(J19*100)/J8) -> 0 | M19: =IF(L8=0,"-",(L19*100)/L8) -> 0 | O19: =IF(N8=0,"-",(N19*100)/N8) -> 0 | Q19: =IF(P8=0,"-",(P19*100)/P8) -> 0 | S19: =IF(R8=0,"-",(R19*100)/R8) -> 0 | U19: =IF(T8=0,"-",(T19*100)/T8) -> 0 | W19: =IF(V8=0,"-",(V19*100)/V8) -> 0 | Y19: =IF(X8=0,"-",(X19*100)/X8) -> 0 | AA19: =IF(Z8=0,"-",(Z19*100)/Z8) -> 0 | AB19: =SUM(D19+F19+H19+J19+L19+N19+P19+R19+T19+V19+X19+Z19) -> 0 | AC19: =IF(AB8=0,"-",(AB19*100)/AB8) -> 0
B20: Swiss Chalet | E20: =IF(D9=0,"-",(D20*100)/D9) -> - | G20: =IF(F9=0,"-",(F20*100)/F9) -> - | I20: =IF(H9=0,"-",(H20*100)/H9) -> - | K20: =IF(J9=0,"-",(J20*100)/J9) -> - | M20: =IF(L9=0,"-",(L20*100)/L9) -> - | O20: =IF(N9=0,"-",(N20*100)/N9) -> - | Q20: =IF(P9=0,"-",(P20*100)/P9) -> - | S20: =IF(R9=0,"-",(R20*100)/R9) -> - | U20: =IF(T9=0,"-",(T20*100)/T9) -> - | W20: =IF(V9=0,"-",(V20*100)/V9) -> - | Y20: =IF(X9=0,"-",(X20*100)/X9) -> - | AA20: =IF(Z9=0,"-",(Z20*100)/Z9) -> - | AB20: =SUM(D20+F20+H20+J20+L20+N20+P20+R20+T20+V20+X20+Z20) -> 0 | AC20: =IF(AB9=0,"-",(AB20*100)/AB9) -> -
B21: Pacific Gourmet | E21: =IF(D10=0,"-",(D21*100)/D10) -> - | G21: =IF(F10=0,"-",(F21*100)/F10) -> - | I21: =IF(H10=0,"-",(H21*100)/H10) -> - | K21: =IF(J10=0,"-",(J21*100)/J10) -> - | M21: =IF(L10=0,"-",(L21*100)/L10) -> - | O21: =IF(N10=0,"-",(N21*100)/N10) -> - | Q21: =IF(P10=0,"-",(P21*100)/P10) -> - | S21: =IF(R10=0,"-",(R21*100)/R10) -> - | U21: =IF(T10=0,"-",(T21*100)/T10) -> - | W21: =IF(V10=0,"-",(V21*100)/V10) -> - | Y21: =IF(X10=0,"-",(X21*100)/X10) -> - | AA21: =IF(Z10=0,"-",(Z21*100)/Z10) -> - | AB21: =SUM(D21+F21+H21+J21+L21+N21+P21+R21+T21+V21+X21+Z21) -> 0 | AC21: =IF(AB10=0,"-",(AB21*100)/AB10) -> -
B22: Other | E22: =IF(D11=0,"-",(D22*100)/D11) -> - | G22: =IF(F11=0,"-",(F22*100)/F11) -> - | I22: =IF(H11=0,"-",(H22*100)/H11) -> - | K22: =IF(J11=0,"-",(J22*100)/J11) -> - | M22: =IF(L11=0,"-",(L22*100)/L11) -> - | O22: =IF(N11=0,"-",(N22*100)/N11) -> - | Q22: =IF(P11=0,"-",(P22*100)/P11) -> - | S22: =IF(R11=0,"-",(R22*100)/R11) -> - | U22: =IF(T11=0,"-",(T22*100)/T11) -> - | W22: =IF(V11=0,"-",(V22*100)/V11) -> - | Y22: =IF(X11=0,"-",(X22*100)/X11) -> - | AA22: =IF(Z11=0,"-",(Z22*100)/Z11) -> - | AB22: =SUM(D22+F22+H22+J22+L22+N22+P22+R22+T22+V22+X22+Z22) -> 0 | AC22: =IF(AB11=0,"-",(AB22*100)/AB11) -> -
B23: BRP Box Shop | E23: =IF(D12=0,"-",(D23*100)/D12) -> - | G23: =IF(F12=0,"-",(F23*100)/F12) -> - | I23: =IF(H12=0,"-",(H23*100)/H12) -> - | K23: =IF(J12=0,"-",(J23*100)/J12) -> - | M23: =IF(L12=0,"-",(L23*100)/L12) -> - | O23: =IF(N12=0,"-",(N23*100)/N12) -> - | Q23: =IF(P12=0,"-",(P23*100)/P12) -> - | S23: =IF(R12=0,"-",(R23*100)/R12) -> - | U23: =IF(T12=0,"-",(T23*100)/T12) -> - | W23: =IF(V12=0,"-",(V23*100)/V12) -> - | Y23: =IF(X12=0,"-",(X23*100)/X12) -> - | AA23: =IF(Z12=0,"-",(Z23*100)/Z12) -> - | AB23: =SUM(D23+F23+H23+J23+L23+N23+P23+R23+T23+V23+X23+Z23) -> 0 | AC23: =IF(AB12=0,"-",(AB23*100)/AB12) -> -
B24: Carolina Retail Packaging | E24: =IF(D13=0,"-",(D24*100)/D13) -> - | G24: =IF(F13=0,"-",(F24*100)/F13) -> - | I24: =IF(H13=0,"-",(H24*100)/H13) -> - | K24: =IF(J13=0,"-",(J24*100)/J13) -> - | M24: =IF(L13=0,"-",(L24*100)/L13) -> - | O24: =IF(N13=0,"-",(N24*100)/N13) -> - | Q24: =IF(P13=0,"-",(P24*100)/P13) -> - | S24: =IF(R13=0,"-",(R24*100)/R13) -> - | U24: =IF(T13=0,"-",(T24*100)/T13) -> - | W24: =IF(V13=0,"-",(V24*100)/V13) -> - | Y24: =IF(X13=0,"-",(X24*100)/X13) -> - | AA24: =IF(Z13=0,"-",(Z24*100)/Z13) -> - | AB24: =SUM(D24+F24+H24+J24+L24+N24+P24+R24+T24+V24+X24+Z24) -> 0 | AC24: =IF(AB13=0,"-",(AB24*100)/AB13) -> -
B25: Nashville Wraps | E25: =IF(D14=0,"-",(D25*100)/D14) -> 0 | G25: =IF(F14=0,"-",(F25*100)/F14) -> 0 | I25: =IF(H14=0,"-",(H25*100)/H14) -> 0 | K25: =IF(J14=0,"-",(J25*100)/J14) -> 0 | M25: =IF(L14=0,"-",(L25*100)/L14) -> 0 | O25: =IF(N14=0,"-",(N25*100)/N14) -> 0 | Q25: =IF(P14=0,"-",(P25*100)/P14) -> 0 | S25: =IF(R14=0,"-",(R25*100)/R14) -> 0 | U25: =IF(T14=0,"-",(T25*100)/T14) -> 0 | W25: =IF(V14=0,"-",(V25*100)/V14) -> 0 | Y25: =IF(X14=0,"-",(X25*100)/X14) -> 0 | AA25: =IF(Z14=0,"-",(Z25*100)/Z14) -> 0 | AB25: =SUM(D25+F25+H25+J25+L25+N25+P25+R25+T25+V25+X25+Z25) -> 0 | AC25: =IF(AB14=0,"-",(AB25*100)/AB14) -> 0
B26: Payroll Expenses | D26: 0 | E26: ='Cash Flow - Y1'!#REF! -> #REF! | F26: 0 | G26: ='Cash Flow - Y1'!G20+'Cash Flow - Y1'!G19 -> 4567 | H26: 0 | I26: ='Cash Flow - Y1'!I20+'Cash Flow - Y1'!I19 -> 4567 | J26: 0 | K26: ='Cash Flow - Y1'!K20+'Cash Flow - Y1'!K19 -> 4567 | L26: 0 | M26: ='Cash Flow - Y1'!M20+'Cash Flow - Y1'!M19 -> 4567 | N26: 0 | O26: ='Cash Flow - Y1'!O20+'Cash Flow - Y1'!O19 -> 4567 | P26: 0 | Q26: ='Cash Flow - Y1'!Q20+'Cash Flow - Y1'!Q19 -> 0 | R26: 0 | S26: ='Cash Flow - Y1'!S20+'Cash Flow - Y1'!S19 -> 0 | T26: ='Cash Flow - Y1'!T20+'Cash Flow - Y1'!T19 -> 0 | U26: ='Cash Flow - Y1'!U20+'Cash Flow - Y1'!U19 -> 0 | V26: ='Cash Flow - Y1'!V20+'Cash Flow - Y1'!V19 -> 0 | W26: ='Cash Flow - Y1'!W20+'Cash Flow - Y1'!W19 -> 0 | X26: ='Cash Flow - Y1'!X20+'Cash Flow - Y1'!X19 -> 0 | Y26: ='Cash Flow - Y1'!Y20+'Cash Flow - Y1'!Y19 -> 0 | Z26: ='Cash Flow - Y1'!Z20+'Cash Flow - Y1'!Z19 -> 0 | AA26: =IF(Z15=0,"-",(Z26*100)/Z15) -> - | AB26: =SUM(D26+F26+H26+J26+L26+N26+P26+R26+T26+V26+X26+Z26) -> 0 | AC26: =IF(AB15=0,"-",(AB26*100)/AB15) -> -
B27: Payroll Taxes | D27: ='Cash Flow - Y1'!D20 -> 0 | E27: =IF(D16=0,"-",(D27*100)/D16) -> - | F27: ='Cash Flow - Y1'!F20 -> 0 | G27: ='Cash Flow - Y1'!G20 -> 0 | H27: ='Cash Flow - Y1'!H20 -> 0 | I27: ='Cash Flow - Y1'!I20 -> 0 | J27: ='Cash Flow - Y1'!J20 -> 0 | K27: ='Cash Flow - Y1'!K20 -> 0 | L27: ='Cash Flow - Y1'!L20 -> 0 | M27: ='Cash Flow - Y1'!M20 -> 0 | ... Z27: ='Cash Flow - Y1'!Z20 -> 0 | AA27: =IF(Z16=0,"-",(Z27*100)/Z16) -> - | AB27: =SUM(D27+F27+H27+J27+L27+N27+P27+R27+T27+V27+X27+Z27) -> 0 | AC27: =IF(AB16=0,"-",(AB27*100)/AB16) -> -
B28: Total Cost of Sales | D28: =SUM(D17:D27) -> 0 | E28: =IF(D14=0,"-",(D28*100)/D14) -> 0 | F28: =SUM(F17:F27) -> 0 | G28: =IF(F14=0,"-",(F28*100)/F14) -> 0 | H28: =SUM(H17:H27) -> 0 | I28: =IF(H14=0,"-",(H28*100)/H14) -> 0 | J28: =SUM(J17:J27) -> 0 | K28: =IF(J14=0,"-",(J28*100)/J14) -> 0 | L28: =SUM(L17:L27) -> 0 | M28: =IF(L14=0,"-",(L28*100)/L14) -> 0 | N28: =SUM(N17:N27) -> 0 | O28: =IF(N14=0,"-",(N28*100)/N14) -> 0 | P28: =SUM(P17:P27) -> 0 | Q28: =IF(P14=0,"-",(P28*100)/P14) -> 0 | R28: =SUM(R17:R27) -> 0 | S28: =IF(R14=0,"-",(R28*100)/R14) -> 0 | T28: =SUM(T17:T27) -> 0 | U28: =IF(T14=0,"-",(T28*100)/T14) -> 0 | V28: =SUM(V17:V27) -> 0 | W28: =IF(V14=0,"-",(V28*100)/V14) -> 0 | X28: =SUM(X17:X27) -> 0 | Y28: =IF(X14=0,"-",(X28*100)/X14) -> 0 | Z28: =SUM(Z17:Z27) -> 0 | AA28: =IF(Z14=0,"-",(Z28*100)/Z14) -> 0 | AB28: =SUM(AB17:AB27) -> 0 | AC28: =IF(AB14=0,"-",(AB28*100)/AB14) -> 0
B29: Gross Profit | D29: =D14-D28 -> 12100 | E29: =IF(D14=0,"-",(D29*100)/D14) -> 100 | F29: =F14-F28 -> 12100 | G29: =IF(F14=0,"-",(F29*100)/F14) -> 100 | H29: =H14-H28 -> 14520 | I29: =IF(H14=0,"-",(H29*100)/H14) -> 100 | J29: =J14-J28 -> 12100 | K29: =IF(J14=0,"-",(J29*100)/J14) -> 100 | L29: =L14-L28 -> 14520 | M29: =IF(L14=0,"-",(L29*100)/L14) -> 100 | N29: =N14-N28 -> 14520 | O29: =IF(N14=0,"-",(N29*100)/N14) -> 100 | P29: =P14-P28 -> 14520 | Q29: =IF(P14=0,"-",(P29*100)/P14) -> 100 | R29: =R14-R28 -> 14520 | S29: =IF(R14=0,"-",(R29*100)/R14) -> 100 | T29: =T14-T28 -> 12100 | U29: =IF(T14=0,"-",(T29*100)/T14) -> 100 | V29: =V14-V28 -> 12100 | W29: =IF(V14=0,"-",(V29*100)/V14) -> 100 | X29: =X14-X28 -> 14520 | Y29: =IF(X14=0,"-",(X29*100)/X14) -> 100 | Z29: =Z14-Z28 -> 14520 | AA29: =IF(Z14=0,"-",(Z29*100)/Z14) -> 100 | AB29: =AB14-AB28 -> 162140 | AC29: =IF(AB14=0,"-",(AB29*100)/AB14) -> 100
B31: Expenses
B32: Salaries & Wages | D32: 0 | E32: =IF($D$14=0,"-",(D32*100)/$D$14) -> 0 | F32: 0 | G32: =IF(F$14=0,"-",(F32*100)/F$14) -> 0 | H32: 0 | I32: =IF(H$14=0,"-",(H32*100)/H$14) -> 0 | J32: 0 | K32: =IF(J$14=0,"-",(J32*100)/J$14) -> 0 | L32: 0 | M32: =IF(L$14=0,"-",(L32*100)/L$14) -> 0 | N32: 0 | O32: =IF(N$14=0,"-",(N32*100)/N$14) -> 0 | P32: 0 | Q32: =IF(P$14=0,"-",(P32*100)/P$14) -> 0 | R32: 0 | S32: =IF(R$14=0,"-",(R32*100)/R$14) -> 0 | T32: 0 | U32: =IF(T$14=0,"-",(T32*100)/T$14) -> 0 | V32: 0 | W32: =IF(V$14=0,"-",(V32*100)/V$14) -> 0 | X32: 0 | Y32: =IF(X$14=0,"-",(X32*100)/X$14) -> 0 | Z32: 0 | AA32: =IF(Z$14=0,"-",(Z32*100)/Z$14) -> 0 | AB32: =SUM(D32+F32+H32+J32+L32+N32+P32+R32+T32+V32+X32+Z32) -> 0 | AC32: =IF(AB$14=0,"-",(AB32*100)/AB$14) -> 0
B33: Payroll Taxes | D33: ='Cash Flow - Y1'!D20 -> 0 | E33: =IF($D$14=0,"-",(D33*100)/$D$14) -> 0 | F33: ='Cash Flow - Y1'!E20 -> 0 | G33: =IF(F$14=0,"-",(F33*100)/F$14) -> 0 | H33: ='Cash Flow - Y1'!F20 -> 0 | I33: =IF(H$14=0,"-",(H33*100)/H$14) -> 0 | J33: ='Cash Flow - Y1'!G20 -> 0 | K33: =IF(J$14=0,"-",(J33*100)/J$14) -> 0 | L33: ='Cash Flow - Y1'!H20 -> 0 | M33: =IF(L$14=0,"-",(L33*100)/L$14) -> 0 | N33: ='Cash Flow - Y1'!I20 -> 0 | O33: =IF(N$14=0,"-",(N33*100)/N$14) -> 0 | P33: ='Cash Flow - Y1'!J20 -> 0 | Q33: =IF(P$14=0,"-",(P33*100)/P$14) -> 0 | R33: 0 | S33: =IF(R$14=0,"-",(R33*100)/R$14) -> 0 | T33: 0 | U33: =IF(T$14=0,"-",(T33*100)/T$14) -> 0 | V33: 0 | W33: =IF(V$14=0,"-",(V33*100)/V$14) -> 0 | X33: 0 | Y33: =IF(X$14=0,"-",(X33*100)/X$14) -> 0 | Z33: 0 | AA33: =IF(Z$14=0,"-",(Z33*100)/Z$14) -> 0 | AB33: =SUM(D33+F33+H33+J33+L33+N33+P33+R33+T33+V33+X33+Z33) -> 0 | AC33: =IF(AB$14=0,"-",(AB33*100)/AB$14) -> 0
B34: Outside Services (Fees) | D34: ='Cash Flow - Y1'!D21 -> 0 | E34: =IF($D$14=0,"-",(D34*100)/$D$14) -> 0 | F34: ='Cash Flow - Y1'!E21 -> 0 | G34: =IF(F$14=0,"-",(F34*100)/F$14) -> 0 | H34: ='Cash Flow - Y1'!F21 -> 0 | I34: =IF(H$14=0,"-",(H34*100)/H$14) -> 0 | J34: ='Cash Flow - Y1'!G21 -> 0 | K34: =IF(J$14=0,"-",(J34*100)/J$14) -> 0 | L34: ='Cash Flow - Y1'!H21 -> 0 | M34: =IF(L$14=0,"-",(L34*100)/L$14) -> 0 | N34: ='Cash Flow - Y1'!I21 -> 0 | O34: =IF(N$14=0,"-",(N34*100)/N$14) -> 0 | P34: ='Cash Flow - Y1'!J21 -> 0 | Q34: =IF(P$14=0,"-",(P34*100)/P$14) -> 0 | R34: ='Cash Flow - Y1'!K21 -> 0 | S34: =IF(R$14=0,"-",(R34*100)/R$14) -> 0 | T34: ='Cash Flow - Y1'!L21 -> 0 | U34: =IF(T$14=0,"-",(T34*100)/T$14) -> 0 | V34: ='Cash Flow - Y1'!M21 -> 0 | W34: =IF(V$14=0,"-",(V34*100)/V$14) -> 0 | X34: ='Cash Flow - Y1'!N21 -> 0 | Y34: =IF(X$14=0,"-",(X34*100)/X$14) -> 0 | Z34: ='Cash Flow - Y1'!O21 -> 0 | AA34: =IF(Z$14=0,"-",(Z34*100)/Z$14) -> 0 | AB34: =SUM(D34+F34+H34+J34+L34+N34+P34+R34+T34+V34+X34+Z34) -> 0 | AC34: =IF(AB$14=0,"-",(AB34*100)/AB$14) -> 0
B35: Supplies (Office & Operating) | D35: ='Cash Flow - Y1'!D22 -> 0 | E35: =IF($D$14=0,"-",(D35*100)/$D$14) -> 0 | F35: ='Cash Flow - Y1'!E22 -> 0 | G35: =IF(F$14=0,"-",(F35*100)/F$14) -> 0 | H35: ='Cash Flow - Y1'!F22 -> 0 | I35: =IF(H$14=0,"-",(H35*100)/H$14) -> 0 | J35: ='Cash Flow - Y1'!G22 -> 0 | K35: =IF(J$14=0,"-",(J35*100)/J$14) -> 0 | L35: ='Cash Flow - Y1'!H22 -> 0 | M35: =IF(L$14=0,"-",(L35*100)/L$14) -> 0 | N35: ='Cash Flow - Y1'!I22 -> 0 | O35: =IF(N$14=0,"-",(N35*100)/N$14) -> 0 | P35: ='Cash Flow - Y1'!J22 -> 0 | Q35: =IF(P$14=0,"-",(P35*100)/P$14) -> 0 | R35: ='Cash Flow - Y1'!K22 -> 0 | S35: =IF(R$14=0,"-",(R35*100)/R$14) -> 0 | T35: ='Cash Flow - Y1'!L22 -> 0 | U35: =IF(T$14=0,"-",(T35*100)/T$14) -> 0 | V35: ='Cash Flow - Y1'!M22 -> 0 | W35: =IF(V$14=0,"-",(V35*100)/V$14) -> 0 | X35: ='Cash Flow - Y1'!N22 -> 0 | Y35: =IF(X$14=0,"-",(X35*100)/X$14) -> 0 | Z35: ='Cash Flow - Y1'!O22 -> 0 | AA35: =IF(Z$14=0,"-",(Z35*100)/Z$14) -> 0 | AB35: =SUM(D35+F35+H35+J35+L35+N35+P35+R35+T35+V35+X35+Z35) -> 0 | AC35: =IF(AB$14=0,"-",(AB35*100)/AB$14) -> 0
B36: Repairs & Maintenance | D36: ='Cash Flow - Y1'!D23 -> 0 | E36: =IF($D$14=0,"-",(D36*100)/$D$14) -> 0 | F36: ='Cash Flow - Y1'!E23 -> 0 | G36: =IF(F$14=0,"-",(F36*100)/F$14) -> 0 | H36: ='Cash Flow - Y1'!F23 -> 0 | I36: =IF(H$14=0,"-",(H36*100)/H$14) -> 0 | J36: ='Cash Flow - Y1'!G23 -> 0 | K36: =IF(J$14=0,"-",(J36*100)/J$14) -> 0 | L36: ='Cash Flow - Y1'!H23 -> 0 | M36: =IF(L$14=0,"-",(L36*100)/L$14) -> 0 | N36: ='Cash Flow - Y1'!I23 -> 0 | O36: =IF(N$14=0,"-",(N36*100)/N$14) -> 0 | P36: ='Cash Flow - Y1'!J23 -> 0 | Q36: =IF(P$14=0,"-",(P36*100)/P$14) -> 0 | R36: ='Cash Flow - Y1'!K23 -> 0 | S36: =IF(R$14=0,"-",(R36*100)/R$14) -> 0 | T36: ='Cash Flow - Y1'!L23 -> 0 | U36: =IF(T$14=0,"-",(T36*100)/T$14) -> 0 | V36: ='Cash Flow - Y1'!M23 -> 0 | W36: =IF(V$14=0,"-",(V36*100)/V$14) -> 0 | X36: ='Cash Flow - Y1'!N23 -> 0 | Y36: =IF(X$14=0,"-",(X36*100)/X$14) -> 0 | Z36: ='Cash Flow - Y1'!O23 -> 0 | AA36: =IF(Z$14=0,"-",(Z36*100)/Z$14) -> 0 | AB36: =SUM(D36+F36+H36+J36+L36+N36+P36+R36+T36+V36+X36+Z36) -> 0 | AC36: =IF(AB$14=0,"-",(AB36*100)/AB$14) -> 0
B37: Advertising | D37: ='Cash Flow - Y1'!D24 -> 0 | E37: =IF($D$14=0,"-",(D37*100)/$D$14) -> 0 | F37: ='Cash Flow - Y1'!E24 -> 0 | G37: =IF(F$14=0,"-",(F37*100)/F$14) -> 0 | H37: ='Cash Flow - Y1'!F24 -> 0 | I37: =IF(H$14=0,"-",(H37*100)/H$14) -> 0 | J37: ='Cash Flow - Y1'!G24 -> 0 | K37: =IF(J$14=0,"-",(J37*100)/J$14) -> 0 | L37: ='Cash Flow - Y1'!H24 -> 0 | M37: =IF(L$14=0,"-",(L37*100)/L$14) -> 0 | N37: ='Cash Flow - Y1'!I24 -> 0 | O37: =IF(N$14=0,"-",(N37*100)/N$14) -> 0 | P37: ='Cash Flow - Y1'!J24 -> 0 | Q37: =IF(P$14=0,"-",(P37*100)/P$14) -> 0 | R37: ='Cash Flow - Y1'!K24 -> 0 | S37: =IF(R$14=0,"-",(R37*100)/R$14) -> 0 | T37: ='Cash Flow - Y1'!L24 -> 0 | U37: =IF(T$14=0,"-",(T37*100)/T$14) -> 0 | V37: ='Cash Flow - Y1'!M24 -> 0 | W37: =IF(V$14=0,"-",(V37*100)/V$14) -> 0 | X37: ='Cash Flow - Y1'!N24 -> 0 | Y37: =IF(X$14=0,"-",(X37*100)/X$14) -> 0 | Z37: ='Cash Flow - Y1'!O24 -> 0 | AA37: =IF(Z$14=0,"-",(Z37*100)/Z$14) -> 0 | AB37: =SUM(D37+F37+H37+J37+L37+N37+P37+R37+T37+V37+X37+Z37) -> 0 | AC37: =IF(AB$14=0,"-",(AB37*100)/AB$14) -> 0
B38: Signage | D38: ='Cash Flow - Y1'!D25 -> 0 | E38: =IF($D$14=0,"-",(D38*100)/$D$14) -> 0 | F38: ='Cash Flow - Y1'!E25 -> 0 | G38: =IF(F$14=0,"-",(F38*100)/F$14) -> 0 | H38: ='Cash Flow - Y1'!F25 -> 0 | I38: =IF(H$14=0,"-",(H38*100)/H$14) -> 0 | J38: ='Cash Flow - Y1'!G25 -> 0 | K38: =IF(J$14=0,"-",(J38*100)/J$14) -> 0 | L38: ='Cash Flow - Y1'!H25 -> 0 | M38: =IF(L$14=0,"-",(L38*100)/L$14) -> 0 | N38: ='Cash Flow - Y1'!I25 -> 0 | O38: =IF(N$14=0,"-",(N38*100)/N$14) -> 0 | P38: ='Cash Flow - Y1'!J25 -> 0 | Q38: =IF(P$14=0,"-",(P38*100)/P$14) -> 0 | R38: ='Cash Flow - Y1'!K25 -> 0 | S38: =IF(R$14=0,"-",(R38*100)/R$14) -> 0 | T38: ='Cash Flow - Y1'!L25 -> 0 | U38: =IF(T$14=0,"-",(T38*100)/T$14) -> 0 | V38: ='Cash Flow - Y1'!M25 -> 0 | W38: =IF(V$14=0,"-",(V38*100)/V$14) -> 0 | X38: ='Cash Flow - Y1'!N25 -> 0 | Y38: =IF(X$14=0,"-",(X38*100)/X$14) -> 0 | Z38: ='Cash Flow - Y1'!O25 -> 0 | AA38: =IF(Z$14=0,"-",(Z38*100)/Z$14) -> 0 | AB38: =SUM(D38+F38+H38+J38+L38+N38+P38+R38+T38+V38+X38+Z38) -> 0 | AC38: =IF(AB$14=0,"-",(AB38*100)/AB$14) -> 0
B39: Printing | D39: ='Cash Flow - Y1'!D26 -> 0 | E39: =IF($D$14=0,"-",(D39*100)/$D$14) -> 0 | F39: ='Cash Flow - Y1'!E26 -> 0 | G39: =IF(F$14=0,"-",(F39*100)/F$14) -> 0 | H39: ='Cash Flow - Y1'!F26 -> 0 | I39: =IF(H$14=0,"-",(H39*100)/H$14) -> 0 | J39: ='Cash Flow - Y1'!G26 -> 0 | K39: =IF(J$14=0,"-",(J39*100)/J$14) -> 0 | L39: ='Cash Flow - Y1'!H26 -> 0 | M39: =IF(L$14=0,"-",(L39*100)/L$14) -> 0 | N39: ='Cash Flow - Y1'!I26 -> 0 | O39: =IF(N$14=0,"-",(N39*100)/N$14) -> 0 | P39: ='Cash Flow - Y1'!J26 -> 0 | Q39: =IF(P$14=0,"-",(P39*100)/P$14) -> 0 | R39: ='Cash Flow - Y1'!K26 -> 0 | S39: =IF(R$14=0,"-",(R39*100)/R$14) -> 0 | T39: ='Cash Flow - Y1'!L26 -> 0 | U39: =IF(T$14=0,"-",(T39*100)/T$14) -> 0 | V39: ='Cash Flow - Y1'!M26 -> 0 | W39: =IF(V$14=0,"-",(V39*100)/V$14) -> 0 | X39: ='Cash Flow - Y1'!N26 -> 0 | Y39: =IF(X$14=0,"-",(X39*100)/X$14) -> 0 | Z39: ='Cash Flow - Y1'!O26 -> 0 | AA39: =IF(Z$14=0,"-",(Z39*100)/Z$14) -> 0 | AB39: =SUM(D39+F39+H39+J39+L39+N39+P39+R39+T39+V39+X39+Z39) -> 0 | AC39: =IF(AB$14=0,"-",(AB39*100)/AB$14) -> 0
B40: Transportation | D40: ='Cash Flow - Y1'!D27 -> 0 | E40: =IF($D$14=0,"-",(D40*100)/$D$14) -> 0 | F40: ='Cash Flow - Y1'!E27 -> 0 | G40: =IF(F$14=0,"-",(F40*100)/F$14) -> 0 | H40: ='Cash Flow - Y1'!F27 -> 0 | I40: =IF(H$14=0,"-",(H40*100)/H$14) -> 0 | J40: ='Cash Flow - Y1'!G27 -> 0 | K40: =IF(J$14=0,"-",(J40*100)/J$14) -> 0 | L40: ='Cash Flow - Y1'!H27 -> 0 | M40: =IF(L$14=0,"-",(L40*100)/L$14) -> 0 | N40: ='Cash Flow - Y1'!I27 -> 0 | O40: =IF(N$14=0,"-",(N40*100)/N$14) -> 0 | P40: ='Cash Flow - Y1'!J27 -> 0 | Q40: =IF(P$14=0,"-",(P40*100)/P$14) -> 0 | R40: ='Cash Flow - Y1'!K27 -> 0 | S40: =IF(R$14=0,"-",(R40*100)/R$14) -> 0 | T40: ='Cash Flow - Y1'!L27 -> 0 | U40: =IF(T$14=0,"-",(T40*100)/T$14) -> 0 | V40: ='Cash Flow - Y1'!M27 -> 0 | W40: =IF(V$14=0,"-",(V40*100)/V$14) -> 0 | X40: ='Cash Flow - Y1'!N27 -> 0 | Y40: =IF(X$14=0,"-",(X40*100)/X$14) -> 0 | Z40: ='Cash Flow - Y1'!O27 -> 0 | AA40: =IF(Z$14=0,"-",(Z40*100)/Z$14) -> 0 | AB40: =SUM(D40+F40+H40+J40+L40+N40+P40+R40+T40+V40+X40+Z40) -> 0 | AC40: =IF(AB$14=0,"-",(AB40*100)/AB$14) -> 0
B41: Professional Fees | D41: ='Cash Flow - Y1'!D28 -> 0 | E41: =IF($D$14=0,"-",(D41*100)/$D$14) -> 0 | F41: ='Cash Flow - Y1'!E28 -> 0 | G41: =IF(F$14=0,"-",(F41*100)/F$14) -> 0 | H41: ='Cash Flow - Y1'!F28 -> 0 | I41: =IF(H$14=0,"-",(H41*100)/H$14) -> 0 | J41: ='Cash Flow - Y1'!G28 -> 0 | K41: =IF(J$14=0,"-",(J41*100)/J$14) -> 0 | L41: ='Cash Flow - Y1'!H28 -> 0 | M41: =IF(L$14=0,"-",(L41*100)/L$14) -> 0 | N41: ='Cash Flow - Y1'!I28 -> 0 | O41: =IF(N$14=0,"-",(N41*100)/N$14) -> 0 | P41: ='Cash Flow - Y1'!J28 -> 0 | Q41: =IF(P$14=0,"-",(P41*100)/P$14) -> 0 | R41: ='Cash Flow - Y1'!K28 -> 0 | S41: =IF(R$14=0,"-",(R41*100)/R$14) -> 0 | T41: ='Cash Flow - Y1'!L28 -> 0 | U41: =IF(T$14=0,"-",(T41*100)/T$14) -> 0 | V41: ='Cash Flow - Y1'!M28 -> 0 | W41: =IF(V$14=0,"-",(V41*100)/V$14) -> 0 | X41: ='Cash Flow - Y1'!N28 -> 0 | Y41: =IF(X$14=0,"-",(X41*100)/X$14) -> 0 | Z41: ='Cash Flow - Y1'!O28 -> 0 | AA41: =IF(Z$14=0,"-",(Z41*100)/Z$14) -> 0 | AB41: =SUM(D41+F41+H41+J41+L41+N41+P41+R41+T41+V41+X41+Z41) -> 0 | AC41: =IF(AB$14=0,"-",(AB41*100)/AB$14) -> 0
B42: Creative Service Fees | D42: ='Cash Flow - Y1'!D29 -> 0 | E42: =IF($D$14=0,"-",(D42*100)/$D$14) -> 0 | F42: ='Cash Flow - Y1'!E29 -> 0 | G42: =IF(F$14=0,"-",(F42*100)/F$14) -> 0 | H42: ='Cash Flow - Y1'!F29 -> 0 | I42: =IF(H$14=0,"-",(H42*100)/H$14) -> 0 | J42: ='Cash Flow - Y1'!G29 -> 0 | K42: =IF(J$14=0,"-",(J42*100)/J$14) -> 0 | L42: ='Cash Flow - Y1'!H29 -> 0 | M42: =IF(L$14=0,"-",(L42*100)/L$14) -> 0 | N42: ='Cash Flow - Y1'!I29 -> 0 | O42: =IF(N$14=0,"-",(N42*100)/N$14) -> 0 | P42: ='Cash Flow - Y1'!J29 -> 0 | Q42: =IF(P$14=0,"-",(P42*100)/P$14) -> 0 | R42: ='Cash Flow - Y1'!K29 -> 0 | S42: =IF(R$14=0,"-",(R42*100)/R$14) -> 0 | T42: ='Cash Flow - Y1'!L29 -> 0 | U42: =IF(T$14=0,"-",(T42*100)/T$14) -> 0 | V42: ='Cash Flow - Y1'!M29 -> 0 | W42: =IF(V$14=0,"-",(V42*100)/V$14) -> 0 | X42: ='Cash Flow - Y1'!N29 -> 0 | Y42: =IF(X$14=0,"-",(X42*100)/X$14) -> 0 | Z42: ='Cash Flow - Y1'!O29 -> 0 | AA42: =IF(Z$14=0,"-",(Z42*100)/Z$14) -> 0 | AB42: =SUM(D42+F42+H42+J42+L42+N42+P42+R42+T42+V42+X42+Z42) -> 0 | AC42: =IF(AB$14=0,"-",(AB42*100)/AB$14) -> 0
B43: Rent | D43: ='Cash Flow - Y1'!D30 -> 0 | E43: =IF($D$14=0,"-",(D43*100)/$D$14) -> 0 | F43: ='Cash Flow - Y1'!E30 -> 0 | G43: =IF(F$14=0,"-",(F43*100)/F$14) -> 0 | H43: ='Cash Flow - Y1'!F30 -> 0 | I43: =IF(H$14=0,"-",(H43*100)/H$14) -> 0 | J43: ='Cash Flow - Y1'!G30 -> 0 | K43: =IF(J$14=0,"-",(J43*100)/J$14) -> 0 | L43: ='Cash Flow - Y1'!H30 -> 0 | M43: =IF(L$14=0,"-",(L43*100)/L$14) -> 0 | N43: ='Cash Flow - Y1'!I30 -> 0 | O43: =IF(N$14=0,"-",(N43*100)/N$14) -> 0 | P43: ='Cash Flow - Y1'!J30 -> 0 | Q43: =IF(P$14=0,"-",(P43*100)/P$14) -> 0 | R43: ='Cash Flow - Y1'!K30 -> 0 | S43: =IF(R$14=0,"-",(R43*100)/R$14) -> 0 | T43: ='Cash Flow - Y1'!L30 -> 0 | U43: =IF(T$14=0,"-",(T43*100)/T$14) -> 0 | V43: ='Cash Flow - Y1'!M30 -> 0 | W43: =IF(V$14=0,"-",(V43*100)/V$14) -> 0 | X43: ='Cash Flow - Y1'!N30 -> 0 | Y43: =IF(X$14=0,"-",(X43*100)/X$14) -> 0 | Z43: ='Cash Flow - Y1'!O30 -> 0 | AA43: =IF(Z$14=0,"-",(Z43*100)/Z$14) -> 0 | AB43: =SUM(D43+F43+H43+J43+L43+N43+P43+R43+T43+V43+X43+Z43) -> 0 | AC43: =IF(AB$14=0,"-",(AB43*100)/AB$14) -> 0
B44: Telephone | D44: ='Cash Flow - Y1'!D31 -> 0 | E44: =IF($D$14=0,"-",(D44*100)/$D$14) -> 0 | F44: ='Cash Flow - Y1'!E31 -> 0 | G44: =IF(F$14=0,"-",(F44*100)/F$14) -> 0 | H44: ='Cash Flow - Y1'!F31 -> 0 | I44: =IF(H$14=0,"-",(H44*100)/H$14) -> 0 | J44: ='Cash Flow - Y1'!G31 -> 0 | K44: =IF(J$14=0,"-",(J44*100)/J$14) -> 0 | L44: ='Cash Flow - Y1'!H31 -> 0 | M44: =IF(L$14=0,"-",(L44*100)/L$14) -> 0 | N44: ='Cash Flow - Y1'!I31 -> 0 | O44: =IF(N$14=0,"-",(N44*100)/N$14) -> 0 | P44: ='Cash Flow - Y1'!J31 -> 0 | Q44: =IF(P$14=0,"-",(P44*100)/P$14) -> 0 | R44: ='Cash Flow - Y1'!K31 -> 0 | S44: =IF(R$14=0,"-",(R44*100)/R$14) -> 0 | T44: ='Cash Flow - Y1'!L31 -> 0 | U44: =IF(T$14=0,"-",(T44*100)/T$14) -> 0 | V44: ='Cash Flow - Y1'!M31 -> 0 | W44: =IF(V$14=0,"-",(V44*100)/V$14) -> 0 | X44: ='Cash Flow - Y1'!N31 -> 0 | Y44: =IF(X$14=0,"-",(X44*100)/X$14) -> 0 | Z44: ='Cash Flow - Y1'!O31 -> 0 | AA44: =IF(Z$14=0,"-",(Z44*100)/Z$14) -> 0 | AB44: =SUM(D44+F44+H44+J44+L44+N44+P44+R44+T44+V44+X44+Z44) -> 0 | AC44: =IF(AB$14=0,"-",(AB44*100)/AB$14) -> 0
B45: Internet | D45: ='Cash Flow - Y1'!D32 -> 0 | E45: =IF($D$14=0,"-",(D45*100)/$D$14) -> 0 | F45: ='Cash Flow - Y1'!E32 -> 0 | G45: =IF(F$14=0,"-",(F45*100)/F$14) -> 0 | H45: ='Cash Flow - Y1'!F32 -> 0 | I45: =IF(H$14=0,"-",(H45*100)/H$14) -> 0 | J45: ='Cash Flow - Y1'!G32 -> 0 | K45: =IF(J$14=0,"-",(J45*100)/J$14) -> 0 | L45: ='Cash Flow - Y1'!H32 -> 0 | M45: =IF(L$14=0,"-",(L45*100)/L$14) -> 0 | N45: ='Cash Flow - Y1'!I32 -> 0 | O45: =IF(N$14=0,"-",(N45*100)/N$14) -> 0 | P45: ='Cash Flow - Y1'!J32 -> 0 | Q45: =IF(P$14=0,"-",(P45*100)/P$14) -> 0 | R45: ='Cash Flow - Y1'!K32 -> 0 | S45: =IF(R$14=0,"-",(R45*100)/R$14) -> 0 | T45: ='Cash Flow - Y1'!L32 -> 0 | U45: =IF(T$14=0,"-",(T45*100)/T$14) -> 0 | V45: ='Cash Flow - Y1'!M32 -> 0 | W45: =IF(V$14=0,"-",(V45*100)/V$14) -> 0 | X45: ='Cash Flow - Y1'!N32 -> 0 | Y45: =IF(X$14=0,"-",(X45*100)/X$14) -> 0 | Z45: ='Cash Flow - Y1'!O32 -> 0 | AA45: =IF(Z$14=0,"-",(Z45*100)/Z$14) -> 0 | AB45: =SUM(D45+F45+H45+J45+L45+N45+P45+R45+T45+V45+X45+Z45) -> 0 | AC45: =IF(AB$14=0,"-",(AB45*100)/AB$14) -> 0
... B50: Licenses | D50: ='Cash Flow - Y1'!D37 -> 0 | E50: =IF($D$14=0,"-",(D50*100)/$D$14) -> 0 | F50: ='Cash Flow - Y1'!E37 -> 0 | G50: =IF(F$14=0,"-",(F50*100)/F$14) -> 0 | H50: ='Cash Flow - Y1'!F37 -> 0 | I50: =IF(H$14=0,"-",(H50*100)/H$14) -> 0 | J50: ='Cash Flow - Y1'!G37 -> 0 | K50: =IF(J$14=0,"-",(J50*100)/J$14) -> 0 | L50: ='Cash Flow - Y1'!H37 -> 0 | M50: =IF(L$14=0,"-",(L50*100)/L$14) -> 0 | N50: ='Cash Flow - Y1'!I37 -> 0 | O50: =IF(N$14=0,"-",(N50*100)/N$14) -> 0 | P50: ='Cash Flow - Y1'!J37 -> 0 | Q50: =IF(P$14=0,"-",(P50*100)/P$14) -> 0 | R50: ='Cash Flow - Y1'!K37 -> 0 | S50: =IF(R$14=0,"-",(R50*100)/R$14) -> 0 | T50: ='Cash Flow - Y1'!L37 -> 0 | U50: =IF(T$14=0,"-",(T50*100)/T$14) -> 0 | V50: ='Cash Flow - Y1'!M37 -> 0 | W50: =IF(V$14=0,"-",(V50*100)/V$14) -> 0 | X50: ='Cash Flow - Y1'!N37 -> 0 | Y50: =IF(X$14=0,"-",(X50*100)/X$14) -> 0 | Z50: ='Cash Flow - Y1'!O37 -> 0 | AA50: =IF(Z$14=0,"-",(Z50*100)/Z$14) -> 0 | AB50: =SUM(D50+F50+H50+J50+L50+N50+P50+R50+T50+V50+X50+Z50) -> 0 | AC50: =IF(AB$14=0,"-",(AB50*100)/AB$14) -> 0
B51: Depreciation | D51: 0 | E51: =IF($D$14=0,"-",(D51*100)/$D$14) -> 0 | F51: 0 | G51: =IF(F$14=0,"-",(F51*100)/F$14) -> 0 | H51: 0 | I51: =IF(H$14=0,"-",(H51*100)/H$14) -> 0 | J51: 0 | K51: =IF(J$14=0,"-",(J51*100)/J$14) -> 0 | L51: 0 | M51: =IF(L$14=0,"-",(L51*100)/L$14) -> 0 | N51: 0 | O51: =IF(N$14=0,"-",(N51*100)/N$14) -> 0 | P51: 0 | Q51: =IF(P$14=0,"-",(P51*100)/P$14) -> 0 | R51: 0 | S51: =IF(R$14=0,"-",(R51*100)/R$14) -> 0 | T51: 0 | U51: =IF(T$14=0,"-",(T51*100)/T$14) -> 0 | V51: 0 | W51: =IF(V$14=0,"-",(V51*100)/V$14) -> 0 | X51: 0 | Y51: =IF(X$14=0,"-",(X51*100)/X$14) -> 0 | Z51: 0 | AA51: =IF(Z$14=0,"-",(Z51*100)/Z$14) -> 0 | AB51: =SUM(D51+F51+H51+J51+L51+N51+P51+R51+T51+V51+X51+Z51) -> 0 | AC51: =IF(AB$14=0,"-",(AB51*100)/AB$14) -> 0
B52: Research | D52: 0 | E52: =IF($D$14=0,"-",(D52*100)/$D$14) -> 0 | F52: 0 | G52: =IF(F$14=0,"-",(F52*100)/F$14) -> 0 | H52: 0 | I52: =IF(H$14=0,"-",(H52*100)/H$14) -> 0 | J52: 0 | K52: =IF(J$14=0,"-",(J52*100)/J$14) -> 0 | L52: 0 | M52: =IF(L$14=0,"-",(L52*100)/L$14) -> 0 | N52: 0 | O52: =IF(N$14=0,"-",(N52*100)/N$14) -> 0 | P52: 0 | Q52: =IF(P$14=0,"-",(P52*100)/P$14) -> 0 | R52: 0 | S52: =IF(R$14=0,"-",(R52*100)/R$14) -> 0 | T52: 0 | U52: =IF(T$14=0,"-",(T52*100)/T$14) -> 0 | V52: 0 | W52: =IF(V$14=0,"-",(V52*100)/V$14) -> 0 | X52: 0 | Y52: =IF(X$14=0,"-",(X52*100)/X$14) -> 0 | Z52: 0 | AA52: =IF(Z$14=0,"-",(Z52*100)/Z$14) -> 0 | AB52: =SUM(D52+F52+H52+J52+L52+N52+P52+R52+T52+V52+X52+Z52) -> 0 | AC52: =IF(AB$14=0,"-",(AB52*100)/AB$14) -> 0
B53: Other expenses (Logo Mugs) | D53: ='Cash Flow - Y1'!D38 -> 0 | E53: =IF($D$14=0,"-",(D53*100)/$D$14) -> 0 | F53: ='Cash Flow - Y1'!E38 -> 0 | G53: =IF(F$14=0,"-",(F53*100)/F$14) -> 0 | H53: ='Cash Flow - Y1'!F38 -> 0 | I53: =IF(H$14=0,"-",(H53*100)/H$14) -> 0 | J53: ='Cash Flow - Y1'!G38 -> 0 | K53: =IF(J$14=0,"-",(J53*100)/J$14) -> 0 | L53: ='Cash Flow - Y1'!H38 -> 0 | M53: =IF(L$14=0,"-",(L53*100)/L$14) -> 0 | N53: ='Cash Flow - Y1'!I38 -> 0 | O53: =IF(N$14=0,"-",(N53*100)/N$14) -> 0 | P53: ='Cash Flow - Y1'!J38 -> 0 | Q53: =IF(P$14=0,"-",(P53*100)/P$14) -> 0 | R53: ='Cash Flow - Y1'!K38 -> 0 | S53: =IF(R$14=0,"-",(R53*100)/R$14) -> 0 | T53: ='Cash Flow - Y1'!L38 -> 0 | U53: =IF(T$14=0,"-",(T53*100)/T$14) -> 0 | V53: ='Cash Flow - Y1'!M38 -> 0 | W53: =IF(V$14=0,"-",(V53*100)/V$14) -> 0 | X53: ='Cash Flow - Y1'!N38 -> 0 | Y53: =IF(X$14=0,"-",(X53*100)/X$14) -> 0 | Z53: ='Cash Flow - Y1'!O38 -> 0 | AA53: =IF(Z$14=0,"-",(Z53*100)/Z$14) -> 0 | AB53: =SUM(D53+F53+H53+J53+L53+N53+P53+R53+T53+V53+X53+Z53) -> 0 | AC53: =IF(AB$14=0,"-",(AB53*100)/AB$14) -> 0
B54: Misc. (unspecified) | E54: =IF($D$14=0,"-",(D54*100)/$D$14) -> 0 | G54: =IF(F$14=0,"-",(F54*100)/F$14) -> 0 | I54: =IF(H$14=0,"-",(H54*100)/H$14) -> 0 | K54: =IF(J$14=0,"-",(J54*100)/J$14) -> 0 | M54: =IF(L$14=0,"-",(L54*100)/L$14) -> 0 | O54: =IF(N$14=0,"-",(N54*100)/N$14) -> 0 | Q54: =IF(P$14=0,"-",(P54*100)/P$14) -> 0 | S54: =IF(R$14=0,"-",(R54*100)/R$14) -> 0 | U54: =IF(T$14=0,"-",(T54*100)/T$14) -> 0 | W54: =IF(V$14=0,"-",(V54*100)/V$14) -> 0 | Y54: =IF(X$14=0,"-",(X54*100)/X$14) -> 0 | AA54: =IF(Z$14=0,"-",(Z54*100)/Z$14) -> 0 | AC54: =IF(AB$14=0,"-",(AB54*100)/AB$14) -> 0
B55: Misc. (unspecified) | E55: =IF($D$14=0,"-",(D55*100)/$D$14) -> 0 | G55: =IF(F$14=0,"-",(F55*100)/F$14) -> 0 | I55: =IF(H$14=0,"-",(H55*100)/H$14) -> 0 | K55: =IF(J$14=0,"-",(J55*100)/J$14) -> 0 | M55: =IF(L$14=0,"-",(L55*100)/L$14) -> 0 | O55: =IF(N$14=0,"-",(N55*100)/N$14) -> 0 | Q55: =IF(P$14=0,"-",(P55*100)/P$14) -> 0 | S55: =IF(R$14=0,"-",(R55*100)/R$14) -> 0 | U55: =IF(T$14=0,"-",(T55*100)/T$14) -> 0 | W55: =IF(V$14=0,"-",(V55*100)/V$14) -> 0 | Y55: =IF(X$14=0,"-",(X55*100)/X$14) -> 0 | AA55: =IF(Z$14=0,"-",(Z55*100)/Z$14) -> 0 | AC55: =IF(AB$14=0,"-",(AB55*100)/AB$14) -> 0
B56: Total Expenses | D56: =SUM(D32:D55) -> 0 | E56: =IF($D$14=0,"-",(D56*100)/$D$14) -> 0 | F56: =SUM(F32:F55) -> 0 | G56: =IF(F$14=0,"-",(F56*100)/F$14) -> 0 | H56: =SUM(H32:H55) -> 0 | I56: =IF(H$14=0,"-",(H56*100)/H$14) -> 0 | J56: =SUM(J32:J55) -> 0 | K56: =IF(J$14=0,"-",(J56*100)/J$14) -> 0 | L56: =SUM(L32:L55) -> 0 | M56: =IF(L$14=0,"-",(L56*100)/L$14) -> 0 | N56: =SUM(N32:N55) -> 0 | O56: =IF(N$14=0,"-",(N56*100)/N$14) -> 0 | P56: =SUM(P32:P55) -> 0 | Q56: =IF(P$14=0,"-",(P56*100)/P$14) -> 0 | R56: =SUM(R32:R55) -> 0 | S56: =IF(R$14=0,"-",(R56*100)/R$14) -> 0 | T56: =SUM(T32:T55) -> 0 | U56: =IF(T$14=0,"-",(T56*100)/T$14) -> 0 | V56: =SUM(V32:V55) -> 0 | W56: =IF(V$14=0,"-",(V56*100)/V$14) -> 0 | X56: =SUM(X32:X55) -> 0 | Y56: =IF(X$14=0,"-",(X56*100)/X$14) -> 0 | Z56: =SUM(Z32:Z55) -> 0 | AA56: =IF(Z$14=0,"-",(Z56*100)/Z$14) -> 0 | AB56: =SUM(AB32:AB55) -> 0 | AC56: =IF(AB$14=0,"-",(AB56*100)/AB$14) -> 0
B58: Net Profit | D58: =D29-D56 -> 12100 | E58: =IF(D14=0,"-",(D58*100)/D14) -> 100 | F58: =F29-F56 -> 12100 | G58: =IF(F14=0,"-",(F58*100)/F14) -> 100 | H58: =H29-H56 -> 14520 | I58: =IF(H14=0,"-",(H58*100)/H14) -> 100 | J58: =J29-J56 -> 12100 | K58: =IF(J14=0,"-",(J58*100)/J14) -> 100 | L58: =L29-L56 -> 14520 | M58: =IF(L14=0,"-",(L58*100)/L14) -> 100 | N58: =N29-N56 -> 14520 | O58: =IF(N14=0,"-",(N58*100)/N14) -> 100 | P58: =P29-P56 -> 14520 | Q58: =IF(P14=0,"-",(P58*100)/P14) -> 100 | R58: =R29-R56 -> 14520 | S58: =IF(R14=0,"-",(R58*100)/R14) -> 100 | T58: =T29-T56 -> 12100 | U58: =IF(T14=0,"-",(T58*100)/T14) -> 100 | V58: =V29-V56 -> 12100 | W58: =IF(V14=0,"-",(V58*100)/V14) -> 100 | X58: =X29-X56 -> 14520 | Y58: =IF(X14=0,"-",(X58*100)/X14) -> 100 | Z58: =Z29-Z56 -> 14520 | AA58: =IF(Z14=0,"-",(Z58*100)/Z14) -> 100 | AB58: =AB29-AB56 -> 162140 | AC58: =IF(AB14=0,"-",(AB58*100)/AB14) -> 100

Sheet P&L - Y2
A1: TWELVE MONTH PROFIT & LOSS PROJECTION
J2: Business Name | Q2: Fiscal Year Begins | R2: Year 2
C4: IND. % | D4: Jan | E4: % | F4: Feb | G4: % | H4: Mar | I4: % | J4: Apr | K4: % | L4: May | M4: % | N4: Jun | O4: % | P4: July | Q4: % | R4: Aug | S4: % | T4: Sept | U4: % | V4: Oct | W4: % | X4: Nov | Y4: % | Z4: Dec | AA4: % | AB4: YEARLY | AC4: %
B5: Revenue (Sales)
B6: ='Cash Flow - Y2'!B8 -> 60% pay $10 | D6: ='Cash Flow - Y2'!C8 -> 0 | E6: =IF($D$14=0,"-",(D6*100)/$D$14) -> - | F6: ='Cash Flow - Y2'!D8 -> 0 | G6: =IF(F$14=0,"-",(F6*100)/F$14) -> - | H6: ='Cash Flow - Y2'!E8 -> 0 | I6: =IF(H$14=0,"-",(H6*100)/H$14) -> - | J6: ='Cash Flow - Y2'!F8 -> 0 | K6: =IF(J$14=0,"-",(J6*100)/J$14) -> - | L6: ='Cash Flow - Y2'!G8 -> 0 | M6: =IF(L$14=0,"-",(L6*100)/L$14) -> - | N6: ='Cash Flow - Y2'!H8 -> 0 | O6: =IF(N$14=0,"-",(N6*100)/N$14) -> - | P6: ='Cash Flow - Y2'!I8 -> 0 | Q6: =IF(P$14=0,"-",(P6*100)/P$14) -> - | R6: ='Cash Flow - Y2'!J8 -> 0 | S6: =IF(R$14=0,"-",(R6*100)/R$14) -> - | T6: ='Cash Flow - Y2'!K8 -> 0 | U6: =IF(T$14=0,"-",(T6*100)/T$14) -> - | V6: ='Cash Flow - Y2'!L8 -> 0 | W6: =IF(V$14=0,"-",(V6*100)/V$14) -> - | X6: ='Cash Flow - Y2'!M8 -> 0 | Y6: =IF(X$14=0,"-",(X6*100)/X$14) -> - | Z6: ='Cash Flow - Y2'!N8 -> 0 | AA6: =IF(Z$14=0,"-",(Z6*100)/Z$14) -> - | AB6: =SUM(D6+F6+H6+J6+L6+N6+P6+R6+T6+V6+X6+Z6) -> 0 | AC6: =IF(AB$14=0,"-",(AB6*100)/AB$14) -> -
B7: ='Cash Flow - Y2'!B9 -> 20% pay $5 | D7: ='Cash Flow - Y2'!C9 -> 0 | E7: =IF($D$14=0,"-",(D7*100)/$D$14) -> - | F7: ='Cash Flow - Y2'!D9 -> 0 | G7: =IF(F$14=0,"-",(F7*100)/F$14) -> - | H7: ='Cash Flow - Y2'!E9 -> 0 | I7: =IF(H$14=0,"-",(H7*100)/H$14) -> - | J7: ='Cash Flow - Y2'!F9 -> 0 | K7: =IF(J$14=0,"-",(J7*100)/J$14) -> - | L7: ='Cash Flow - Y2'!G9 -> 0 | M7: =IF(L$14=0,"-",(L7*100)/L$14) -> - | N7: ='Cash Flow - Y2'!H9 -> 0 | O7: =IF(N$14=0,"-",(N7*100)/N$14) -> - | P7: ='Cash Flow - Y2'!I9 -> 0 | Q7: =IF(P$14=0,"-",(P7*100)/P$14) -> - | R7: ='Cash Flow - Y2'!J9 -> 0 | S7: =IF(R$14=0,"-",(R7*100)/R$14) -> - | T7: ='Cash Flow - Y2'!K9 -> 0 | U7: =IF(T$14=0,"-",(T7*100)/T$14) -> - | V7: ='Cash Flow - Y2'!L9 -> 0 | W7: =IF(V$14=0,"-",(V7*100)/V$14) -> - | X7: ='Cash Flow - Y2'!M9 -> 0 | Y7: =IF(X$14=0,"-",(X7*100)/X$14) -> - | Z7: ='Cash Flow - Y2'!N9 -> 0 | AA7: =IF(Z$14=0,"-",(Z7*100)/Z$14) -> - | AB7: =SUM(D7+F7+H7+J7+L7+N7+P7+R7+T7+V7+X7+Z7) -> 0 | AC7: =IF(AB$14=0,"-",(AB7*100)/AB$14) -> -
B8: ='Cash Flow - Y2'!B10 -> 20% pay $20 | D8: ='Cash Flow - Y2'!C10 -> 0 | E8: =IF($D$14=0,"-",(D8*100)/$D$14) -> - | F8: ='Cash Flow - Y2'!D10 -> 0 | G8: =IF(F$14=0,"-",(F8*100)/F$14) -> - | H8: ='Cash Flow - Y2'!E10 -> 0 | I8: =IF(H$14=0,"-",(H8*100)/H$14) -> - | J8: ='Cash Flow - Y2'!F10 -> 0 | K8: =IF(J$14=0,"-",(J8*100)/J$14) -> - | L8: ='Cash Flow - Y2'!G10 -> 0 | M8: =IF(L$14=0,"-",(L8*100)/L$14) -> - | N8: ='Cash Flow - Y2'!H10 -> 0 | O8: =IF(N$14=0,"-",(N8*100)/N$14) -> - | P8: ='Cash Flow - Y2'!I10 -> 0 | Q8: =IF(P$14=0,"-",(P8*100)/P$14) -> - | R8: ='Cash Flow - Y2'!J10 -> 0 | S8: =IF(R$14=0,"-",(R8*100)/R$14) -> - | T8: ='Cash Flow - Y2'!K10 -> 0 | U8: =IF(T$14=0,"-",(T8*100)/T$14) -> - | V8: ='Cash Flow - Y2'!L10 -> 0 | W8: =IF(V$14=0,"-",(V8*100)/V$14) -> - | X8: ='Cash Flow - Y2'!M10 -> 0 | Y8: =IF(X$14=0,"-",(X8*100)/X$14) -> - | Z8: ='Cash Flow - Y2'!N10 -> 0 | AA8: =IF(Z$14=0,"-",(Z8*100)/Z$14) -> - | AB8: =SUM(D8+F8+H8+J8+L8+N8+P8+R8+T8+V8+X8+Z8) -> 0 | AC8: =IF(AB$14=0,"-",(AB8*100)/AB$14) -> -
B9: ='Cash Flow - Y2'!B11 | D9: ='Cash Flow - Y2'!C11 -> 0 | E9: =IF($D$14=0,"-",(D9*100)/$D$14) -> - | F9: ='Cash Flow - Y2'!D11 -> 0 | G9: =IF(F$14=0,"-",(F9*100)/F$14) -> - | H9: ='Cash Flow - Y2'!E11 -> 0 | I9: =IF(H$14=0,"-",(H9*100)/H$14) -> - | J9: ='Cash Flow - Y2'!F11 -> 0 | K9: =IF(J$14=0,"-",(J9*100)/J$14) -> - | L9: ='Cash Flow - Y2'!G11 -> 0 | M9: =IF(L$14=0,"-",(L9*100)/L$14) -> - | N9: ='Cash Flow - Y2'!H11 -> 0 | O9: =IF(N$14=0,"-",(N9*100)/N$14) -> - | P9: ='Cash Flow - Y2'!I11 -> 0 | Q9: =IF(P$14=0,"-",(P9*100)/P$14) -> - | R9: ='Cash Flow - Y2'!J11 -> 0 | S9: =IF(R$14=0,"-",(R9*100)/R$14) -> - | T9: ='Cash Flow - Y2'!K11 -> 0 | U9: =IF(T$14=0,"-",(T9*100)/T$14) -> - | V9: ='Cash Flow - Y2'!L11 -> 0 | W9: =IF(V$14=0,"-",(V9*100)/V$14) -> - | X9: ='Cash Flow - Y2'!M11 -> 0 | Y9: =IF(X$14=0,"-",(X9*100)/X$14) -> - | Z9: ='Cash Flow - Y2'!N11 -> 0 | AA9: =IF(Z$14=0,"-",(Z9*100)/Z$14) -> - | AB9: =SUM(D9+F9+H9+J9+L9+N9+P9+R9+T9+V9+X9+Z9) -> 0 | AC9: =IF(AB$14=0,"-",(AB9*100)/AB$14) -> -
B10: Other | E10: =IF($D$14=0,"-",(D10*100)/$D$14) -> - | G10: =IF(F$14=0,"-",(F10*100)/F$14) -> - | I10: =IF(H$14=0,"-",(H10*100)/H$14) -> - | K10: =IF(J$14=0,"-",(J10*100)/J$14) -> - | M10: =IF(L$14=0,"-",(L10*100)/L$14) -> - | O10: =IF(N$14=0,"-",(N10*100)/N$14) -> - | Q10: =IF(P$14=0,"-",(P10*100)/P$14) -> - | S10: =IF(R$14=0,"-",(R10*100)/R$14) -> - | U10: =IF(T$14=0,"-",(T10*100)/T$14) -> - | W10: =IF(V$14=0,"-",(V10*100)/V$14) -> - | Y10: =IF(X$14=0,"-",(X10*100)/X$14) -> - | AA10: =IF(Z$14=0,"-",(Z10*100)/Z$14) -> - | AC10: =IF(AB$14=0,"-",(AB10*100)/AB$14) -> -
B11: Category 5 | E11: =IF($D$14=0,"-",(D11*100)/$D$14) -> - | G11: =IF(F$14=0,"-",(F11*100)/F$14) -> - | I11: =IF(H$14=0,"-",(H11*100)/H$14) -> - | K11: =IF(J$14=0,"-",(J11*100)/J$14) -> - | M11: =IF(L$14=0,"-",(L11*100)/L$14) -> - | O11: =IF(N$14=0,"-",(N11*100)/N$14) -> - | Q11: =IF(P$14=0,"-",(P11*100)/P$14) -> - | S11: =IF(R$14=0,"-",(R11*100)/R$14) -> - | U11: =IF(T$14=0,"-",(T11*100)/T$14) -> - | W11: =IF(V$14=0,"-",(V11*100)/V$14) -> - | Y11: =IF(X$14=0,"-",(X11*100)/X$14) -> - | AA11: =IF(Z$14=0,"-",(Z11*100)/Z$14) -> - | AC11: =IF(AB$14=0,"-",(AB11*100)/AB$14) -> -
B12: Category 6 | E12: =IF($D$14=0,"-",(D12*100)/$D$14) -> - | G12: =IF(F$14=0,"-",(F12*100)/F$14) -> - | I12: =IF(H$14=0,"-",(H12*100)/H$14) -> - | K12: =IF(J$14=0,"-",(J12*100)/J$14) -> - | M12: =IF(L$14=0,"-",(L12*100)/L$14) -> - | O12: =IF(N$14=0,"-",(N12*100)/N$14) -> - | Q12: =IF(P$14=0,"-",(P12*100)/P$14) -> - | S12: =IF(R$14=0,"-",(R12*100)/R$14) -> - | U12: =IF(T$14=0,"-",(T12*100)/T$14) -> - | W12: =IF(V$14=0,"-",(V12*100)/V$14) -> - | Y12: =IF(X$14=0,"-",(X12*100)/X$14) -> - | AA12: =IF(Z$14=0,"-",(Z12*100)/Z$14) -> - | AC12: =IF(AB$14=0,"-",(AB12*100)/AB$14) -> -
B13: Category 7 | E13: =IF($D$14=0,"-",(D13*100)/$D$14) -> - | G13: =IF(F$14=0,"-",(F13*100)/F$14) -> - | I13: =IF(H$14=0,"-",(H13*100)/H$14) -> - | K13: =IF(J$14=0,"-",(J13*100)/J$14) -> - | M13: =IF(L$14=0,"-",(L13*100)/L$14) -> - | O13: =IF(N$14=0,"-",(N13*100)/N$14) -> - | Q13: =IF(P$14=0,"-",(P13*100)/P$14) -> - | S13: =IF(R$14=0,"-",(R13*100)/R$14) -> - | U13: =IF(T$14=0,"-",(T13*100)/T$14) -> - | W13: =IF(V$14=0,"-",(V13*100)/V$14) -> - | Y13: =IF(X$14=0,"-",(X13*100)/X$14) -> - | AA13: =IF(Z$14=0,"-",(Z13*100)/Z$14) -> - | AC13: =IF(AB$14=0,"-",(AB13*100)/AB$14) -> -
B14: Total Revenue (Sales) | D14: =SUM(D6:D13) -> 0 | E14: =SUM(E6:E13) -> 0 | F14: =SUM(F6:F13) -> 0 | G14: =SUM(G6:G13) -> 0 | H14: =SUM(H6:H13) -> 0 | I14: =SUM(I6:I13) -> 0 | J14: =SUM(J6:J13) -> 0 | K14: =SUM(K6:K13) -> 0 | ... AC14: =SUM(AC6:AC13) -> 0
B16: Cost of Sales
B17: Food Vendors | D17: 0 | E17: =IF(D6=0,"-",(D17*100)/D6) -> - | F17: 0 | G17: =IF(F6=0,"-",(F17*100)/F6) -> - | H17: 0 | I17: =IF(H6=0,"-",(H17*100)/H6) -> - | J17: 0 | K17: =IF(J6=0,"-",(J17*100)/J6) -> - | L17: 0 | M17: =IF(L6=0,"-",(L17*100)/L6) -> - | N17: 0 | O17: =IF(N6=0,"-",(N17*100)/N6) -> - | P17: 0 | Q17: =IF(P6=0,"-",(P17*100)/P6) -> - | R17: 0 | S17: =IF(R6=0,"-",(R17*100)/R6) -> - | T17: 0 | U17: =IF(T6=0,"-",(T17*100)/T6) -> - | V17: 0 | W17: =IF(V6=0,"-",(V17*100)/V6) -> - | X17: 0 | Y17: =IF(X6=0,"-",(X17*100)/X6) -> - | Z17: 0 | AA17: =IF(Z6=0,"-",(Z17*100)/Z6) -> - | AB17: =SUM(D17+F17+H17+J17+L17+N17+P17+R17+T17+V17+X17+Z17) -> 0 | AC17: =IF(AB6=0,"-",(AB17*100)/AB6) -> -
B18: Non Food Vendors | D18: 0 | E18: =IF(D7=0,"-",(D18*100)/D7) -> - | F18: 0 | G18: =IF(F7=0,"-",(F18*100)/F7) -> - | H18: 0 | I18: =IF(H7=0,"-",(H18*100)/H7) -> - | J18: 0 | K18: =IF(J7=0,"-",(J18*100)/J7) -> - | L18: 0 | M18: =IF(L7=0,"-",(L18*100)/L7) -> - | N18: 0 | O18: =IF(N7=0,"-",(N18*100)/N7) -> - | P18: 0 | Q18: =IF(P7=0,"-",(P18*100)/P7) -> - | R18: 0 | S18: =IF(R7=0,"-",(R18*100)/R7) -> - | T18: 0 | U18: =IF(T7=0,"-",(T18*100)/T7) -> - | V18: 0 | W18: =IF(V7=0,"-",(V18*100)/V7) -> - | X18: 0 | Y18: =IF(X7=0,"-",(X18*100)/X7) -> - | Z18: 0 | AA18: =IF(Z7=0,"-",(Z18*100)/Z7) -> - | AB18: =SUM(D18+F18+H18+J18+L18+N18+P18+R18+T18+V18+X18+Z18) -> 0 | AC18: =IF(AB7=0,"-",(AB18*100)/AB7) -> -
B19: European Imports Ltd | E19: =IF(D8=0,"-",(D19*100)/D8) -> - | G19: =IF(F8=0,"-",(F19*100)/F8) -> - | I19: =IF(H8=0,"-",(H19*100)/H8) -> - | K19: =IF(J8=0,"-",(J19*100)/J8) -> - | M19: =IF(L8=0,"-",(L19*100)/L8) -> - | O19: =IF(N8=0,"-",(N19*100)/N8) -> - | Q19: =IF(P8=0,"-",(P19*100)/P8) -> - | S19: =IF(R8=0,"-",(R19*100)/R8) -> - | U19: =IF(T8=0,"-",(T19*100)/T8) -> - | W19: =IF(V8=0,"-",(V19*100)/V8) -> - | Y19: =IF(X8=0,"-",(X19*100)/X8) -> - | AA19: =IF(Z8=0,"-",(Z19*100)/Z8) -> - | AB19: =SUM(D19+F19+H19+J19+L19+N19+P19+R19+T19+V19+X19+Z19) -> 0 | AC19: =IF(AB8=0,"-",(AB19*100)/AB8) -> -
B20: Swiss Chalet | E20: =IF(D9=0,"-",(D20*100)/D9) -> - | G20: =IF(F9=0,"-",(F20*100)/F9) -> - | I20: =IF(H9=0,"-",(H20*100)/H9) -> - | K20: =IF(J9=0,"-",(J20*100)/J9) -> - | M20: =IF(L9=0,"-",(L20*100)/L9) -> - | O20: =IF(N9=0,"-",(N20*100)/N9) -> - | Q20: =IF(P9=0,"-",(P20*100)/P9) -> - | S20: =IF(R9=0,"-",(R20*100)/R9) -> - | U20: =IF(T9=0,"-",(T20*100)/T9) -> - | W20: =IF(V9=0,"-",(V20*100)/V9) -> - | Y20: =IF(X9=0,"-",(X20*100)/X9) -> - | AA20: =IF(Z9=0,"-",(Z20*100)/Z9) -> - | AB20: =SUM(D20+F20+H20+J20+L20+N20+P20+R20+T20+V20+X20+Z20) -> 0 | AC20: =IF(AB9=0,"-",(AB20*100)/AB9) -> -
B21: Pacific Gourmet | E21: =IF(D10=0,"-",(D21*100)/D10) -> - | G21: =IF(F10=0,"-",(F21*100)/F10) -> - | I21: =IF(H10=0,"-",(H21*100)/H10) -> - | K21: =IF(J10=0,"-",(J21*100)/J10) -> - | M21: =IF(L10=0,"-",(L21*100)/L10) -> - | O21: =IF(N10=0,"-",(N21*100)/N10) -> - | Q21: =IF(P10=0,"-",(P21*100)/P10) -> - | S21: =IF(R10=0,"-",(R21*100)/R10) -> - | U21: =IF(T10=0,"-",(T21*100)/T10) -> - | W21: =IF(V10=0,"-",(V21*100)/V10) -> - | Y21: =IF(X10=0,"-",(X21*100)/X10) -> - | AA21: =IF(Z10=0,"-",(Z21*100)/Z10) -> - | AB21: =SUM(D21+F21+H21+J21+L21+N21+P21+R21+T21+V21+X21+Z21) -> 0 | AC21: =IF(AB10=0,"-",(AB21*100)/AB10) -> -
B22: Other | E22: =IF(D11=0,"-",(D22*100)/D11) -> - | G22: =IF(F11=0,"-",(F22*100)/F11) -> - | I22: =IF(H11=0,"-",(H22*100)/H11) -> - | K22: =IF(J11=0,"-",(J22*100)/J11) -> - | M22: =IF(L11=0,"-",(L22*100)/L11) -> - | O22: =IF(N11=0,"-",(N22*100)/N11) -> - | Q22: =IF(P11=0,"-",(P22*100)/P11) -> - | S22: =IF(R11=0,"-",(R22*100)/R11) -> - | U22: =IF(T11=0,"-",(T22*100)/T11) -> - | W22: =IF(V11=0,"-",(V22*100)/V11) -> - | Y22: =IF(X11=0,"-",(X22*100)/X11) -> - | AA22: =IF(Z11=0,"-",(Z22*100)/Z11) -> - | AB22: =SUM(D22+F22+H22+J22+L22+N22+P22+R22+T22+V22+X22+Z22) -> 0 | AC22: =IF(AB11=0,"-",(AB22*100)/AB11) -> -
B23: BRP Box Shop | E23: =IF(D12=0,"-",(D23*100)/D12) -> - | G23: =IF(F12=0,"-",(F23*100)/F12) -> - | I23: =IF(H12=0,"-",(H23*100)/H12) -> - | K23: =IF(J12=0,"-",(J23*100)/J12) -> - | M23: =IF(L12=0,"-",(L23*100)/L12) -> - | O23: =IF(N12=0,"-",(N23*100)/N12) -> - | Q23: =IF(P12=0,"-",(P23*100)/P12) -> - | S23: =IF(R12=0,"-",(R23*100)/R12) -> - | U23: =IF(T12=0,"-",(T23*100)/T12) -> - | W23: =IF(V12=0,"-",(V23*100)/V12) -> - | Y23: =IF(X12=0,"-",(X23*100)/X12) -> - | AA23: =IF(Z12=0,"-",(Z23*100)/Z12) -> - | AB23: =SUM(D23+F23+H23+J23+L23+N23+P23+R23+T23+V23+X23+Z23) -> 0 | AC23: =IF(AB12=0,"-",(AB23*100)/AB12) -> -
B24: Carolina Retail Packaging | E24: =IF(D13=0,"-",(D24*100)/D13) -> - | G24: =IF(F13=0,"-",(F24*100)/F13) -> - | I24: =IF(H13=0,"-",(H24*100)/H13) -> - | K24: =IF(J13=0,"-",(J24*100)/J13) -> - | M24: =IF(L13=0,"-",(L24*100)/L13) -> - | O24: =IF(N13=0,"-",(N24*100)/N13) -> - | Q24: =IF(P13=0,"-",(P24*100)/P13) -> - | S24: =IF(R13=0,"-",(R24*100)/R13) -> - | U24: =IF(T13=0,"-",(T24*100)/T13) -> - | W24: =IF(V13=0,"-",(V24*100)/V13) -> - | Y24: =IF(X13=0,"-",(X24*100)/X13) -> - | AA24: =IF(Z13=0,"-",(Z24*100)/Z13) -> - | AB24: =SUM(D24+F24+H24+J24+L24+N24+P24+R24+T24+V24+X24+Z24) -> 0 | AC24: =IF(AB13=0,"-",(AB24*100)/AB13) -> -
B25: Nashville Wraps | E25: =IF(D14=0,"-",(D25*100)/D14) -> - | G25: =IF(F14=0,"-",(F25*100)/F14) -> - | I25: =IF(H14=0,"-",(H25*100)/H14) -> - | K25: =IF(J14=0,"-",(J25*100)/J14) -> - | M25: =IF(L14=0,"-",(L25*100)/L14) -> - | O25: =IF(N14=0,"-",(N25*100)/N14) -> - | Q25: =IF(P14=0,"-",(P25*100)/P14) -> - | S25: =IF(R14=0,"-",(R25*100)/R14) -> - | U25: =IF(T14=0,"-",(T25*100)/T14) -> - | W25: =IF(V14=0,"-",(V25*100)/V14) -> - | Y25: =IF(X14=0,"-",(X25*100)/X14) -> - | AA25: =IF(Z14=0,"-",(Z25*100)/Z14) -> - | AB25: =SUM(D25+F25+H25+J25+L25+N25+P25+R25+T25+V25+X25+Z25) -> 0 | AC25: =IF(AB14=0,"-",(AB25*100)/AB14) -> -
B26: Payroll Expenses | D26: ='Cash Flow - Y2'!C19 -> 0 | E26: =IF(D15=0,"-",(D26*100)/D15) -> - | F26: ='Cash Flow - Y2'!D19 -> 0 | G26: =IF(F15=0,"-",(F26*100)/F15) -> - | H26: ='Cash Flow - Y2'!E19 -> 0 | I26: =IF(H15=0,"-",(H26*100)/H15) -> - | J26: ='Cash Flow - Y2'!F19 -> 0 | K26: =IF(J15=0,"-",(J26*100)/J15) -> - | L26: ='Cash Flow - Y2'!G19 -> 0 | M26: =IF(L15=0,"-",(L26*100)/L15) -> - | N26: ='Cash Flow - Y2'!H19 -> 0 | O26: =IF(N15=0,"-",(N26*100)/N15) -> - | P26: ='Cash Flow - Y2'!I19 -> 0 | Q26: =IF(P15=0,"-",(P26*100)/P15) -> - | R26: ='Cash Flow - Y2'!J19 -> 0 | S26: =IF(R15=0,"-",(R26*100)/R15) -> - | T26: ='Cash Flow - Y2'!K19 -> 0 | U26: =IF(T15=0,"-",(T26*100)/T15) -> - | V26: ='Cash Flow - Y2'!L19 -> 0 | W26: =IF(V15=0,"-",(V26*100)/V15) -> - | X26: ='Cash Flow - Y2'!M19 -> 0 | Y26: =IF(X15=0,"-",(X26*100)/X15) -> - | Z26: ='Cash Flow - Y2'!N19 -> 0 | AA26: =IF(Z15=0,"-",(Z26*100)/Z15) -> - | AB26: =SUM(D26+F26+H26+J26+L26+N26+P26+R26+T26+V26+X26+Z26) -> 0 | AC26: =IF(AB15=0,"-",(AB26*100)/AB15) -> -
B27: Payroll Taxes | D27: ='Cash Flow - Y2'!C20 -> 0 | E27: =IF(D16=0,"-",(D27*100)/D16) -> - | F27: ='Cash Flow - Y2'!D20 -> 0 | G27: =IF(F16=0,"-",(F27*100)/F16) -> - | H27: ='Cash Flow - Y2'!E20 -> 0 | I27: =IF(H16=0,"-",(H27*100)/H16) -> - | J27: ='Cash Flow - Y2'!F20 -> 0 | K27: =IF(J16=0,"-",(J27*100)/J16) -> - | L27: ='Cash Flow - Y2'!G20 -> 0 | M27: =IF(L16=0,"-",(L27*100)/L16) -> - | N27: ='Cash Flow - Y2'!H20 -> 0 | O27: =IF(N16=0,"-",(N27*100)/N16) -> - | P27: ='Cash Flow - Y2'!I20 -> 0 | Q27: =IF(P16=0,"-",(P27*100)/P16) -> - | R27: ='Cash Flow - Y2'!J20 -> 0 | S27: =IF(R16=0,"-",(R27*100)/R16) -> - | T27: ='Cash Flow - Y2'!K20 -> 0 | U27: =IF(T16=0,"-",(T27*100)/T16) -> - | V27: ='Cash Flow - Y2'!L20 -> 0 | W27: =IF(V16=0,"-",(V27*100)/V16) -> - | X27: ='Cash Flow - Y2'!M20 -> 0 | Y27: =IF(X16=0,"-",(X27*100)/X16) -> - | Z27: ='Cash Flow - Y2'!N20 -> 0 | AA27: =IF(Z16=0,"-",(Z27*100)/Z16) -> - | AB27: =SUM(D27+F27+H27+J27+L27+N27+P27+R27+T27+V27+X27+Z27) -> 0 | AC27: =IF(AB16=0,"-",(AB27*100)/AB16) -> -
B28: Total Cost of Sales | D28: =SUM(D17:D27) -> 0 | E28: =IF(D14=0,"-",(D28*100)/D14) -> - | F28: =SUM(F17:F27) -> 0 | G28: =IF(F14=0,"-",(F28*100)/F14) -> - | H28: =SUM(H17:H27) -> 0 | I28: =IF(H14=0,"-",(H28*100)/H14) -> - | J28: =SUM(J17:J27) -> 0 | K28: =IF(J14=0,"-",(J28*100)/J14) -> - | L28: =SUM(L17:L27) -> 0 | M28: =IF(L14=0,"-",(L28*100)/L14) -> - | N28: =SUM(N17:N27) -> 0 | O28: =IF(N14=0,"-",(N28*100)/N14) -> - | P28: =SUM(P17:P27) -> 0 | Q28: =IF(P14=0,"-",(P28*100)/P14) -> - | R28: =SUM(R17:R27) -> 0 | S28: =IF(R14=0,"-",(R28*100)/R14) -> - | T28: =SUM(T17:T27) -> 0 | U28: =IF(T14=0,"-",(T28*100)/T14) -> - | V28: =SUM(V17:V27) -> 0 | W28: =IF(V14=0,"-",(V28*100)/V14) -> - | X28: =SUM(X17:X27) -> 0 | Y28: =IF(X14=0,"-",(X28*100)/X14) -> - | Z28: =SUM(Z17:Z27) -> 0 | AA28: =IF(Z14=0,"-",(Z28*100)/Z14) -> - | AB28: =SUM(AB17:AB27) -> 0 | AC28: =IF(AB14=0,"-",(AB28*100)/AB14) -> -
B29: Gross Profit | D29: =D14-D28 -> 0 | E29: =IF(D14=0,"-",(D29*100)/D14) -> - | F29: =F14-F28 -> 0 | G29: =IF(F14=0,"-",(F29*100)/F14) -> - | H29: =H14-H28 -> 0 | I29: =IF(H14=0,"-",(H29*100)/H14) -> - | J29: =J14-J28 -> 0 | K29: =IF(J14=0,"-",(J29*100)/J14) -> - | L29: =L14-L28 -> 0 | M29: =IF(L14=0,"-",(L29*100)/L14) -> - | N29: =N14-N28 -> 0 | O29: =IF(N14=0,"-",(N29*100)/N14) -> - | P29: =P14-P28 -> 0 | Q29: =IF(P14=0,"-",(P29*100)/P14) -> - | R29: =R14-R28 -> 0 | S29: =IF(R14=0,"-",(R29*100)/R14) -> - | T29: =T14-T28 -> 0 | U29: =IF(T14=0,"-",(T29*100)/T14) -> - | V29: =V14-V28 -> 0 | W29: =IF(V14=0,"-",(V29*100)/V14) -> - | X29: =X14-X28 -> 0 | Y29: =IF(X14=0,"-",(X29*100)/X14) -> - | Z29: =Z14-Z28 -> 0 | AA29: =IF(Z14=0,"-",(Z29*100)/Z14) -> - | AB29: =AB14-AB28 -> 0 | AC29: =IF(AB14=0,"-",(AB29*100)/AB14) -> -
B31: Expenses
B32: Salaries & Wages | D32: 0 | E32: =IF($D$14=0,"-",(D32*100)/$D$14) -> - | F32: 0 | G32: =IF(F$14=0,"-",(F32*100)/F$14) -> - | H32: 0 | I32: =IF(H$14=0,"-",(H32*100)/H$14) -> - | J32: 0 | K32: =IF(J$14=0,"-",(J32*100)/J$14) -> - | L32: 0 | M32: =IF(L$14=0,"-",(L32*100)/L$14) -> - | N32: 0 | O32: =IF(N$14=0,"-",(N32*100)/N$14) -> - | P32: 0 | Q32: =IF(P$14=0,"-",(P32*100)/P$14) -> - | R32: 0 | S32: =IF(R$14=0,"-",(R32*100)/R$14) -> - | T32: 0 | U32: =IF(T$14=0,"-",(T32*100)/T$14) -> - | V32: 0 | W32: =IF(V$14=0,"-",(V32*100)/V$14) -> - | X32: 0 | Y32: =IF(X$14=0,"-",(X32*100)/X$14) -> - | Z32: 0 | AA32: =IF(Z$14=0,"-",(Z32*100)/Z$14) -> - | AB32: =SUM(D32+F32+H32+J32+L32+N32+P32+R32+T32+V32+X32+Z32) -> 0 | AC32: =IF(AB$14=0,"-",(AB32*100)/AB$14) -> -
B33: Payroll Taxes | D33: 0 | E33: =IF($D$14=0,"-",(D33*100)/$D$14) -> - | F33: 0 | G33: =IF(F$14=0,"-",(F33*100)/F$14) -> - | H33: 0 | I33: =IF(H$14=0,"-",(H33*100)/H$14) -> - | J33: 0 | K33: =IF(J$14=0,"-",(J33*100)/J$14) -> - | L33: 0 | M33: =IF(L$14=0,"-",(L33*100)/L$14) -> - | N33: 0 | O33: =IF(N$14=0,"-",(N33*100)/N$14) -> - | P33: 0 | Q33: =IF(P$14=0,"-",(P33*100)/P$14) -> - | R33: 0 | S33: =IF(R$14=0,"-",(R33*100)/R$14) -> - | T33: 0 | U33: =IF(T$14=0,"-",(T33*100)/T$14) -> - | V33: 0 | W33: =IF(V$14=0,"-",(V33*100)/V$14) -> - | X33: 0 | Y33: =IF(X$14=0,"-",(X33*100)/X$14) -> - | Z33: 0 | AA33: =IF(Z$14=0,"-",(Z33*100)/Z$14) -> - | AB33: =SUM(D33+F33+H33+J33+L33+N33+P33+R33+T33+V33+X33+Z33) -> 0 | AC33: =IF(AB$14=0,"-",(AB33*100)/AB$14) -> -
B34: Outside Services (Fees) | D34: ='Cash Flow - Y2'!C21 -> 0 | E34: =IF($D$14=0,"-",(D34*100)/$D$14) -> - | F34: ='Cash Flow - Y2'!D21 -> 0 | G34: =IF(F$14=0,"-",(F34*100)/F$14) -> - | H34: ='Cash Flow - Y2'!E21 -> 0 | I34: =IF(H$14=0,"-",(H34*100)/H$14) -> - | J34: ='Cash Flow - Y2'!F21 -> 0 | K34: =IF(J$14=0,"-",(J34*100)/J$14) -> - | L34: ='Cash Flow - Y2'!G21 -> 0 | M34: =IF(L$14=0,"-",(L34*100)/L$14) -> - | N34: ='Cash Flow - Y2'!H21 -> 0 | O34: =IF(N$14=0,"-",(N34*100)/N$14) -> - | P34: ='Cash Flow - Y2'!I21 -> 0 | Q34: =IF(P$14=0,"-",(P34*100)/P$14) -> - | R34: ='Cash Flow - Y2'!J21 -> 0 | S34: =IF(R$14=0,"-",(R34*100)/R$14) -> - | T34: ='Cash Flow - Y2'!K21 -> 0 | U34: =IF(T$14=0,"-",(T34*100)/T$14) -> - | V34: ='Cash Flow - Y2'!L21 -> 0 | W34: =IF(V$14=0,"-",(V34*100)/V$14) -> - | X34: ='Cash Flow - Y2'!M21 -> 0 | Y34: =IF(X$14=0,"-",(X34*100)/X$14) -> - | Z34: ='Cash Flow - Y2'!N21 -> 0 | AA34: =IF(Z$14=0,"-",(Z34*100)/Z$14) -> - | AB34: =SUM(D34+F34+H34+J34+L34+N34+P34+R34+T34+V34+X34+Z34) -> 0 | AC34: =IF(AB$14=0,"-",(AB34*100)/AB$14) -> -
B35: Supplies (Office & Operating) | D35: ='Cash Flow - Y2'!C22 -> 0 | E35: =IF($D$14=0,"-",(D35*100)/$D$14) -> - | F35: ='Cash Flow - Y2'!D22 -> 0 | G35: =IF(F$14=0,"-",(F35*100)/F$14) -> - | H35: ='Cash Flow - Y2'!E22 -> 0 | I35: =IF(H$14=0,"-",(H35*100)/H$14) -> - | J35: ='Cash Flow - Y2'!F22 -> 0 | K35: =IF(J$14=0,"-",(J35*100)/J$14) -> - | L35: ='Cash Flow - Y2'!G22 -> 0 | M35: =IF(L$14=0,"-",(L35*100)/L$14) -> - | N35: ='Cash Flow - Y2'!H22 -> 0 | O35: =IF(N$14=0,"-",(N35*100)/N$14) -> - | P35: ='Cash Flow - Y2'!I22 -> 0 | Q35: =IF(P$14=0,"-",(P35*100)/P$14) -> - | R35: ='Cash Flow - Y2'!J22 -> 0 | S35: =IF(R$14=0,"-",(R35*100)/R$14) -> - | T35: ='Cash Flow - Y2'!K22 -> 0 | U35: =IF(T$14=0,"-",(T35*100)/T$14) -> - | V35: ='Cash Flow - Y2'!L22 -> 0 | W35: =IF(V$14=0,"-",(V35*100)/V$14) -> - | X35: ='Cash Flow - Y2'!M22 -> 0 | Y35: =IF(X$14=0,"-",(X35*100)/X$14) -> - | Z35: ='Cash Flow - Y2'!N22 -> 0 | AA35: =IF(Z$14=0,"-",(Z35*100)/Z$14) -> - | AB35: =SUM(D35+F35+H35+J35+L35+N35+P35+R35+T35+V35+X35+Z35) -> 0 | AC35: =IF(AB$14=0,"-",(AB35*100)/AB$14) -> -
B36: Repairs & Maintenance | D36: ='Cash Flow - Y2'!C23 -> 0 | E36: =IF($D$14=0,"-",(D36*100)/$D$14) -> - | F36: ='Cash Flow - Y2'!D23 -> 0 | G36: =IF(F$14=0,"-",(F36*100)/F$14) -> - | H36: ='Cash Flow - Y2'!E23 -> 0 | I36: =IF(H$14=0,"-",(H36*100)/H$14) -> - | J36: ='Cash Flow - Y2'!F23 -> 0 | K36: =IF(J$14=0,"-",(J36*100)/J$14) -> - | L36: ='Cash Flow - Y2'!G23 -> 0 | M36: =IF(L$14=0,"-",(L36*100)/L$14) -> - | N36: ='Cash Flow - Y2'!H23 -> 0 | O36: =IF(N$14=0,"-",(N36*100)/N$14) -> - | P36: ='Cash Flow - Y2'!I23 -> 0 | Q36: =IF(P$14=0,"-",(P36*100)/P$14) -> - | R36: ='Cash Flow - Y2'!J23 -> 0 | S36: =IF(R$14=0,"-",(R36*100)/R$14) -> - | T36: ='Cash Flow - Y2'!K23 -> 0 | U36: =IF(T$14=0,"-",(T36*100)/T$14) -> - | V36: ='Cash Flow - Y2'!L23 -> 0 | W36: =IF(V$14=0,"-",(V36*100)/V$14) -> - | X36: ='Cash Flow - Y2'!M23 -> 0 | Y36: =IF(X$14=0,"-",(X36*100)/X$14) -> - | Z36: ='Cash Flow - Y2'!N23 -> 0 | AA36: =IF(Z$14=0,"-",(Z36*100)/Z$14) -> - | AB36: =SUM(D36+F36+H36+J36+L36+N36+P36+R36+T36+V36+X36+Z36) -> 0 | AC36: =IF(AB$14=0,"-",(AB36*100)/AB$14) -> -
B37: Advertising | D37: ='Cash Flow - Y2'!C24 -> 0 | E37: =IF($D$14=0,"-",(D37*100)/$D$14) -> - | F37: ='Cash Flow - Y2'!D24 -> 0 | G37: =IF(F$14=0,"-",(F37*100)/F$14) -> - | H37: ='Cash Flow - Y2'!E24 -> 0 | I37: =IF(H$14=0,"-",(H37*100)/H$14) -> - | J37: ='Cash Flow - Y2'!F24 -> 0 | K37: =IF(J$14=0,"-",(J37*100)/J$14) -> - | L37: ='Cash Flow - Y2'!G24 -> 0 | M37: =IF(L$14=0,"-",(L37*100)/L$14) -> - | N37: ='Cash Flow - Y2'!H24 -> 0 | O37: =IF(N$14=0,"-",(N37*100)/N$14) -> - | P37: ='Cash Flow - Y2'!I24 -> 0 | Q37: =IF(P$14=0,"-",(P37*100)/P$14) -> - | R37: ='Cash Flow - Y2'!J24 -> 0 | S37: =IF(R$14=0,"-",(R37*100)/R$14) -> - | T37: ='Cash Flow - Y2'!K24 -> 0 | U37: =IF(T$14=0,"-",(T37*100)/T$14) -> - | V37: ='Cash Flow - Y2'!L24 -> 0 | W37: =IF(V$14=0,"-",(V37*100)/V$14) -> - | X37: ='Cash Flow - Y2'!M24 -> 0 | Y37: =IF(X$14=0,"-",(X37*100)/X$14) -> - | Z37: ='Cash Flow - Y2'!N24 -> 0 | AA37: =IF(Z$14=0,"-",(Z37*100)/Z$14) -> - | AB37: =SUM(D37+F37+H37+J37+L37+N37+P37+R37+T37+V37+X37+Z37) -> 0 | AC37: =IF(AB$14=0,"-",(AB37*100)/AB$14) -> -
B38: Signage | D38: ='Cash Flow - Y2'!C25 -> 0 | E38: =IF($D$14=0,"-",(D38*100)/$D$14) -> - | F38: ='Cash Flow - Y2'!D25 -> 0 | G38: =IF(F$14=0,"-",(F38*100)/F$14) -> - | H38: ='Cash Flow - Y2'!E25 -> 0 | I38: =IF(H$14=0,"-",(H38*100)/H$14) -> - | J38: ='Cash Flow - Y2'!F25 -> 0 | K38: =IF(J$14=0,"-",(J38*100)/J$14) -> - | L38: ='Cash Flow - Y2'!G25 -> 0 | M38: =IF(L$14=0,"-",(L38*100)/L$14) -> - | N38: ='Cash Flow - Y2'!H25 -> 0 | O38: =IF(N$14=0,"-",(N38*100)/N$14) -> - | P38: ='Cash Flow - Y2'!I25 -> 0 | Q38: =IF(P$14=0,"-",(P38*100)/P$14) -> - | R38: ='Cash Flow - Y2'!J25 -> 0 | S38: =IF(R$14=0,"-",(R38*100)/R$14) -> - | T38: ='Cash Flow - Y2'!K25 -> 0 | U38: =IF(T$14=0,"-",(T38*100)/T$14) -> - | V38: ='Cash Flow - Y2'!L25 -> 0 | W38: =IF(V$14=0,"-",(V38*100)/V$14) -> - | X38: ='Cash Flow - Y2'!M25 -> 0 | Y38: =IF(X$14=0,"-",(X38*100)/X$14) -> - | Z38: ='Cash Flow - Y2'!N25 -> 0 | AA38: =IF(Z$14=0,"-",(Z38*100)/Z$14) -> - | AB38: =SUM(D38+F38+H38+J38+L38+N38+P38+R38+T38+V38+X38+Z38) -> 0 | AC38: =IF(AB$14=0,"-",(AB38*100)/AB$14) -> -
B39: Printing | D39: ='Cash Flow - Y2'!C26 -> 0 | E39: =IF($D$14=0,"-",(D39*100)/$D$14) -> - | F39: ='Cash Flow - Y2'!D26 -> 0 | G39: =IF(F$14=0,"-",(F39*100)/F$14) -> - | H39: ='Cash Flow - Y2'!E26 -> 0 | I39: =IF(H$14=0,"-",(H39*100)/H$14) -> - | J39: ='Cash Flow - Y2'!F26 -> 0 | K39: =IF(J$14=0,"-",(J39*100)/J$14) -> - | L39: ='Cash Flow - Y2'!G26 -> 0 | M39: =IF(L$14=0,"-",(L39*100)/L$14) -> - | N39: ='Cash Flow - Y2'!H26 -> 0 | O39: =IF(N$14=0,"-",(N39*100)/N$14) -> - | P39: ='Cash Flow - Y2'!I26 -> 0 | Q39: =IF(P$14=0,"-",(P39*100)/P$14) -> - | R39: ='Cash Flow - Y2'!J26 -> 0 | S39: =IF(R$14=0,"-",(R39*100)/R$14) -> - | T39: ='Cash Flow - Y2'!K26 -> 0 | U39: =IF(T$14=0,"-",(T39*100)/T$14) -> - | V39: ='Cash Flow - Y2'!L26 -> 0 | W39: =IF(V$14=0,"-",(V39*100)/V$14) -> - | X39: ='Cash Flow - Y2'!M26 -> 0 | Y39: =IF(X$14=0,"-",(X39*100)/X$14) -> - | Z39: ='Cash Flow - Y2'!N26 -> 0 | AA39: =IF(Z$14=0,"-",(Z39*100)/Z$14) -> - | AB39: =SUM(D39+F39+H39+J39+L39+N39+P39+R39+T39+V39+X39+Z39) -> 0 | AC39: =IF(AB$14=0,"-",(AB39*100)/AB$14) -> -
B40: Transportation | D40: ='Cash Flow - Y2'!C27 -> 0 | E40: =IF($D$14=0,"-",(D40*100)/$D$14) -> - | F40: ='Cash Flow - Y2'!D27 -> 0 | G40: =IF(F$14=0,"-",(F40*100)/F$14) -> - | H40: ='Cash Flow - Y2'!E27 -> 0 | I40: =IF(H$14=0,"-",(H40*100)/H$14) -> - | J40: ='Cash Flow - Y2'!F27 -> 0 | K40: =IF(J$14=0,"-",(J40*100)/J$14) -> - | L40: ='Cash Flow - Y2'!G27 -> 0 | M40: =IF(L$14=0,"-",(L40*100)/L$14) -> - | N40: ='Cash Flow - Y2'!H27 -> 0 | O40: =IF(N$14=0,"-",(N40*100)/N$14) -> - | P40: ='Cash Flow - Y2'!I27 -> 0 | Q40: =IF(P$14=0,"-",(P40*100)/P$14) -> - | R40: ='Cash Flow - Y2'!J27 -> 0 | S40: =IF(R$14=0,"-",(R40*100)/R$14) -> - | T40: ='Cash Flow - Y2'!K27 -> 0 | U40: =IF(T$14=0,"-",(T40*100)/T$14) -> - | V40: ='Cash Flow - Y2'!L27 -> 0 | W40: =IF(V$14=0,"-",(V40*100)/V$14) -> - | X40: ='Cash Flow - Y2'!M27 -> 0 | Y40: =IF(X$14=0,"-",(X40*100)/X$14) -> - | Z40: ='Cash Flow - Y2'!N27 -> 0 | AA40: =IF(Z$14=0,"-",(Z40*100)/Z$14) -> - | AB40: =SUM(D40+F40+H40+J40+L40+N40+P40+R40+T40+V40+X40+Z40) -> 0 | AC40: =IF(AB$14=0,"-",(AB40*100)/AB$14) -> -
B41: Professional Fees | D41: ='Cash Flow - Y2'!C28 -> 0 | E41: =IF($D$14=0,"-",(D41*100)/$D$14) -> - | F41: ='Cash Flow - Y2'!D28 -> 0 | G41: =IF(F$14=0,"-",(F41*100)/F$14) -> - | H41: ='Cash Flow - Y2'!E28 -> 0 | I41: =IF(H$14=0,"-",(H41*100)/H$14) -> - | J41: ='Cash Flow - Y2'!F28 -> 0 | K41: =IF(J$14=0,"-",(J41*100)/J$14) -> - | L41: ='Cash Flow - Y2'!G28 -> 0 | M41: =IF(L$14=0,"-",(L41*100)/L$14) -> - | N41: ='Cash Flow - Y2'!H28 -> 0 | O41: =IF(N$14=0,"-",(N41*100)/N$14) -> - | P41: ='Cash Flow - Y2'!I28 -> 0 | Q41: =IF(P$14=0,"-",(P41*100)/P$14) -> - | R41: ='Cash Flow - Y2'!J28 -> 0 | S41: =IF(R$14=0,"-",(R41*100)/R$14) -> - | T41: ='Cash Flow - Y2'!K28 -> 0 | U41: =IF(T$14=0,"-",(T41*100)/T$14) -> - | V41: ='Cash Flow - Y2'!L28 -> 0 | W41: =IF(V$14=0,"-",(V41*100)/V$14) -> - | X41: ='Cash Flow - Y2'!M28 -> 0 | Y41: =IF(X$14=0,"-",(X41*100)/X$14) -> - | Z41: ='Cash Flow - Y2'!N28 -> 0 | AA41: =IF(Z$14=0,"-",(Z41*100)/Z$14) -> - | AB41: =SUM(D41+F41+H41+J41+L41+N41+P41+R41+T41+V41+X41+Z41) -> 0 | AC41: =IF(AB$14=0,"-",(AB41*100)/AB$14) -> -
B42: Creative Service Fees | D42: ='Cash Flow - Y2'!C29 -> 0 | E42: =IF($D$14=0,"-",(D42*100)/$D$14) -> - | F42: ='Cash Flow - Y2'!D29 -> 0 | G42: =IF(F$14=0,"-",(F42*100)/F$14) -> - | H42: ='Cash Flow - Y2'!E29 -> 0 | I42: =IF(H$14=0,"-",(H42*100)/H$14) -> - | J42: ='Cash Flow - Y2'!F29 -> 0 | K42: =IF(J$14=0,"-",(J42*100)/J$14) -> - | L42: ='Cash Flow - Y2'!G29 -> 0 | M42: =IF(L$14=0,"-",(L42*100)/L$14) -> - | N42: ='Cash Flow - Y2'!H29 -> 0 | O42: =IF(N$14=0,"-",(N42*100)/N$14) -> - | P42: ='Cash Flow - Y2'!I29 -> 0 | Q42: =IF(P$14=0,"-",(P42*100)/P$14) -> - | R42: ='Cash Flow - Y2'!J29 -> 0 | S42: =IF(R$14=0,"-",(R42*100)/R$14) -> - | T42: ='Cash Flow - Y2'!K29 -> 0 | U42: =IF(T$14=0,"-",(T42*100)/T$14) -> - | V42: ='Cash Flow - Y2'!L29 -> 0 | W42: =IF(V$14=0,"-",(V42*100)/V$14) -> - | X42: ='Cash Flow - Y2'!M29 -> 0 | Y42: =IF(X$14=0,"-",(X42*100)/X$14) -> - | Z42: ='Cash Flow - Y2'!N29 -> 0 | AA42: =IF(Z$14=0,"-",(Z42*100)/Z$14) -> - | AB42: =SUM(D42+F42+H42+J42+L42+N42+P42+R42+T42+V42+X42+Z42) -> 0 | AC42: =IF(AB$14=0,"-",(AB42*100)/AB$14) -> -
B43: Rent | D43: ='Cash Flow - Y2'!C30 -> 0 | E43: =IF($D$14=0,"-",(D43*100)/$D$14) -> - | F43: ='Cash Flow - Y2'!D30 -> 0 | G43: =IF(F$14=0,"-",(F43*100)/F$14) -> - | H43: ='Cash Flow - Y2'!E30 -> 0 | I43: =IF(H$14=0,"-",(H43*100)/H$14) -> - | J43: ='Cash Flow - Y2'!F30 -> 0 | K43: =IF(J$14=0,"-",(J43*100)/J$14) -> - | L43: ='Cash Flow - Y2'!G30 -> 0 | M43: =IF(L$14=0,"-",(L43*100)/L$14) -> - | N43: ='Cash Flow - Y2'!H30 -> 0 | O43: =IF(N$14=0,"-",(N43*100)/N$14) -> - | P43: ='Cash Flow - Y2'!I30 -> 0 | Q43: =IF(P$14=0,"-",(P43*100)/P$14) -> - | R43: ='Cash Flow - Y2'!J30 -> 0 | S43: =IF(R$14=0,"-",(R43*100)/R$14) -> - | T43: ='Cash Flow - Y2'!K30 -> 0 | U43: =IF(T$14=0,"-",(T43*100)/T$14) -> - | V43: ='Cash Flow - Y2'!L30 -> 0 | W43: =IF(V$14=0,"-",(V43*100)/V$14) -> - | X43: ='Cash Flow - Y2'!M30 -> 0 | Y43: =IF(X$14=0,"-",(X43*100)/X$14) -> - | Z43: ='Cash Flow - Y2'!N30 -> 0 | AA43: =IF(Z$14=0,"-",(Z43*100)/Z$14) -> - | AB43: =SUM(D43+F43+H43+J43+L43+N43+P43+R43+T43+V43+X43+Z43) -> 0 | AC43: =IF(AB$14=0,"-",(AB43*100)/AB$14) -> -
B44: Telephone | D44: ='Cash Flow - Y2'!C31 -> 0 | E44: =IF($D$14=0,"-",(D44*100)/$D$14) -> - | F44: ='Cash Flow - Y2'!D31 -> 0 | G44: =IF(F$14=0,"-",(F44*100)/F$14) -> - | H44: ='Cash Flow - Y2'!E31 -> 0 | I44: =IF(H$14=0,"-",(H44*100)/H$14) -> - | J44: ='Cash Flow - Y2'!F31 -> 0 | K44: =IF(J$14=0,"-",(J44*100)/J$14) -> - | L44: ='Cash Flow - Y2'!G31 -> 0 | M44: =IF(L$14=0,"-",(L44*100)/L$14) -> - | N44: ='Cash Flow - Y2'!H31 -> 0 | O44: =IF(N$14=0,"-",(N44*100)/N$14) -> - | P44: ='Cash Flow - Y2'!I31 -> 0 | Q44: =IF(P$14=0,"-",(P44*100)/P$14) -> - | R44: ='Cash Flow - Y2'!J31 -> 0 | S44: =IF(R$14=0,"-",(R44*100)/R$14) -> - | T44: ='Cash Flow - Y2'!K31 -> 0 | U44: =IF(T$14=0,"-",(T44*100)/T$14) -> - | V44: ='Cash Flow - Y2'!L31 -> 0 | W44: =IF(V$14=0,"-",(V44*100)/V$14) -> - | X44: ='Cash Flow - Y2'!M31 -> 0 | Y44: =IF(X$14=0,"-",(X44*100)/X$14) -> - | Z44: ='Cash Flow - Y2'!N31 -> 0 | AA44: =IF(Z$14=0,"-",(Z44*100)/Z$14) -> - | AB44: =SUM(D44+F44+H44+J44+L44+N44+P44+R44+T44+V44+X44+Z44) -> 0 | AC44: =IF(AB$14=0,"-",(AB44*100)/AB$14) -> -
B45: Internet | D45: ='Cash Flow - Y2'!C32 -> 0 | E45: =IF($D$14=0,"-",(D45*100)/$D$14) -> - | F45: ='Cash Flow - Y2'!D32 -> 0 | G45: =IF(F$14=0,"-",(F45*100)/F$14) -> - | H45: ='Cash Flow - Y2'!E32 -> 0 | I45: =IF(H$14=0,"-",(H45*100)/H$14) -> - | J45: ='Cash Flow - Y2'!F32 -> 0 | K45: =IF(J$14=0,"-",(J45*100)/J$14) -> - | L45: ='Cash Flow - Y2'!G32 -> 0 | M45: =IF(L$14=0,"-",(L45*100)/L$14) -> - | N45: ='Cash Flow - Y2'!H32 -> 0 | O45: =IF(N$14=0,"-",(N45*100)/N$14) -> - | P45: ='Cash Flow - Y2'!I32 -> 0 | Q45: =IF(P$14=0,"-",(P45*100)/P$14) -> - | R45: ='Cash Flow - Y2'!J32 -> 0 | S45: =IF(R$14=0,"-",(R45*100)/R$14) -> - | T45: ='Cash Flow - Y2'!K32 -> 0 | U45: =IF(T$14=0,"-",(T45*100)/T$14) -> - | V45: ='Cash Flow - Y2'!L32 -> 0 | W45: =IF(V$14=0,"-",(V45*100)/V$14) -> - | X45: ='Cash Flow - Y2'!M32 -> 0 | Y45: =IF(X$14=0,"-",(X45*100)/X$14) -> - | Z45: ='Cash Flow - Y2'!N32 -> 0 | AA45: =IF(Z$14=0,"-",(Z45*100)/Z$14) -> - | AB45: =SUM(D45+F45+H45+J45+L45+N45+P45+R45+T45+V45+X45+Z45) -> 0 | AC45: =IF(AB$14=0,"-",(AB45*100)/AB$14) -> -
... B50: Licenses | D50: ='Cash Flow - Y2'!C37 -> 0 | E50: =IF($D$14=0,"-",(D50*100)/$D$14) -> - | F50: ='Cash Flow - Y2'!D37 -> 0 | G50: =IF(F$14=0,"-",(F50*100)/F$14) -> - | H50: ='Cash Flow - Y2'!E37 -> 0 | I50: =IF(H$14=0,"-",(H50*100)/H$14) -> - | J50: ='Cash Flow - Y2'!F37 -> 0 | K50: =IF(J$14=0,"-",(J50*100)/J$14) -> - | L50: ='Cash Flow - Y2'!G37 -> 0 | M50: =IF(L$14=0,"-",(L50*100)/L$14) -> - | N50: ='Cash Flow - Y2'!H37 -> 0 | O50: =IF(N$14=0,"-",(N50*100)/N$14) -> - | P50: ='Cash Flow - Y2'!I37 -> 0 | Q50: =IF(P$14=0,"-",(P50*100)/P$14) -> - | R50: ='Cash Flow - Y2'!J37 -> 0 | S50: =IF(R$14=0,"-",(R50*100)/R$14) -> - | T50: ='Cash Flow - Y2'!K37 -> 0 | U50: =IF(T$14=0,"-",(T50*100)/T$14) -> - | V50: ='Cash Flow - Y2'!L37 -> 0 | W50: =IF(V$14=0,"-",(V50*100)/V$14) -> - | X50: ='Cash Flow - Y2'!M37 -> 0 | Y50: =IF(X$14=0,"-",(X50*100)/X$14) -> - | Z50: ='Cash Flow - Y2'!N37 -> 0 | AA50: =IF(Z$14=0,"-",(Z50*100)/Z$14) -> - | AB50: =SUM(D50+F50+H50+J50+L50+N50+P50+R50+T50+V50+X50+Z50) -> 0 | AC50: =IF(AB$14=0,"-",(AB50*100)/AB$14) -> -
B51: Depreciation | D51: 0 | E51: =IF($D$14=0,"-",(D51*100)/$D$14) -> - | F51: 0 | G51: =IF(F$14=0,"-",(F51*100)/F$14) -> - | H51: 0 | I51: =IF(H$14=0,"-",(H51*100)/H$14) -> - | J51: 0 | K51: =IF(J$14=0,"-",(J51*100)/J$14) -> - | L51: 0 | M51: =IF(L$14=0,"-",(L51*100)/L$14) -> - | N51: 0 | O51: =IF(N$14=0,"-",(N51*100)/N$14) -> - | P51: 0 | Q51: =IF(P$14=0,"-",(P51*100)/P$14) -> - | R51: 0 | S51: =IF(R$14=0,"-",(R51*100)/R$14) -> - | T51: 0 | U51: =IF(T$14=0,"-",(T51*100)/T$14) -> - | V51: 0 | W51: =IF(V$14=0,"-",(V51*100)/V$14) -> - | X51: 0 | Y51: =IF(X$14=0,"-",(X51*100)/X$14) -> - | Z51: 0 | AA51: =IF(Z$14=0,"-",(Z51*100)/Z$14) -> - | AB51: =SUM(D51+F51+H51+J51+L51+N51+P51+R51+T51+V51+X51+Z51) -> 0 | AC51: =IF(AB$14=0,"-",(AB51*100)/AB$14) -> -
B52: Research | D52: 0 | E52: =IF($D$14=0,"-",(D52*100)/$D$14) -> - | F52: 0 | G52: =IF(F$14=0,"-",(F52*100)/F$14) -> - | H52: 0 | I52: =IF(H$14=0,"-",(H52*100)/H$14) -> - | J52: 0 | K52: =IF(J$14=0,"-",(J52*100)/J$14) -> - | L52: 0 | M52: =IF(L$14=0,"-",(L52*100)/L$14) -> - | N52: 0 | O52: =IF(N$14=0,"-",(N52*100)/N$14) -> - | P52: 0 | Q52: =IF(P$14=0,"-",(P52*100)/P$14) -> - | R52: 0 | S52: =IF(R$14=0,"-",(R52*100)/R$14) -> - | T52: 0 | U52: =IF(T$14=0,"-",(T52*100)/T$14) -> - | V52: 0 | W52: =IF(V$14=0,"-",(V52*100)/V$14) -> - | X52: 0 | Y52: =IF(X$14=0,"-",(X52*100)/X$14) -> - | Z52: 0 | AA52: =IF(Z$14=0,"-",(Z52*100)/Z$14) -> - | AB52: =SUM(D52+F52+H52+J52+L52+N52+P52+R52+T52+V52+X52+Z52) -> 0 | AC52: =IF(AB$14=0,"-",(AB52*100)/AB$14) -> -
B53: Other expenses (Logo Mugs) | D53: ='Cash Flow - Y2'!C38 -> 0 | E53: =IF($D$14=0,"-",(D53*100)/$D$14) -> - | F53: ='Cash Flow - Y2'!D38 -> 0 | G53: =IF(F$14=0,"-",(F53*100)/F$14) -> - | H53: ='Cash Flow - Y2'!E38 -> 0 | I53: =IF(H$14=0,"-",(H53*100)/H$14) -> - | J53: ='Cash Flow - Y2'!F38 -> 0 | K53: =IF(J$14=0,"-",(J53*100)/J$14) -> - | L53: ='Cash Flow - Y2'!G38 -> 0 | M53: =IF(L$14=0,"-",(L53*100)/L$14) -> - | N53: ='Cash Flow - Y2'!H38 -> 0 | O53: =IF(N$14=0,"-",(N53*100)/N$14) -> - | P53: ='Cash Flow - Y2'!I38 -> 0 | Q53: =IF(P$14=0,"-",(P53*100)/P$14) -> - | R53: ='Cash Flow - Y2'!J38 -> 0 | S53: =IF(R$14=0,"-",(R53*100)/R$14) -> - | T53: ='Cash Flow - Y2'!K38 -> 0 | U53: =IF(T$14=0,"-",(T53*100)/T$14) -> - | V53: ='Cash Flow - Y2'!L38 -> 0 | W53: =IF(V$14=0,"-",(V53*100)/V$14) -> - | X53: ='Cash Flow - Y2'!M38 -> 0 | Y53: =IF(X$14=0,"-",(X53*100)/X$14) -> - | Z53: ='Cash Flow - Y2'!N38 -> 0 | AA53: =IF(Z$14=0,"-",(Z53*100)/Z$14) -> - | AB53: =SUM(D53+F53+H53+J53+L53+N53+P53+R53+T53+V53+X53+Z53) -> 0 | AC53: =IF(AB$14=0,"-",(AB53*100)/AB$14) -> -
B54: Misc. (unspecified) | E54: =IF($D$14=0,"-",(D54*100)/$D$14) -> - | G54: =IF(F$14=0,"-",(F54*100)/F$14) -> - | I54: =IF(H$14=0,"-",(H54*100)/H$14) -> - | K54: =IF(J$14=0,"-",(J54*100)/J$14) -> - | M54: =IF(L$14=0,"-",(L54*100)/L$14) -> - | O54: =IF(N$14=0,"-",(N54*100)/N$14) -> - | Q54: =IF(P$14=0,"-",(P54*100)/P$14) -> - | S54: =IF(R$14=0,"-",(R54*100)/R$14) -> - | U54: =IF(T$14=0,"-",(T54*100)/T$14) -> - | W54: =IF(V$14=0,"-",(V54*100)/V$14) -> - | Y54: =IF(X$14=0,"-",(X54*100)/X$14) -> - | AA54: =IF(Z$14=0,"-",(Z54*100)/Z$14) -> - | AC54: =IF(AB$14=0,"-",(AB54*100)/AB$14) -> -
B55: Misc. (unspecified) | E55: =IF($D$14=0,"-",(D55*100)/$D$14) -> - | G55: =IF(F$14=0,"-",(F55*100)/F$14) -> - | I55: =IF(H$14=0,"-",(H55*100)/H$14) -> - | K55: =IF(J$14=0,"-",(J55*100)/J$14) -> - | M55: =IF(L$14=0,"-",(L55*100)/L$14) -> - | O55: =IF(N$14=0,"-",(N55*100)/N$14) -> - | Q55: =IF(P$14=0,"-",(P55*100)/P$14) -> - | S55: =IF(R$14=0,"-",(R55*100)/R$14) -> - | U55: =IF(T$14=0,"-",(T55*100)/T$14) -> - | W55: =IF(V$14=0,"-",(V55*100)/V$14) -> - | Y55: =IF(X$14=0,"-",(X55*100)/X$14) -> - | AA55: =IF(Z$14=0,"-",(Z55*100)/Z$14) -> - | AC55: =IF(AB$14=0,"-",(AB55*100)/AB$14) -> -
B56: Total Expenses | D56: =SUM(D32:D55) -> 0 | E56: =IF($D$14=0,"-",(D56*100)/$D$14) -> - | F56: =SUM(F32:F55) -> 0 | G56: =IF(F$14=0,"-",(F56*100)/F$14) -> - | H56: =SUM(H32:H55) -> 0 | I56: =IF(H$14=0,"-",(H56*100)/H$14) -> - | J56: =SUM(J32:J55) -> 0 | K56: =IF(J$14=0,"-",(J56*100)/J$14) -> - | L56: =SUM(L32:L55) -> 0 | M56: =IF(L$14=0,"-",(L56*100)/L$14) -> - | N56: =SUM(N32:N55) -> 0 | O56: =IF(N$14=0,"-",(N56*100)/N$14) -> - | P56: =SUM(P32:P55) -> 0 | Q56: =IF(P$14=0,"-",(P56*100)/P$14) -> - | R56: =SUM(R32:R55) -> 0 | S56: =IF(R$14=0,"-",(R56*100)/R$14) -> - | T56: =SUM(T32:T55) -> 0 | U56: =IF(T$14=0,"-",(T56*100)/T$14) -> - | V56: =SUM(V32:V55) -> 0 | W56: =IF(V$14=0,"-",(V56*100)/V$14) -> - | X56: =SUM(X32:X55) -> 0 | Y56: =IF(X$14=0,"-",(X56*100)/X$14) -> - | Z56: =SUM(Z32:Z55) -> 0 | AA56: =IF(Z$14=0,"-",(Z56*100)/Z$14) -> - | AB56: =SUM(AB32:AB55) -> 0 | AC56: =IF(AB$14=0,"-",(AB56*100)/AB$14) -> -
B58: Net Profit | D58: =D29-D56 -> 0 | E58: =IF(D14=0,"-",(D58*100)/D14) -> - | F58: =F29-F56 -> 0 | G58: =IF(F14=0,"-",(F58*100)/F14) -> - | H58: =H29-H56 -> 0 | I58: =IF(H14=0,"-",(H58*100)/H14) -> - | J58: =J29-J56 -> 0 | K58: =IF(J14=0,"-",(J58*100)/J14) -> - | L58: =L29-L56 -> 0 | M58: =IF(L14=0,"-",(L58*100)/L14) -> - | N58: =N29-N56 -> 0 | O58: =IF(N14=0,"-",(N58*100)/N14) -> - | P58: =P29-P56 -> 0 | Q58: =IF(P14=0,"-",(P58*100)/P14) -> - | R58: =R29-R56 -> 0 | S58: =IF(R14=0,"-",(R58*100)/R14) -> - | T58: =T29-T56 -> 0 | U58: =IF(T14=0,"-",(T58*100)/T14) -> - | V58: =V29-V56 -> 0 | W58: =IF(V14=0,"-",(V58*100)/V14) -> - | X58: =X29-X56 -> 0 | Y58: =IF(X14=0,"-",(X58*100)/X14) -> - | Z58: =Z29-Z56 -> 0 | AA58: =IF(Z14=0,"-",(Z58*100)/Z14) -> - | AB58: =AB29-AB56 -> 0 | AC58: =IF(AB14=0,"-",(AB58*100)/AB14) -> -

Sheet P&L - Y3
A1: TWELVE MONTH PROFIT & LOSS PROJECTION
J2: Business Name | Q2: Fiscal Year Begins | R2: Year 3
C4: IND. % | D4: Jan | E4: % | F4: Feb | G4: % | H4: Mar | I4: % | J4: Apr | K4: % | L4: May | M4: % | N4: Jun | O4: % | P4: July | Q4: % | R4: Aug | S4: % | T4: Sept | U4: % | V4: Oct | W4: % | X4: Nov | Y4: % | Z4: Dec | AA4: % | AB4: YEARLY | AC4: %
B5: Revenue (Sales)
B6: ='Cash Flow - Y3'!B8 -> 60% pay $10 | D6: ='Cash Flow - Y3'!C8 -> 0 | E6: =IF($D$14=0,"-",(D6*100)/$D$14) -> - | F6: ='Cash Flow - Y3'!D8 -> 0 | G6: =IF(F$14=0,"-",(F6*100)/F$14) -> - | H6: ='Cash Flow - Y3'!E8 -> 0 | I6: =IF(H$14=0,"-",(H6*100)/H$14) -> - | J6: ='Cash Flow - Y3'!F8 -> 0 | K6: =IF(J$14=0,"-",(J6*100)/J$14) -> - | L6: ='Cash Flow - Y3'!G8 -> 0 | M6: =IF(L$14=0,"-",(L6*100)/L$14) -> - | N6: ='Cash Flow - Y3'!H8 -> 0 | O6: =IF(N$14=0,"-",(N6*100)/N$14) -> - | P6: ='Cash Flow - Y3'!I8 -> 0 | Q6: =IF(P$14=0,"-",(P6*100)/P$14) -> - | R6: ='Cash Flow - Y3'!J8 -> 0 | S6: =IF(R$14=0,"-",(R6*100)/R$14) -> - | T6: ='Cash Flow - Y3'!K8 -> 0 | U6: =IF(T$14=0,"-",(T6*100)/T$14) -> - | V6: ='Cash Flow - Y3'!L8 -> 0 | W6: =IF(V$14=0,"-",(V6*100)/V$14) -> - | X6: ='Cash Flow - Y3'!M8 -> 0 | Y6: =IF(X$14=0,"-",(X6*100)/X$14) -> - | Z6: ='Cash Flow - Y3'!N8 -> 0 | AA6: =IF(Z$14=0,"-",(Z6*100)/Z$14) -> - | AB6: =SUM(D6+F6+H6+J6+L6+N6+P6+R6+T6+V6+X6+Z6) -> 0 | AC6: =IF(AB$14=0,"-",(AB6*100)/AB$14) -> -
B7: ='Cash Flow - Y3'!B9 -> 20% pay $5 | D7: ='Cash Flow - Y3'!C9 -> 0 | E7: =IF($D$14=0,"-",(D7*100)/$D$14) -> - | F7: ='Cash Flow - Y3'!D9 -> 0 | G7: =IF(F$14=0,"-",(F7*100)/F$14) -> - | H7: ='Cash Flow - Y3'!E9 -> 0 | I7: =IF(H$14=0,"-",(H7*100)/H$14) -> - | J7: ='Cash Flow - Y3'!F9 -> 0 | K7: =IF(J$14=0,"-",(J7*100)/J$14) -> - | L7: ='Cash Flow - Y3'!G9 -> 0 | M7: =IF(L$14=0,"-",(L7*100)/L$14) -> - | N7: ='Cash Flow - Y3'!H9 -> 0 | O7: =IF(N$14=0,"-",(N7*100)/N$14) -> - | P7: ='Cash Flow - Y3'!I9 -> 0 | Q7: =IF(P$14=0,"-",(P7*100)/P$14) -> - | R7: ='Cash Flow - Y3'!J9 -> 0 | S7: =IF(R$14=0,"-",(R7*100)/R$14) -> - | T7: ='Cash Flow - Y3'!K9 -> 0 | U7: =IF(T$14=0,"-",(T7*100)/T$14) -> - | V7: ='Cash Flow - Y3'!L9 -> 0 | W7: =IF(V$14=0,"-",(V7*100)/V$14) -> - | X7: ='Cash Flow - Y3'!M9 -> 0 | Y7: =IF(X$14=0,"-",(X7*100)/X$14) -> - | Z7: ='Cash Flow - Y3'!N9 -> 0 | AA7: =IF(Z$14=0,"-",(Z7*100)/Z$14) -> - | AB7: =SUM(D7+F7+H7+J7+L7+N7+P7+R7+T7+V7+X7+Z7) -> 0 | AC7: =IF(AB$14=0,"-",(AB7*100)/AB$14) -> -
B8: ='Cash Flow - Y3'!B10 -> 20% pay $20 | D8: ='Cash Flow - Y3'!C10 -> 0 | E8: =IF($D$14=0,"-",(D8*100)/$D$14) -> - | F8: ='Cash Flow - Y3'!D10 -> 0 | G8: =IF(F$14=0,"-",(F8*100)/F$14) -> - | H8: ='Cash Flow - Y3'!E10 -> 0 | I8: =IF(H$14=0,"-",(H8*100)/H$14) -> - | J8: ='Cash Flow - Y3'!F10 -> 0 | K8: =IF(J$14=0,"-",(J8*100)/J$14) -> - | L8: ='Cash Flow - Y3'!G10 -> 0 | M8: =IF(L$14=0,"-",(L8*100)/L$14) -> - | N8: ='Cash Flow - Y3'!H10 -> 0 | O8: =IF(N$14=0,"-",(N8*100)/N$14) -> - | P8: ='Cash Flow - Y3'!I10 -> 0 | Q8: =IF(P$14=0,"-",(P8*100)/P$14) -> - | R8: ='Cash Flow - Y3'!J10 -> 0 | S8: =IF(R$14=0,"-",(R8*100)/R$14) -> - | T8: ='Cash Flow - Y3'!K10 -> 0 | U8: =IF(T$14=0,"-",(T8*100)/T$14) -> - | V8: ='Cash Flow - Y3'!L10 -> 0 | W8: =IF(V$14=0,"-",(V8*100)/V$14) -> - | X8: ='Cash Flow - Y3'!M10 -> 0 | Y8: =IF(X$14=0,"-",(X8*100)/X$14) -> - | Z8: ='Cash Flow - Y3'!N10 -> 0 | AA8: =IF(Z$14=0,"-",(Z8*100)/Z$14) -> - | AB8: =SUM(D8+F8+H8+J8+L8+N8+P8+R8+T8+V8+X8+Z8) -> 0 | AC8: =IF(AB$14=0,"-",(AB8*100)/AB$14) -> -
B9: ='Cash Flow - Y3'!B11 | D9: ='Cash Flow - Y3'!C11 -> 0 | E9: =IF($D$14=0,"-",(D9*100)/$D$14) -> - | F9: ='Cash Flow - Y3'!D11 -> 0 | G9: =IF(F$14=0,"-",(F9*100)/F$14) -> - | H9: ='Cash Flow - Y3'!E11 -> 0 | I9: =IF(H$14=0,"-",(H9*100)/H$14) -> - | J9: ='Cash Flow - Y3'!F11 -> 0 | K9: =IF(J$14=0,"-",(J9*100)/J$14) -> - | L9: ='Cash Flow - Y3'!G11 -> 0 | M9: =IF(L$14=0,"-",(L9*100)/L$14) -> - | N9: ='Cash Flow - Y3'!H11 -> 0 | O9: =IF(N$14=0,"-",(N9*100)/N$14) -> - | P9: ='Cash Flow - Y3'!I11 -> 0 | Q9: =IF(P$14=0,"-",(P9*100)/P$14) -> - | R9: ='Cash Flow - Y3'!J11 -> 0 | S9: =IF(R$14=0,"-",(R9*100)/R$14) -> - | T9: ='Cash Flow - Y3'!K11 -> 0 | U9: =IF(T$14=0,"-",(T9*100)/T$14) -> - | V9: ='Cash Flow - Y3'!L11 -> 0 | W9: =IF(V$14=0,"-",(V9*100)/V$14) -> - | X9: ='Cash Flow - Y3'!M11 -> 0 | Y9: =IF(X$14=0,"-",(X9*100)/X$14) -> - | Z9: ='Cash Flow - Y3'!N11 -> 0 | AA9: =IF(Z$14=0,"-",(Z9*100)/Z$14) -> - | AB9: =SUM(D9+F9+H9+J9+L9+N9+P9+R9+T9+V9+X9+Z9) -> 0 | AC9: =IF(AB$14=0,"-",(AB9*100)/AB$14) -> -
B10: Other | E10: =IF($D$14=0,"-",(D10*100)/$D$14) -> - | G10: =IF(F$14=0,"-",(F10*100)/F$14) -> - | I10: =IF(H$14=0,"-",(H10*100)/H$14) -> - | K10: =IF(J$14=0,"-",(J10*100)/J$14) -> - | M10: =IF(L$14=0,"-",(L10*100)/L$14) -> - | O10: =IF(N$14=0,"-",(N10*100)/N$14) -> - | Q10: =IF(P$14=0,"-",(P10*100)/P$14) -> - | S10: =IF(R$14=0,"-",(R10*100)/R$14) -> - | U10: =IF(T$14=0,"-",(T10*100)/T$14) -> - | W10: =IF(V$14=0,"-",(V10*100)/V$14) -> - | Y10: =IF(X$14=0,"-",(X10*100)/X$14) -> - | AA10: =IF(Z$14=0,"-",(Z10*100)/Z$14) -> - | AC10: =IF(AB$14=0,"-",(AB10*100)/AB$14) -> -
B11: Category 5 | E11: =IF($D$14=0,"-",(D11*100)/$D$14) -> - | G11: =IF(F$14=0,"-",(F11*100)/F$14) -> - | I11: =IF(H$14=0,"-",(H11*100)/H$14) -> - | K11: =IF(J$14=0,"-",(J11*100)/J$14) -> - | M11: =IF(L$14=0,"-",(L11*100)/L$14) -> - | O11: =IF(N$14=0,"-",(N11*100)/N$14) -> - | Q11: =IF(P$14=0,"-",(P11*100)/P$14) -> - | S11: =IF(R$14=0,"-",(R11*100)/R$14) -> - | U11: =IF(T$14=0,"-",(T11*100)/T$14) -> - | W11: =IF(V$14=0,"-",(V11*100)/V$14) -> - | Y11: =IF(X$14=0,"-",(X11*100)/X$14) -> - | AA11: =IF(Z$14=0,"-",(Z11*100)/Z$14) -> - | AC11: =IF(AB$14=0,"-",(AB11*100)/AB$14) -> -
B12: Category 6 | E12: =IF($D$14=0,"-",(D12*100)/$D$14) -> - | G12: =IF(F$14=0,"-",(F12*100)/F$14) -> - | I12: =IF(H$14=0,"-",(H12*100)/H$14) -> - | K12: =IF(J$14=0,"-",(J12*100)/J$14) -> - | M12: =IF(L$14=0,"-",(L12*100)/L$14) -> - | O12: =IF(N$14=0,"-",(N12*100)/N$14) -> - | Q12: =IF(P$14=0,"-",(P12*100)/P$14) -> - | S12: =IF(R$14=0,"-",(R12*100)/R$14) -> - | U12: =IF(T$14=0,"-",(T12*100)/T$14) -> - | W12: =IF(V$14=0,"-",(V12*100)/V$14) -> - | Y12: =IF(X$14=0,"-",(X12*100)/X$14) -> - | AA12: =IF(Z$14=0,"-",(Z12*100)/Z$14) -> - | AC12: =IF(AB$14=0,"-",(AB12*100)/AB$14) -> -
B13: Category 7 | E13: =IF($D$14=0,"-",(D13*100)/$D$14) -> - | G13: =IF(F$14=0,"-",(F13*100)/F$14) -> - | I13: =IF(H$14=0,"-",(H13*100)/H$14) -> - | K13: =IF(J$14=0,"-",(J13*100)/J$14) -> - | M13: =IF(L$14=0,"-",(L13*100)/L$14) -> - | O13: =IF(N$14=0,"-",(N13*100)/N$14) -> - | Q13: =IF(P$14=0,"-",(P13*100)/P$14) -> - | S13: =IF(R$14=0,"-",(R13*100)/R$14) -> - | U13: =IF(T$14=0,"-",(T13*100)/T$14) -> - | W13: =IF(V$14=0,"-",(V13*100)/V$14) -> - | Y13: =IF(X$14=0,"-",(X13*100)/X$14) -> - | AA13: =IF(Z$14=0,"-",(Z13*100)/Z$14) -> - | AC13: =IF(AB$14=0,"-",(AB13*100)/AB$14) -> -
B14: Total Revenue (Sales) | D14: =SUM(D6:D13) -> 0 | E14: =SUM(E6:E13) -> 0 | F14: =SUM(F6:F13) -> 0 | G14: =SUM(G6:G13) -> 0 | H14: =SUM(H6:H13) -> 0 | I14: =SUM(I6:I13) -> 0 | J14: =SUM(J6:J13) -> 0 | K14: =SUM(K6:K13) -> 0 | ... AC14: =SUM(AC6:AC13) -> 0
B16: Cost of Sales
B17: Food Vendors | D17: ='P&L - Y2'!D17*1.05 -> 0 | E17: ='P&L - Y2'!E17*1.05 -> #VALUE! | F17: ='P&L - Y2'!F17*1.05 -> 0 | G17: ='P&L - Y2'!G17*1.05 -> #VALUE! | H17: ='P&L - Y2'!H17*1.05 -> 0 | I17: ='P&L - Y2'!I17*1.05 -> #VALUE! | J17: ='P&L - Y2'!J17*1.05 -> 0 | K17: ='P&L - Y2'!K17*1.05 -> #VALUE! | ... R17: ='P&L - Y2'!R17*1.05 -> 0 | S17: =IF(R6=0,"-",(R17*100)/R6) -> - | T17: =SUM('P&L - Y2'!T17*1.08) -> 0 | U17: =SUM('P&L - Y2'!U17*1.08) -> #VALUE! | V17: =SUM('P&L - Y2'!V17*1.08) -> 0 | W17: =SUM('P&L - Y2'!W17*1.08) -> #VALUE! | X17: =SUM('P&L - Y2'!X17*1.08) -> 0 | Y17: =SUM('P&L - Y2'!Y17*1.08) -> #VALUE! | Z17: =SUM('P&L - Y2'!Z17*1.08) -> 0 | AA17: =IF(Z6=0,"-",(Z17*100)/Z6) -> - | AB17: =SUM(D17+F17+H17+J17+L17+N17+P17+R17+T17+V17+X17+Z17) -> 0 | AC17: =IF(AB6=0,"-",(AB17*100)/AB6) -> -
B18: Non Food Vendors | D18: ='P&L - Y2'!D18*1.05 -> 0 | E18: ='P&L - Y2'!E18*1.05 -> #VALUE! | F18: ='P&L - Y2'!F18*1.05 -> 0 | G18: ='P&L - Y2'!G18*1.05 -> #VALUE! | H18: ='P&L - Y2'!H18*1.05 -> 0 | I18: ='P&L - Y2'!I18*1.05 -> #VALUE! | J18: ='P&L - Y2'!J18*1.05 -> 0 | K18: ='P&L - Y2'!K18*1.05 -> #VALUE! | ... R18: ='P&L - Y2'!R18*1.05 -> 0 | S18: =IF(R7=0,"-",(R18*100)/R7) -> - | T18: =SUM('P&L - Y2'!T18*1.08) -> 0 | U18: =SUM('P&L - Y2'!U18*1.08) -> #VALUE! | V18: =SUM('P&L - Y2'!V18*1.08) -> 0 | W18: =SUM('P&L - Y2'!W18*1.08) -> #VALUE! | X18: =SUM('P&L - Y2'!X18*1.08) -> 0 | Y18: =SUM('P&L - Y2'!Y18*1.08) -> #VALUE! | Z18: =SUM('P&L - Y2'!Z18*1.08) -> 0 | AA18: =IF(Z7=0,"-",(Z18*100)/Z7) -> - | AB18: =SUM(D18+F18+H18+J18+L18+N18+P18+R18+T18+V18+X18+Z18) -> 0 | AC18: =IF(AB7=0,"-",(AB18*100)/AB7) -> -
B19: European Imports Ltd | E19: =IF(D8=0,"-",(D19*100)/D8) -> - | G19: =IF(F8=0,"-",(F19*100)/F8) -> - | I19: =IF(H8=0,"-",(H19*100)/H8) -> - | K19: =IF(J8=0,"-",(J19*100)/J8) -> - | M19: =IF(L8=0,"-",(L19*100)/L8) -> - | O19: =IF(N8=0,"-",(N19*100)/N8) -> - | Q19: =IF(P8=0,"-",(P19*100)/P8) -> - | S19: =IF(R8=0,"-",(R19*100)/R8) -> - | U19: =IF(T8=0,"-",(T19*100)/T8) -> - | W19: =IF(V8=0,"-",(V19*100)/V8) -> - | Y19: =IF(X8=0,"-",(X19*100)/X8) -> - | AA19: =IF(Z8=0,"-",(Z19*100)/Z8) -> - | AB19: =SUM(D19+F19+H19+J19+L19+N19+P19+R19+T19+V19+X19+Z19) -> 0 | AC19: =IF(AB8=0,"-",(AB19*100)/AB8) -> -
B20: Swiss Chalet | E20: =IF(D9=0,"-",(D20*100)/D9) -> - | G20: =IF(F9=0,"-",(F20*100)/F9) -> - | I20: =IF(H9=0,"-",(H20*100)/H9) -> - | K20: =IF(J9=0,"-",(J20*100)/J9) -> - | M20: =IF(L9=0,"-",(L20*100)/L9) -> - | O20: =IF(N9=0,"-",(N20*100)/N9) -> - | Q20: =IF(P9=0,"-",(P20*100)/P9) -> - | S20: =IF(R9=0,"-",(R20*100)/R9) -> - | U20: =IF(T9=0,"-",(T20*100)/T9) -> - | W20: =IF(V9=0,"-",(V20*100)/V9) -> - | Y20: =IF(X9=0,"-",(X20*100)/X9) -> - | AA20: =IF(Z9=0,"-",(Z20*100)/Z9) -> - | AB20: =SUM(D20+F20+H20+J20+L20+N20+P20+R20+T20+V20+X20+Z20) -> 0 | AC20: =IF(AB9=0,"-",(AB20*100)/AB9) -> -
B21: Pacific Gourmet | E21: =IF(D10=0,"-",(D21*100)/D10) -> - | G21: =IF(F10=0,"-",(F21*100)/F10) -> - | I21: =IF(H10=0,"-",(H21*100)/H10) -> - | K21: =IF(J10=0,"-",(J21*100)/J10) -> - | M21: =IF(L10=0,"-",(L21*100)/L10) -> - | O21: =IF(N10=0,"-",(N21*100)/N10) -> - | Q21: =IF(P10=0,"-",(P21*100)/P10) -> - | S21: =IF(R10=0,"-",(R21*100)/R10) -> - | U21: =IF(T10=0,"-",(T21*100)/T10) -> - | W21: =IF(V10=0,"-",(V21*100)/V10) -> - | Y21: =IF(X10=0,"-",(X21*100)/X10) -> - | AA21: =IF(Z10=0,"-",(Z21*100)/Z10) -> - | AB21: =SUM(D21+F21+H21+J21+L21+N21+P21+R21+T21+V21+X21+Z21) -> 0 | AC21: =IF(AB10=0,"-",(AB21*100)/AB10) -> -
B22: Other | E22: =IF(D11=0,"-",(D22*100)/D11) -> - | G22: =IF(F11=0,"-",(F22*100)/F11) -> - | I22: =IF(H11=0,"-",(H22*100)/H11) -> - | K22: =IF(J11=0,"-",(J22*100)/J11) -> - | M22: =IF(L11=0,"-",(L22*100)/L11) -> - | O22: =IF(N11=0,"-",(N22*100)/N11) -> - | Q22: =IF(P11=0,"-",(P22*100)/P11) -> - | S22: =IF(R11=0,"-",(R22*100)/R11) -> - | U22: =IF(T11=0,"-",(T22*100)/T11) -> - | W22: =IF(V11=0,"-",(V22*100)/V11) -> - | Y22: =IF(X11=0,"-",(X22*100)/X11) -> - | AA22: =IF(Z11=0,"-",(Z22*100)/Z11) -> - | AB22: =SUM(D22+F22+H22+J22+L22+N22+P22+R22+T22+V22+X22+Z22) -> 0 | AC22: =IF(AB11=0,"-",(AB22*100)/AB11) -> -
B23: BRP Box Shop | E23: =IF(D12=0,"-",(D23*100)/D12) -> - | G23: =IF(F12=0,"-",(F23*100)/F12) -> - | I23: =IF(H12=0,"-",(H23*100)/H12) -> - | K23: =IF(J12=0,"-",(J23*100)/J12) -> - | M23: =IF(L12=0,"-",(L23*100)/L12) -> - | O23: =IF(N12=0,"-",(N23*100)/N12) -> - | Q23: =IF(P12=0,"-",(P23*100)/P12) -> - | S23: =IF(R12=0,"-",(R23*100)/R12) -> - | U23: =IF(T12=0,"-",(T23*100)/T12) -> - | W23: =IF(V12=0,"-",(V23*100)/V12) -> - | Y23: =IF(X12=0,"-",(X23*100)/X12) -> - | AA23: =IF(Z12=0,"-",(Z23*100)/Z12) -> - | AB23: =SUM(D23+F23+H23+J23+L23+N23+P23+R23+T23+V23+X23+Z23) -> 0 | AC23: =IF(AB12=0,"-",(AB23*100)/AB12) -> -
B24: Carolina Retail Packaging | E24: =IF(D13=0,"-",(D24*100)/D13) -> - | G24: =IF(F13=0,"-",(F24*100)/F13) -> - | I24: =IF(H13=0,"-",(H24*100)/H13) -> - | K24: =IF(J13=0,"-",(J24*100)/J13) -> - | M24: =IF(L13=0,"-",(L24*100)/L13) -> - | O24: =IF(N13=0,"-",(N24*100)/N13) -> - | Q24: =IF(P13=0,"-",(P24*100)/P13) -> - | S24: =IF(R13=0,"-",(R24*100)/R13) -> - | U24: =IF(T13=0,"-",(T24*100)/T13) -> - | W24: =IF(V13=0,"-",(V24*100)/V13) -> - | Y24: =IF(X13=0,"-",(X24*100)/X13) -> - | AA24: =IF(Z13=0,"-",(Z24*100)/Z13) -> - | AB24: =SUM(D24+F24+H24+J24+L24+N24+P24+R24+T24+V24+X24+Z24) -> 0 | AC24: =IF(AB13=0,"-",(AB24*100)/AB13) -> -
B25: Nashville Wraps | E25: =IF(D14=0,"-",(D25*100)/D14) -> - | G25: =IF(F14=0,"-",(F25*100)/F14) -> - | I25: =IF(H14=0,"-",(H25*100)/H14) -> - | K25: =IF(J14=0,"-",(J25*100)/J14) -> - | M25: =IF(L14=0,"-",(L25*100)/L14) -> - | O25: =IF(N14=0,"-",(N25*100)/N14) -> - | Q25: =IF(P14=0,"-",(P25*100)/P14) -> - | S25: =IF(R14=0,"-",(R25*100)/R14) -> - | U25: =IF(T14=0,"-",(T25*100)/T14) -> - | W25: =IF(V14=0,"-",(V25*100)/V14) -> - | Y25: =IF(X14=0,"-",(X25*100)/X14) -> - | AA25: =IF(Z14=0,"-",(Z25*100)/Z14) -> - | AB25: =SUM(D25+F25+H25+J25+L25+N25+P25+R25+T25+V25+X25+Z25) -> 0 | AC25: =IF(AB14=0,"-",(AB25*100)/AB14) -> -
B26: Payroll Expenses | D26: ='Cash Flow - Y3'!C19 -> 0 | E26: =IF(D15=0,"-",(D26*100)/D15) -> - | F26: ='Cash Flow - Y3'!D19 -> 0 | G26: =IF(F15=0,"-",(F26*100)/F15) -> - | H26: ='Cash Flow - Y3'!E19 -> 0 | I26: =IF(H15=0,"-",(H26*100)/H15) -> - | J26: ='Cash Flow - Y3'!F19 -> 0 | K26: =IF(J15=0,"-",(J26*100)/J15) -> - | L26: ='Cash Flow - Y3'!G19 -> 0 | M26: =IF(L15=0,"-",(L26*100)/L15) -> - | N26: ='Cash Flow - Y3'!H19 -> 0 | O26: =IF(N15=0,"-",(N26*100)/N15) -> - | P26: ='Cash Flow - Y3'!I19 -> 0 | Q26: =IF(P15=0,"-",(P26*100)/P15) -> - | R26: ='Cash Flow - Y3'!J19 -> 0 | S26: =IF(R15=0,"-",(R26*100)/R15) -> - | T26: ='Cash Flow - Y3'!K19 -> 0 | U26: =IF(T15=0,"-",(T26*100)/T15) -> - | V26: ='Cash Flow - Y3'!L19 -> 0 | W26: =IF(V15=0,"-",(V26*100)/V15) -> - | X26: ='Cash Flow - Y3'!M19 -> 0 | Y26: =IF(X15=0,"-",(X26*100)/X15) -> - | Z26: ='Cash Flow - Y3'!N19 -> 0 | AA26: =IF(Z15=0,"-",(Z26*100)/Z15) -> - | AB26: =SUM(D26+F26+H26+J26+L26+N26+P26+R26+T26+V26+X26+Z26) -> 0 | AC26: =IF(AB15=0,"-",(AB26*100)/AB15) -> -
B27: Payroll Taxes | D27: ='Cash Flow - Y3'!C20 -> 0 | E27: =IF(D16=0,"-",(D27*100)/D16) -> - | F27: ='Cash Flow - Y3'!D20 -> 0 | G27: =IF(F16=0,"-",(F27*100)/F16) -> - | H27: ='Cash Flow - Y3'!E20 -> 0 | I27: =IF(H16=0,"-",(H27*100)/H16) -> - | J27: ='Cash Flow - Y3'!F20 -> 0 | K27: =IF(J16=0,"-",(J27*100)/J16) -> - | L27: ='Cash Flow - Y3'!G20 -> 0 | M27: =IF(L16=0,"-",(L27*100)/L16) -> - | N27: ='Cash Flow - Y3'!H20 -> 0 | O27: =IF(N16=0,"-",(N27*100)/N16) -> - | P27: ='Cash Flow - Y3'!I20 -> 0 | Q27: =IF(P16=0,"-",(P27*100)/P16) -> - | R27: ='Cash Flow - Y3'!J20 -> 0 | S27: =IF(R16=0,"-",(R27*100)/R16) -> - | T27: ='Cash Flow - Y3'!K20 -> 0 | U27: =IF(T16=0,"-",(T27*100)/T16) -> - | V27: ='Cash Flow - Y3'!L20 -> 0 | W27: =IF(V16=0,"-",(V27*100)/V16) -> - | X27: ='Cash Flow - Y3'!M20 -> 0 | Y27: =IF(X16=0,"-",(X27*100)/X16) -> - | Z27: ='Cash Flow - Y3'!N20 -> 0 | AA27: =IF(Z16=0,"-",(Z27*100)/Z16) -> - | AB27: =SUM(D27+F27+H27+J27+L27+N27+P27+R27+T27+V27+X27+Z27) -> 0 | AC27: =IF(AB16=0,"-",(AB27*100)/AB16) -> -
B28: Total Cost of Sales | D28: =SUM(D17:D27) -> 0 | E28: =IF(D14=0,"-",(D28*100)/D14) -> - | F28: =SUM(F17:F27) -> 0 | G28: =IF(F14=0,"-",(F28*100)/F14) -> - | H28: =SUM(H17:H27) -> 0 | I28: =IF(H14=0,"-",(H28*100)/H14) -> - | J28: =SUM(J17:J27) -> 0 | K28: =IF(J14=0,"-",(J28*100)/J14) -> - | L28: =SUM(L17:L27) -> 0 | M28: =IF(L14=0,"-",(L28*100)/L14) -> - | N28: =SUM(N17:N27) -> 0 | O28: =IF(N14=0,"-",(N28*100)/N14) -> - | P28: =SUM(P17:P27) -> 0 | Q28: =IF(P14=0,"-",(P28*100)/P14) -> - | R28: =SUM(R17:R27) -> 0 | S28: =IF(R14=0,"-",(R28*100)/R14) -> - | T28: =SUM(T17:T27) -> 0 | U28: =IF(T14=0,"-",(T28*100)/T14) -> - | V28: =SUM(V17:V27) -> 0 | W28: =IF(V14=0,"-",(V28*100)/V14) -> - | X28: =SUM(X17:X27) -> 0 | Y28: =IF(X14=0,"-",(X28*100)/X14) -> - | Z28: =SUM(Z17:Z27) -> 0 | AA28: =IF(Z14=0,"-",(Z28*100)/Z14) -> - | AB28: =SUM(AB17:AB27) -> 0 | AC28: =IF(AB14=0,"-",(AB28*100)/AB14) -> -
B29: Gross Profit | D29: =D14-D28 -> 0 | E29: =IF(D14=0,"-",(D29*100)/D14) -> - | F29: =F14-F28 -> 0 | G29: =IF(F14=0,"-",(F29*100)/F14) -> - | H29: =H14-H28 -> 0 | I29: =IF(H14=0,"-",(H29*100)/H14) -> - | J29: =J14-J28 -> 0 | K29: =IF(J14=0,"-",(J29*100)/J14) -> - | L29: =L14-L28 -> 0 | M29: =IF(L14=0,"-",(L29*100)/L14) -> - | N29: =N14-N28 -> 0 | O29: =IF(N14=0,"-",(N29*100)/N14) -> - | P29: =P14-P28 -> 0 | Q29: =IF(P14=0,"-",(P29*100)/P14) -> - | R29: =R14-R28 -> 0 | S29: =IF(R14=0,"-",(R29*100)/R14) -> - | T29: =T14-T28 -> 0 | U29: =IF(T14=0,"-",(T29*100)/T14) -> - | V29: =V14-V28 -> 0 | W29: =IF(V14=0,"-",(V29*100)/V14) -> - | X29: =X14-X28 -> 0 | Y29: =IF(X14=0,"-",(X29*100)/X14) -> - | Z29: =Z14-Z28 -> 0 | AA29: =IF(Z14=0,"-",(Z29*100)/Z14) -> - | AB29: =AB14-AB28 -> 0 | AC29: =IF(AB14=0,"-",(AB29*100)/AB14) -> -
B31: Expenses
B32: Salaries & Wages | D32: 0 | E32: =IF($D$14=0,"-",(D32*100)/$D$14) -> - | F32: 0 | G32: =IF(F$14=0,"-",(F32*100)/F$14) -> - | H32: 0 | I32: =IF(H$14=0,"-",(H32*100)/H$14) -> - | J32: 0 | K32: =IF(J$14=0,"-",(J32*100)/J$14) -> - | L32: 0 | M32: =IF(L$14=0,"-",(L32*100)/L$14) -> - | N32: 0 | O32: =IF(N$14=0,"-",(N32*100)/N$14) -> - | P32: 0 | Q32: =IF(P$14=0,"-",(P32*100)/P$14) -> - | R32: 0 | S32: =IF(R$14=0,"-",(R32*100)/R$14) -> - | T32: 0 | U32: =IF(T$14=0,"-",(T32*100)/T$14) -> - | V32: 0 | W32: =IF(V$14=0,"-",(V32*100)/V$14) -> - | X32: 0 | Y32: =IF(X$14=0,"-",(X32*100)/X$14) -> - | Z32: 0 | AA32: =IF(Z$14=0,"-",(Z32*100)/Z$14) -> - | AB32: =SUM(D32+F32+H32+J32+L32+N32+P32+R32+T32+V32+X32+Z32) -> 0 | AC32: =IF(AB$14=0,"-",(AB32*100)/AB$14) -> -
B33: Payroll Taxes | D33: 0 | E33: =IF($D$14=0,"-",(D33*100)/$D$14) -> - | F33: 0 | G33: =IF(F$14=0,"-",(F33*100)/F$14) -> - | H33: 0 | I33: =IF(H$14=0,"-",(H33*100)/H$14) -> - | J33: 0 | K33: =IF(J$14=0,"-",(J33*100)/J$14) -> - | L33: 0 | M33: =IF(L$14=0,"-",(L33*100)/L$14) -> - | N33: 0 | O33: =IF(N$14=0,"-",(N33*100)/N$14) -> - | P33: 0 | Q33: =IF(P$14=0,"-",(P33*100)/P$14) -> - | R33: 0 | S33: =IF(R$14=0,"-",(R33*100)/R$14) -> - | T33: 0 | U33: =IF(T$14=0,"-",(T33*100)/T$14) -> - | V33: 0 | W33: =IF(V$14=0,"-",(V33*100)/V$14) -> - | X33: 0 | Y33: =IF(X$14=0,"-",(X33*100)/X$14) -> - | Z33: 0 | AA33: =IF(Z$14=0,"-",(Z33*100)/Z$14) -> - | AB33: =SUM(D33+F33+H33+J33+L33+N33+P33+R33+T33+V33+X33+Z33) -> 0 | AC33: =IF(AB$14=0,"-",(AB33*100)/AB$14) -> -
B34: Outside Services (Fees) | D34: ='Cash Flow - Y3'!C21 -> 0 | E34: =IF($D$14=0,"-",(D34*100)/$D$14) -> - | F34: ='Cash Flow - Y3'!D21 -> 0 | G34: =IF(F$14=0,"-",(F34*100)/F$14) -> - | H34: ='Cash Flow - Y3'!E21 -> 0 | I34: =IF(H$14=0,"-",(H34*100)/H$14) -> - | J34: ='Cash Flow - Y3'!F21 -> 0 | K34: =IF(J$14=0,"-",(J34*100)/J$14) -> - | L34: ='Cash Flow - Y3'!G21 -> 0 | M34: =IF(L$14=0,"-",(L34*100)/L$14) -> - | N34: ='Cash Flow - Y3'!H21 -> 0 | O34: =IF(N$14=0,"-",(N34*100)/N$14) -> - | P34: ='Cash Flow - Y3'!I21 -> 0 | Q34: =IF(P$14=0,"-",(P34*100)/P$14) -> - | R34: ='Cash Flow - Y3'!J21 -> 0 | S34: =IF(R$14=0,"-",(R34*100)/R$14) -> - | T34: ='Cash Flow - Y3'!K21 -> 0 | U34: =IF(T$14=0,"-",(T34*100)/T$14) -> - | V34: ='Cash Flow - Y3'!L21 -> 0 | W34: =IF(V$14=0,"-",(V34*100)/V$14) -> - | X34: ='Cash Flow - Y3'!M21 -> 0 | Y34: =IF(X$14=0,"-",(X34*100)/X$14) -> - | Z34: ='Cash Flow - Y3'!N21 -> 0 | AA34: =IF(Z$14=0,"-",(Z34*100)/Z$14) -> - | AB34: =SUM(D34+F34+H34+J34+L34+N34+P34+R34+T34+V34+X34+Z34) -> 0 | AC34: =IF(AB$14=0,"-",(AB34*100)/AB$14) -> -
B35: Supplies (Office & Operating) | D35: ='Cash Flow - Y3'!C22 -> 0 | E35: =IF($D$14=0,"-",(D35*100)/$D$14) -> - | F35: ='Cash Flow - Y3'!D22 -> 0 | G35: =IF(F$14=0,"-",(F35*100)/F$14) -> - | H35: ='Cash Flow - Y3'!E22 -> 0 | I35: =IF(H$14=0,"-",(H35*100)/H$14) -> - | J35: ='Cash Flow - Y3'!F22 -> 0 | K35: =IF(J$14=0,"-",(J35*100)/J$14) -> - | L35: ='Cash Flow - Y3'!G22 -> 0 | M35: =IF(L$14=0,"-",(L35*100)/L$14) -> - | N35: ='Cash Flow - Y3'!H22 -> 0 | O35: =IF(N$14=0,"-",(N35*100)/N$14) -> - | P35: ='Cash Flow - Y3'!I22 -> 0 | Q35: =IF(P$14=0,"-",(P35*100)/P$14) -> - | R35: ='Cash Flow - Y3'!J22 -> 0 | S35: =IF(R$14=0,"-",(R35*100)/R$14) -> - | T35: ='Cash Flow - Y3'!K22 -> 0 | U35: =IF(T$14=0,"-",(T35*100)/T$14) -> - | V35: ='Cash Flow - Y3'!L22 -> 0 | W35: =IF(V$14=0,"-",(V35*100)/V$14) -> - | X35: ='Cash Flow - Y3'!M22 -> 0 | Y35: =IF(X$14=0,"-",(X35*100)/X$14) -> - | Z35: ='Cash Flow - Y3'!N22 -> 0 | AA35: =IF(Z$14=0,"-",(Z35*100)/Z$14) -> - | AB35: =SUM(D35+F35+H35+J35+L35+N35+P35+R35+T35+V35+X35+Z35) -> 0 | AC35: =IF(AB$14=0,"-",(AB35*100)/AB$14) -> -
B36: Repairs & Maintenance | D36: ='Cash Flow - Y3'!C23 -> 0 | E36: =IF($D$14=0,"-",(D36*100)/$D$14) -> - | F36: ='Cash Flow - Y3'!D23 -> 0 | G36: =IF(F$14=0,"-",(F36*100)/F$14) -> - | H36: ='Cash Flow - Y3'!E23 -> 0 | I36: =IF(H$14=0,"-",(H36*100)/H$14) -> - | J36: ='Cash Flow - Y3'!F23 -> 0 | K36: =IF(J$14=0,"-",(J36*100)/J$14) -> - | L36: ='Cash Flow - Y3'!G23 -> 0 | M36: =IF(L$14=0,"-",(L36*100)/L$14) -> - | N36: ='Cash Flow - Y3'!H23 -> 0 | O36: =IF(N$14=0,"-",(N36*100)/N$14) -> - | P36: ='Cash Flow - Y3'!I23 -> 0 | Q36: =IF(P$14=0,"-",(P36*100)/P$14) -> - | R36: ='Cash Flow - Y3'!J23 -> 0 | S36: =IF(R$14=0,"-",(R36*100)/R$14) -> - | T36: ='Cash Flow - Y3'!K23 -> 0 | U36: =IF(T$14=0,"-",(T36*100)/T$14) -> - | V36: ='Cash Flow - Y3'!L23 -> 0 | W36: =IF(V$14=0,"-",(V36*100)/V$14) -> - | X36: ='Cash Flow - Y3'!M23 -> 0 | Y36: =IF(X$14=0,"-",(X36*100)/X$14) -> - | Z36: ='Cash Flow - Y3'!N23 -> 0 | AA36: =IF(Z$14=0,"-",(Z36*100)/Z$14) -> - | AB36: =SUM(D36+F36+H36+J36+L36+N36+P36+R36+T36+V36+X36+Z36) -> 0 | AC36: =IF(AB$14=0,"-",(AB36*100)/AB$14) -> -
B37: Advertising | D37: ='Cash Flow - Y3'!C24 -> 0 | E37: =IF($D$14=0,"-",(D37*100)/$D$14) -> - | F37: ='Cash Flow - Y3'!D24 -> 0 | G37: =IF(F$14=0,"-",(F37*100)/F$14) -> - | H37: ='Cash Flow - Y3'!E24 -> 0 | I37: =IF(H$14=0,"-",(H37*100)/H$14) -> - | J37: ='Cash Flow - Y3'!F24 -> 0 | K37: =IF(J$14=0,"-",(J37*100)/J$14) -> - | L37: ='Cash Flow - Y3'!G24 -> 0 | M37: =IF(L$14=0,"-",(L37*100)/L$14) -> - | N37: ='Cash Flow - Y3'!H24 -> 0 | O37: =IF(N$14=0,"-",(N37*100)/N$14) -> - | P37: ='Cash Flow - Y3'!I24 -> 0 | Q37: =IF(P$14=0,"-",(P37*100)/P$14) -> - | R37: ='Cash Flow - Y3'!J24 -> 0 | S37: =IF(R$14=0,"-",(R37*100)/R$14) -> - | T37: ='Cash Flow - Y3'!K24 -> 0 | U37: =IF(T$14=0,"-",(T37*100)/T$14) -> - | V37: ='Cash Flow - Y3'!L24 -> 0 | W37: =IF(V$14=0,"-",(V37*100)/V$14) -> - | X37: ='Cash Flow - Y3'!M24 -> 0 | Y37: =IF(X$14=0,"-",(X37*100)/X$14) -> - | Z37: ='Cash Flow - Y3'!N24 -> 0 | AA37: =IF(Z$14=0,"-",(Z37*100)/Z$14) -> - | AB37: =SUM(D37+F37+H37+J37+L37+N37+P37+R37+T37+V37+X37+Z37) -> 0 | AC37: =IF(AB$14=0,"-",(AB37*100)/AB$14) -> -
B38: Signage | D38: ='Cash Flow - Y3'!C25 -> 0 | E38: =IF($D$14=0,"-",(D38*100)/$D$14) -> - | F38: ='Cash Flow - Y3'!D25 -> 0 | G38: =IF(F$14=0,"-",(F38*100)/F$14) -> - | H38: ='Cash Flow - Y3'!E25 -> 0 | I38: =IF(H$14=0,"-",(H38*100)/H$14) -> - | J38: ='Cash Flow - Y3'!F25 -> 0 | K38: =IF(J$14=0,"-",(J38*100)/J$14) -> - | L38: ='Cash Flow - Y3'!G25 -> 0 | M38: =IF(L$14=0,"-",(L38*100)/L$14) -> - | N38: ='Cash Flow - Y3'!H25 -> 0 | O38: =IF(N$14=0,"-",(N38*100)/N$14) -> - | P38: ='Cash Flow - Y3'!I25 -> 0 | Q38: =IF(P$14=0,"-",(P38*100)/P$14) -> - | R38: ='Cash Flow - Y3'!J25 -> 0 | S38: =IF(R$14=0,"-",(R38*100)/R$14) -> - | T38: ='Cash Flow - Y3'!K25 -> 0 | U38: =IF(T$14=0,"-",(T38*100)/T$14) -> - | V38: ='Cash Flow - Y3'!L25 -> 0 | W38: =IF(V$14=0,"-",(V38*100)/V$14) -> - | X38: ='Cash Flow - Y3'!M25 -> 0 | Y38: =IF(X$14=0,"-",(X38*100)/X$14) -> - | Z38: ='Cash Flow - Y3'!N25 -> 0 | AA38: =IF(Z$14=0,"-",(Z38*100)/Z$14) -> - | AB38: =SUM(D38+F38+H38+J38+L38+N38+P38+R38+T38+V38+X38+Z38) -> 0 | AC38: =IF(AB$14=0,"-",(AB38*100)/AB$14) -> -
B39: Printing | D39: ='Cash Flow - Y3'!C26 -> 0 | E39: =IF($D$14=0,"-",(D39*100)/$D$14) -> - | F39: ='Cash Flow - Y3'!D26 -> 0 | G39: =IF(F$14=0,"-",(F39*100)/F$14) -> - | H39: ='Cash Flow - Y3'!E26 -> 0 | I39: =IF(H$14=0,"-",(H39*100)/H$14) -> - | J39: ='Cash Flow - Y3'!F26 -> 0 | K39: =IF(J$14=0,"-",(J39*100)/J$14) -> - | L39: ='Cash Flow - Y3'!G26 -> 0 | M39: =IF(L$14=0,"-",(L39*100)/L$14) -> - | N39: ='Cash Flow - Y3'!H26 -> 0 | O39: =IF(N$14=0,"-",(N39*100)/N$14) -> - | P39: ='Cash Flow - Y3'!I26 -> 0 | Q39: =IF(P$14=0,"-",(P39*100)/P$14) -> - | R39: ='Cash Flow - Y3'!J26 -> 0 | S39: =IF(R$14=0,"-",(R39*100)/R$14) -> - | T39: ='Cash Flow - Y3'!K26 -> 0 | U39: =IF(T$14=0,"-",(T39*100)/T$14) -> - | V39: ='Cash Flow - Y3'!L26 -> 0 | W39: =IF(V$14=0,"-",(V39*100)/V$14) -> - | X39: ='Cash Flow - Y3'!M26 -> 0 | Y39: =IF(X$14=0,"-",(X39*100)/X$14) -> - | Z39: ='Cash Flow - Y3'!N26 -> 0 | AA39: =IF(Z$14=0,"-",(Z39*100)/Z$14) -> - | AB39: =SUM(D39+F39+H39+J39+L39+N39+P39+R39+T39+V39+X39+Z39) -> 0 | AC39: =IF(AB$14=0,"-",(AB39*100)/AB$14) -> -
B40: Transportation | D40: ='Cash Flow - Y3'!C27 -> 0 | E40: =IF($D$14=0,"-",(D40*100)/$D$14) -> - | F40: ='Cash Flow - Y3'!D27 -> 0 | G40: =IF(F$14=0,"-",(F40*100)/F$14) -> - | H40: ='Cash Flow - Y3'!E27 -> 0 | I40: =IF(H$14=0,"-",(H40*100)/H$14) -> - | J40: ='Cash Flow - Y3'!F27 -> 0 | K40: =IF(J$14=0,"-",(J40*100)/J$14) -> - | L40: ='Cash Flow - Y3'!G27 -> 0 | M40: =IF(L$14=0,"-",(L40*100)/L$14) -> - | N40: ='Cash Flow - Y3'!H27 -> 0 | O40: =IF(N$14=0,"-",(N40*100)/N$14) -> - | P40: ='Cash Flow - Y3'!I27 -> 0 | Q40: =IF(P$14=0,"-",(P40*100)/P$14) -> - | R40: ='Cash Flow - Y3'!J27 -> 0 | S40: =IF(R$14=0,"-",(R40*100)/R$14) -> - | T40: ='Cash Flow - Y3'!K27 -> 0 | U40: =IF(T$14=0,"-",(T40*100)/T$14) -> - | V40: ='Cash Flow - Y3'!L27 -> 0 | W40: =IF(V$14=0,"-",(V40*100)/V$14) -> - | X40: ='Cash Flow - Y3'!M27 -> 0 | Y40: =IF(X$14=0,"-",(X40*100)/X$14) -> - | Z40: ='Cash Flow - Y3'!N27 -> 0 | AA40: =IF(Z$14=0,"-",(Z40*100)/Z$14) -> - | AB40: =SUM(D40+F40+H40+J40+L40+N40+P40+R40+T40+V40+X40+Z40) -> 0 | AC40: =IF(AB$14=0,"-",(AB40*100)/AB$14) -> -
B41: Professional Fees | D41: ='Cash Flow - Y3'!C28 -> 0 | E41: =IF($D$14=0,"-",(D41*100)/$D$14) -> - | F41: ='Cash Flow - Y3'!D28 -> 0 | G41: =IF(F$14=0,"-",(F41*100)/F$14) -> - | H41: ='Cash Flow - Y3'!E28 -> 0 | I41: =IF(H$14=0,"-",(H41*100)/H$14) -> - | J41: ='Cash Flow - Y3'!F28 -> 0 | K41: =IF(J$14=0,"-",(J41*100)/J$14) -> - | L41: ='Cash Flow - Y3'!G28 -> 0 | M41: =IF(L$14=0,"-",(L41*100)/L$14) -> - | N41: ='Cash Flow - Y3'!H28 -> 0 | O41: =IF(N$14=0,"-",(N41*100)/N$14) -> - | P41: ='Cash Flow - Y3'!I28 -> 0 | Q41: =IF(P$14=0,"-",(P41*100)/P$14) -> - | R41: ='Cash Flow - Y3'!J28 -> 0 | S41: =IF(R$14=0,"-",(R41*100)/R$14) -> - | T41: ='Cash Flow - Y3'!K28 -> 0 | U41: =IF(T$14=0,"-",(T41*100)/T$14) -> - | V41: ='Cash Flow - Y3'!L28 -> 0 | W41: =IF(V$14=0,"-",(V41*100)/V$14) -> - | X41: ='Cash Flow - Y3'!M28 -> 0 | Y41: =IF(X$14=0,"-",(X41*100)/X$14) -> - | Z41: ='Cash Flow - Y3'!N28 -> 0 | AA41: =IF(Z$14=0,"-",(Z41*100)/Z$14) -> - | AB41: =SUM(D41+F41+H41+J41+L41+N41+P41+R41+T41+V41+X41+Z41) -> 0 | AC41: =IF(AB$14=0,"-",(AB41*100)/AB$14) -> -
B42: Creative Service Fees | D42: ='Cash Flow - Y3'!C29 -> 0 | E42: =IF($D$14=0,"-",(D42*100)/$D$14) -> - | F42: ='Cash Flow - Y3'!D29 -> 0 | G42: =IF(F$14=0,"-",(F42*100)/F$14) -> - | H42: ='Cash Flow - Y3'!E29 -> 0 | I42: =IF(H$14=0,"-",(H42*100)/H$14) -> - | J42: ='Cash Flow - Y3'!F29 -> 0 | K42: =IF(J$14=0,"-",(J42*100)/J$14) -> - | L42: ='Cash Flow - Y3'!G29 -> 0 | M42: =IF(L$14=0,"-",(L42*100)/L$14) -> - | N42: ='Cash Flow - Y3'!H29 -> 0 | O42: =IF(N$14=0,"-",(N42*100)/N$14) -> - | P42: ='Cash Flow - Y3'!I29 -> 0 | Q42: =IF(P$14=0,"-",(P42*100)/P$14) -> - | R42: ='Cash Flow - Y3'!J29 -> 0 | S42: =IF(R$14=0,"-",(R42*100)/R$14) -> - | T42: ='Cash Flow - Y3'!K29 -> 0 | U42: =IF(T$14=0,"-",(T42*100)/T$14) -> - | V42: ='Cash Flow - Y3'!L29 -> 0 | W42: =IF(V$14=0,"-",(V42*100)/V$14) -> - | X42: ='Cash Flow - Y3'!M29 -> 0 | Y42: =IF(X$14=0,"-",(X42*100)/X$14) -> - | Z42: ='Cash Flow - Y3'!N29 -> 0 | AA42: =IF(Z$14=0,"-",(Z42*100)/Z$14) -> - | AB42: =SUM(D42+F42+H42+J42+L42+N42+P42+R42+T42+V42+X42+Z42) -> 0 | AC42: =IF(AB$14=0,"-",(AB42*100)/AB$14) -> -
B43: Rent | D43: ='Cash Flow - Y3'!C30 -> 0 | E43: =IF($D$14=0,"-",(D43*100)/$D$14) -> - | F43: ='Cash Flow - Y3'!D30 -> 0 | G43: =IF(F$14=0,"-",(F43*100)/F$14) -> - | H43: ='Cash Flow - Y3'!E30 -> 0 | I43: =IF(H$14=0,"-",(H43*100)/H$14) -> - | J43: ='Cash Flow - Y3'!F30 -> 0 | K43: =IF(J$14=0,"-",(J43*100)/J$14) -> - | L43: ='Cash Flow - Y3'!G30 -> 0 | M43: =IF(L$14=0,"-",(L43*100)/L$14) -> - | N43: ='Cash Flow - Y3'!H30 -> 0 | O43: =IF(N$14=0,"-",(N43*100)/N$14) -> - | P43: ='Cash Flow - Y3'!I30 -> 0 | Q43: =IF(P$14=0,"-",(P43*100)/P$14) -> - | R43: ='Cash Flow - Y3'!J30 -> 0 | S43: =IF(R$14=0,"-",(R43*100)/R$14) -> - | T43: ='Cash Flow - Y3'!K30 -> 0 | U43: =IF(T$14=0,"-",(T43*100)/T$14) -> - | V43: ='Cash Flow - Y3'!L30 -> 0 | W43: =IF(V$14=0,"-",(V43*100)/V$14) -> - | X43: ='Cash Flow - Y3'!M30 -> 0 | Y43: =IF(X$14=0,"-",(X43*100)/X$14) -> - | Z43: ='Cash Flow - Y3'!N30 -> 0 | AA43: =IF(Z$14=0,"-",(Z43*100)/Z$14) -> - | AB43: =SUM(D43+F43+H43+J43+L43+N43+P43+R43+T43+V43+X43+Z43) -> 0 | AC43: =IF(AB$14=0,"-",(AB43*100)/AB$14) -> -
B44: Telephone | D44: ='Cash Flow - Y3'!C31 -> 0 | E44: =IF($D$14=0,"-",(D44*100)/$D$14) -> - | F44: ='Cash Flow - Y3'!D31 -> 0 | G44: =IF(F$14=0,"-",(F44*100)/F$14) -> - | H44: ='Cash Flow - Y3'!E31 -> 0 | I44: =IF(H$14=0,"-",(H44*100)/H$14) -> - | J44: ='Cash Flow - Y3'!F31 -> 0 | K44: =IF(J$14=0,"-",(J44*100)/J$14) -> - | L44: ='Cash Flow - Y3'!G31 -> 0 | M44: =IF(L$14=0,"-",(L44*100)/L$14) -> - | N44: ='Cash Flow - Y3'!H31 -> 0 | O44: =IF(N$14=0,"-",(N44*100)/N$14) -> - | P44: ='Cash Flow - Y3'!I31 -> 0 | Q44: =IF(P$14=0,"-",(P44*100)/P$14) -> - | R44: ='Cash Flow - Y3'!J31 -> 0 | S44: =IF(R$14=0,"-",(R44*100)/R$14) -> - | T44: ='Cash Flow - Y3'!K31 -> 0 | U44: =IF(T$14=0,"-",(T44*100)/T$14) -> - | V44: ='Cash Flow - Y3'!L31 -> 0 | W44: =IF(V$14=0,"-",(V44*100)/V$14) -> - | X44: ='Cash Flow - Y3'!M31 -> 0 | Y44: =IF(X$14=0,"-",(X44*100)/X$14) -> - | Z44: ='Cash Flow - Y3'!N31 -> 0 | AA44: =IF(Z$14=0,"-",(Z44*100)/Z$14) -> - | AB44: =SUM(D44+F44+H44+J44+L44+N44+P44+R44+T44+V44+X44+Z44) -> 0 | AC44: =IF(AB$14=0,"-",(AB44*100)/AB$14) -> -
B45: Internet | D45: ='Cash Flow - Y3'!C32 -> 0 | E45: =IF($D$14=0,"-",(D45*100)/$D$14) -> - | F45: ='Cash Flow - Y3'!D32 -> 0 | G45: =IF(F$14=0,"-",(F45*100)/F$14) -> - | H45: ='Cash Flow - Y3'!E32 -> 0 | I45: =IF(H$14=0,"-",(H45*100)/H$14) -> - | J45: ='Cash Flow - Y3'!F32 -> 0 | K45: =IF(J$14=0,"-",(J45*100)/J$14) -> - | L45: ='Cash Flow - Y3'!G32 -> 0 | M45: =IF(L$14=0,"-",(L45*100)/L$14) -> - | N45: ='Cash Flow - Y3'!H32 -> 0 | O45: =IF(N$14=0,"-",(N45*100)/N$14) -> - | P45: ='Cash Flow - Y3'!I32 -> 0 | Q45: =IF(P$14=0,"-",(P45*100)/P$14) -> - | R45: ='Cash Flow - Y3'!J32 -> 0 | S45: =IF(R$14=0,"-",(R45*100)/R$14) -> - | T45: ='Cash Flow - Y3'!K32 -> 0 | U45: =IF(T$14=0,"-",(T45*100)/T$14) -> - | V45: ='Cash Flow - Y3'!L32 -> 0 | W45: =IF(V$14=0,"-",(V45*100)/V$14) -> - | X45: ='Cash Flow - Y3'!M32 -> 0 | Y45: =IF(X$14=0,"-",(X45*100)/X$14) -> - | Z45: ='Cash Flow - Y3'!N32 -> 0 | AA45: =IF(Z$14=0,"-",(Z45*100)/Z$14) -> - | AB45: =SUM(D45+F45+H45+J45+L45+N45+P45+R45+T45+V45+X45+Z45) -> 0 | AC45: =IF(AB$14=0,"-",(AB45*100)/AB$14) -> -
... B50: Licenses | D50: ='Cash Flow - Y3'!C37 -> 0 | E50: =IF($D$14=0,"-",(D50*100)/$D$14) -> - | F50: ='Cash Flow - Y3'!D37 -> 0 | G50: =IF(F$14=0,"-",(F50*100)/F$14) -> - | H50: ='Cash Flow - Y3'!E37 -> 0 | I50: =IF(H$14=0,"-",(H50*100)/H$14) -> - | J50: ='Cash Flow - Y3'!F37 -> 0 | K50: =IF(J$14=0,"-",(J50*100)/J$14) -> - | L50: ='Cash Flow - Y3'!G37 -> 0 | M50: =IF(L$14=0,"-",(L50*100)/L$14) -> - | N50: ='Cash Flow - Y3'!H37 -> 0 | O50: =IF(N$14=0,"-",(N50*100)/N$14) -> - | P50: ='Cash Flow - Y3'!I37 -> 0 | Q50: =IF(P$14=0,"-",(P50*100)/P$14) -> - | R50: ='Cash Flow - Y3'!J37 -> 0 | S50: =IF(R$14=0,"-",(R50*100)/R$14) -> - | T50: ='Cash Flow - Y3'!K37 -> 0 | U50: =IF(T$14=0,"-",(T50*100)/T$14) -> - | V50: ='Cash Flow - Y3'!L37 -> 0 | W50: =IF(V$14=0,"-",(V50*100)/V$14) -> - | X50: ='Cash Flow - Y3'!M37 -> 0 | Y50: =IF(X$14=0,"-",(X50*100)/X$14) -> - | Z50: ='Cash Flow - Y3'!N37 -> 0 | AA50: =IF(Z$14=0,"-",(Z50*100)/Z$14) -> - | AB50: =SUM(D50+F50+H50+J50+L50+N50+P50+R50+T50+V50+X50+Z50) -> 0 | AC50: =IF(AB$14=0,"-",(AB50*100)/AB$14) -> -
B51: Depreciation | D51: 0 | E51: =IF($D$14=0,"-",(D51*100)/$D$14) -> - | F51: 0 | G51: =IF(F$14=0,"-",(F51*100)/F$14) -> - | H51: 0 | I51: =IF(H$14=0,"-",(H51*100)/H$14) -> - | J51: 0 | K51: =IF(J$14=0,"-",(J51*100)/J$14) -> - | L51: 0 | M51: =IF(L$14=0,"-",(L51*100)/L$14) -> - | N51: 0 | O51: =IF(N$14=0,"-",(N51*100)/N$14) -> - | P51: 0 | Q51: =IF(P$14=0,"-",(P51*100)/P$14) -> - | R51: 0 | S51: =IF(R$14=0,"-",(R51*100)/R$14) -> - | T51: 0 | U51: =IF(T$14=0,"-",(T51*100)/T$14) -> - | V51: 0 | W51: =IF(V$14=0,"-",(V51*100)/V$14) -> - | X51: 0 | Y51: =IF(X$14=0,"-",(X51*100)/X$14) -> - | Z51: 0 | AA51: =IF(Z$14=0,"-",(Z51*100)/Z$14) -> - | AB51: =SUM(D51+F51+H51+J51+L51+N51+P51+R51+T51+V51+X51+Z51) -> 0 | AC51: =IF(AB$14=0,"-",(AB51*100)/AB$14) -> -
B52: Research | D52: 0 | E52: =IF($D$14=0,"-",(D52*100)/$D$14) -> - | F52: 0 | G52: =IF(F$14=0,"-",(F52*100)/F$14) -> - | H52: 0 | I52: =IF(H$14=0,"-",(H52*100)/H$14) -> - | J52: 0 | K52: =IF(J$14=0,"-",(J52*100)/J$14) -> - | L52: 0 | M52: =IF(L$14=0,"-",(L52*100)/L$14) -> - | N52: 0 | O52: =IF(N$14=0,"-",(N52*100)/N$14) -> - | P52: 0 | Q52: =IF(P$14=0,"-",(P52*100)/P$14) -> - | R52: 0 | S52: =IF(R$14=0,"-",(R52*100)/R$14) -> - | T52: 0 | U52: =IF(T$14=0,"-",(T52*100)/T$14) -> - | V52: 0 | W52: =IF(V$14=0,"-",(V52*100)/V$14) -> - | X52: 0 | Y52: =IF(X$14=0,"-",(X52*100)/X$14) -> - | Z52: 0 | AA52: =IF(Z$14=0,"-",(Z52*100)/Z$14) -> - | AB52: =SUM(D52+F52+H52+J52+L52+N52+P52+R52+T52+V52+X52+Z52) -> 0 | AC52: =IF(AB$14=0,"-",(AB52*100)/AB$14) -> -
B53: Other expenses (Logo Mugs) | D53: ='Cash Flow - Y3'!C38 -> 0 | E53: =IF($D$14=0,"-",(D53*100)/$D$14) -> - | F53: ='Cash Flow - Y3'!D38 -> 0 | G53: =IF(F$14=0,"-",(F53*100)/F$14) -> - | H53: ='Cash Flow - Y3'!E38 -> 0 | I53: =IF(H$14=0,"-",(H53*100)/H$14) -> - | J53: ='Cash Flow - Y3'!F38 -> 0 | K53: =IF(J$14=0,"-",(J53*100)/J$14) -> - | L53: ='Cash Flow - Y3'!G38 -> 0 | M53: =IF(L$14=0,"-",(L53*100)/L$14) -> - | N53: ='Cash Flow - Y3'!H38 -> 0 | O53: =IF(N$14=0,"-",(N53*100)/N$14) -> - | P53: ='Cash Flow - Y3'!I38 -> 0 | Q53: =IF(P$14=0,"-",(P53*100)/P$14) -> - | R53: ='Cash Flow - Y3'!J38 -> 0 | S53: =IF(R$14=0,"-",(R53*100)/R$14) -> - | T53: ='Cash Flow - Y3'!K38 -> 0 | U53: =IF(T$14=0,"-",(T53*100)/T$14) -> - | V53: ='Cash Flow - Y3'!L38 -> 0 | W53: =IF(V$14=0,"-",(V53*100)/V$14) -> - | X53: ='Cash Flow - Y3'!M38 -> 0 | Y53: =IF(X$14=0,"-",(X53*100)/X$14) -> - | Z53: ='Cash Flow - Y3'!N38 -> 0 | AA53: =IF(Z$14=0,"-",(Z53*100)/Z$14) -> - | AB53: =SUM(D53+F53+H53+J53+L53+N53+P53+R53+T53+V53+X53+Z53) -> 0 | AC53: =IF(AB$14=0,"-",(AB53*100)/AB$14) -> -
B54: Misc. (unspecified) | E54: =IF($D$14=0,"-",(D54*100)/$D$14) -> - | G54: =IF(F$14=0,"-",(F54*100)/F$14) -> - | I54: =IF(H$14=0,"-",(H54*100)/H$14) -> - | K54: =IF(J$14=0,"-",(J54*100)/J$14) -> - | M54: =IF(L$14=0,"-",(L54*100)/L$14) -> - | O54: =IF(N$14=0,"-",(N54*100)/N$14) -> - | Q54: =IF(P$14=0,"-",(P54*100)/P$14) -> - | S54: =IF(R$14=0,"-",(R54*100)/R$14) -> - | U54: =IF(T$14=0,"-",(T54*100)/T$14) -> - | W54: =IF(V$14=0,"-",(V54*100)/V$14) -> - | Y54: =IF(X$14=0,"-",(X54*100)/X$14) -> - | AA54: =IF(Z$14=0,"-",(Z54*100)/Z$14) -> - | AC54: =IF(AB$14=0,"-",(AB54*100)/AB$14) -> -
B55: Misc. (unspecified) | E55: =IF($D$14=0,"-",(D55*100)/$D$14) -> - | G55: =IF(F$14=0,"-",(F55*100)/F$14) -> - | I55: =IF(H$14=0,"-",(H55*100)/H$14) -> - | K55: =IF(J$14=0,"-",(J55*100)/J$14) -> - | M55: =IF(L$14=0,"-",(L55*100)/L$14) -> - | O55: =IF(N$14=0,"-",(N55*100)/N$14) -> - | Q55: =IF(P$14=0,"-",(P55*100)/P$14) -> - | S55: =IF(R$14=0,"-",(R55*100)/R$14) -> - | U55: =IF(T$14=0,"-",(T55*100)/T$14) -> - | W55: =IF(V$14=0,"-",(V55*100)/V$14) -> - | Y55: =IF(X$14=0,"-",(X55*100)/X$14) -> - | AA55: =IF(Z$14=0,"-",(Z55*100)/Z$14) -> - | AC55: =IF(AB$14=0,"-",(AB55*100)/AB$14) -> -
B56: Total Expenses | D56: =SUM(D32:D55) -> 0 | E56: =IF($D$14=0,"-",(D56*100)/$D$14) -> - | F56: =SUM(F32:F55) -> 0 | G56: =IF(F$14=0,"-",(F56*100)/F$14) -> - | H56: =SUM(H32:H55) -> 0 | I56: =IF(H$14=0,"-",(H56*100)/H$14) -> - | J56: =SUM(J32:J55) -> 0 | K56: =IF(J$14=0,"-",(J56*100)/J$14) -> - | L56: =SUM(L32:L55) -> 0 | M56: =IF(L$14=0,"-",(L56*100)/L$14) -> - | N56: =SUM(N32:N55) -> 0 | O56: =IF(N$14=0,"-",(N56*100)/N$14) -> - | P56: =SUM(P32:P55) -> 0 | Q56: =IF(P$14=0,"-",(P56*100)/P$14) -> - | R56: =SUM(R32:R55) -> 0 | S56: =IF(R$14=0,"-",(R56*100)/R$14) -> - | T56: =SUM(T32:T55) -> 0 | U56: =IF(T$14=0,"-",(T56*100)/T$14) -> - | V56: =SUM(V32:V55) -> 0 | W56: =IF(V$14=0,"-",(V56*100)/V$14) -> - | X56: =SUM(X32:X55) -> 0 | Y56: =IF(X$14=0,"-",(X56*100)/X$14) -> - | Z56: =SUM(Z32:Z55) -> 0 | AA56: =IF(Z$14=0,"-",(Z56*100)/Z$14) -> - | AB56: =SUM(AB32:AB55) -> 0 | AC56: =IF(AB$14=0,"-",(AB56*100)/AB$14) -> -
B58: Net Profit | D58: =D29-D56 -> 0 | E58: =IF(D14=0,"-",(D58*100)/D14) -> - | F58: =F29-F56 -> 0 | G58: =IF(F14=0,"-",(F58*100)/F14) -> - | H58: =H29-H56 -> 0 | I58: =IF(H14=0,"-",(H58*100)/H14) -> - | J58: =J29-J56 -> 0 | K58: =IF(J14=0,"-",(J58*100)/J14) -> - | L58: =L29-L56 -> 0 | M58: =IF(L14=0,"-",(L58*100)/L14) -> - | N58: =N29-N56 -> 0 | O58: =IF(N14=0,"-",(N58*100)/N14) -> - | P58: =P29-P56 -> 0 | Q58: =IF(P14=0,"-",(P58*100)/P14) -> - | R58: =R29-R56 -> 0 | S58: =IF(R14=0,"-",(R58*100)/R14) -> - | T58: =T29-T56 -> 0 | U58: =IF(T14=0,"-",(T58*100)/T14) -> - | V58: =V29-V56 -> 0 | W58: =IF(V14=0,"-",(V58*100)/V14) -> - | X58: =X29-X56 -> 0 | Y58: =IF(X14=0,"-",(X58*100)/X14) -> - | Z58: =Z29-Z56 -> 0 | AA58: =IF(Z14=0,"-",(Z58*100)/Z14) -> - | AB58: =AB29-AB56 -> 0 | AC58: =IF(AB14=0,"-",(AB58*100)/AB14) -> -

Sheet Pro Forma Balance Sheet
A1: BALANCE SHEET
A2: Business Name
A3: Yeat 1 - Year 3
C5: Dec 31, Year 1 | D5: Dec 31, Year 2 | E5: Dec 31, Year 3
A6: ASSETS
A7: Current Assets
A8: Cash | C8: ='Cash Flow - Y1'!O50 -> 63116 | D8: ='Cash Flow - Y2'!N50 -> 63116 | E8: ='Cash Flow - Y3'!N50 -> 63116
A9: Sales Tax Accrued | C9: 0 | D9: 0 | E9: 0
A10: Petty Cash | C10: 500 | D10: 500 | E10: 500
A11: Net Accounts Receivable | C11: 0 | D11: 0 | E11: 0
A12: Food Inventory | C12: 0 | D12: 0 | E12: 0
A13: Non-Food Inventory | C13: 0 | D13: 0 | E13: 0
A14: Temporary Investment | C14: 0 | D14: 0 | E14: 0
A15: Prepaid Expenses | C15: 8000 | D15: 8000 | E15: 8000
A16: Total Current Assets | C16: =IF(SUM(C8:C15),SUM(C8:C15),"") -> 71616 | D16: =IF(SUM(D8:D15),SUM(D8:D15),"") -> 71616 | E16: =IF(SUM(E8:E15),SUM(E8:E15),"") -> 71616
A18: Fixed Assets
A19: Furniture & Fixtures | C19: 0 | D19: 0 | E19: 0
A20: Long Term Investments | C20: 0 | D20: 0 | E20: 0
A21: Leasehold Improvements | C21: 0 | D21: 0 | E21: 0
A22: Equipment (net) | C22: 0 | D22: 0 | E22: 0
A23: Total Net Fixed Assets | C23: =IF(SUM(C19:C22),SUM(C19:C22),"") | D23: =IF(SUM(D19:D22),SUM(D19:D22),"") | E23: =IF(SUM(E19:E22),SUM(E19:E22),"")
A24: TOTAL ASSETS | C24: =IF(OR(SUM(C16)<>0,SUM(C23)),SUM(C16)+SUM(C23),"") -> 71616 | D24: =IF(OR(SUM(D16)<>0,SUM(D23)),SUM(D16)+SUM(D23),"") -> 71616 | E24: =IF(OR(SUM(E16)<>0,SUM(E23)),SUM(E16)+SUM(E23),"") -> 71616
A26: LIABILITIES
A27: Current Liabilities
A28: Accounts Payable | C28: 0 | D28: 0 | E28: 0
A29: Short Term Notes | C29: 0 | D29: 0 | E29: 0
A30: Accrued Tax Payable | C30: 0 | D30: 0 | E30: 0
A31: Accruals & other payables | C31: 0 | D31: 0 | E31: 0
A32: Total Current Liabilities | C32: =IF(SUM(C28:C31),SUM(C28:C31),"") | D32: =IF(SUM(D28:D31),SUM(D28:D31),"") | E32: =IF(SUM(E28:E31),SUM(E28:E31),"")
A34: Long Term Liabilities
A35: Long Term Notes | C35: 0 | D35: 0 | E35: 0
A36: Property Lease
A37: Other long-term liabilities | C37: 0 | D37: 0 | E37: 0
A38: Total Long-term Liabilities | C38: =IF(SUM(C35:C37),SUM(C35:C37),"") | D38: =IF(SUM(D35:D37),SUM(D35:D37),"") | E38: =IF(SUM(E35:E37),SUM(E35:E37),"")
A40: Shareholder's Equity
A41: Capital stock | C41: 0 | D41: 0 | E41: 0
A42: Retained earnings | C42: =IF(OR(OR(OR(SUM(C24)<>0,SUM(C41)),SUM(C38)),SUM(C32)),SUM(C24)-SUM(C41)-SUM(C38)-SUM(C32),"") -> 71616 | D42: =IF(OR(OR(OR(SUM(D24)<>0,SUM(D41)),SUM(D38)),SUM(D32)),SUM(D24)-SUM(D41)-SUM(D38)-SUM(D32),"") -> 71616 | E42: =IF(OR(OR(OR(SUM(E24)<>0,SUM(E41)),SUM(E38)),SUM(E32)),SUM(E24)-SUM(E41)-SUM(E38)-SUM(E32),"") -> 71616
A43: Total Shareholders' Equity | C43: =IF(SUM(C41:C42),SUM(C41:C42),"") -> 71616 | D43: =IF(SUM(D41:D42),SUM(D41:D42),"") -> 71616 | E43: =IF(SUM(E41:E42),SUM(E41:E42),"") -> 71616
A44: TOTAL LIABILITIES & EQUITY | C44: =IF(OR(OR(SUM(C32)<>0,SUM(C38)),SUM(C43)),SUM(C32)+SUM(C38)+SUM(C43),"") -> 71616 | D44: =IF(OR(OR(SUM(D32)<>0,SUM(D38)),SUM(D43)),SUM(D32)+SUM(D38)+SUM(D43),"") -> 71616 | E44: =IF(OR(OR(SUM(E32)<>0,SUM(E38)),SUM(E43)),SUM(E32)+SUM(E38)+SUM(E43),"") -> 71616
A46: BALANCE | C46: =SUM(C24-C44) -> 0 | D46: =SUM(D24-D44) -> 0 | E46: =SUM(E24-E44) -> 0

Sheet Break Even Analysis
A1: BREAK EVEN ANALYSIS
A2: Bisous Bisous Pâtisserie
A3: 2014
B5: Fixed Costs | C5: Variable Costs
A6: Production costs
A7: Direct materials | C7: 5163
A8: Direct labor | C8: 5615
A9: Indirect production costs | C9: 1025
A10: Selling expenses
A11: Sales salaries & commissions | C11: 0
A12: Advertising | C12: 125
A13: Miscellaneous selling expense | C13: 25
A14: General expenses
A15: Office salaries | B15: 0 | C15: 0
A16: Supplies | C16: 15
A17: Miscellaneous general expense | B17: 8589 | C17: 69
A18: TOTAL | B18: =SUM(B7:B17) -> 8589 | C18: =IF(C7,SUM(C7:C17),"") -> 12037
A20: Sales and Income data
A21: Selling price per unit | B21: 3.46
A22: Expected unit sales | B22: 5442
A23: Average Monthly Sales | B23: 18832
A24: Target operating income for the period
B25: =IF(C19,+C19-C16,"")
A26: Results
A27: Contribution margin per unit | B27: =IF(C21,+C21-C18,"")
A28: Unit sales at break-even point | B28: =IF(C22,+C22-C19,"")
A29: Dollar sales at break-even point | B29: =IF(C24,+C24-C20,"")
A30: Dollar sales at expected level | B30: =IF(C25,+C25-C21,"")
A31: Expected operating income | B31: =IF(C26,+C26-C22,"")
A32: Unit sales at target operating income | B32: =IF(C27,+C27-C24,"")
A33: Dollar sales at target operating income | B33: =IF(C28,+C28-C25,"")
A36: Weighted Average Retail Pastry | B36: 44% of $3.22 | C36: =SUM(3.22*44%) -> 1.4168
A37: Weighted Average Wholesale Pastry | B37: 26% of $3.62 | C37: =SUM(3.62*26%) -> 0.9412
A38: Weighted Average Beverages | B38: 28% of $3.37 | C38: =SUM(3.37*28%) -> 0.9436
A39: Weighted Average Merchandise | B39: 1% of 16 | C39: =SUM(16*1%) -> 0.16
C40: =SUM(C36:C39) -> 3.4616

Sheet Five Year Projections
A1: Five Year Projections
A2: Bisous Bisous Pâtisserie
C4: 2013 | D4: =C4+1 -> 2014 | E4: =D4+1 -> 2015 | F4: =E4+1 -> 2016 | G4: =F4+1 -> 2017
A5: Income Statement
A6: Net sales
A7: Cost of goods sold
A8: Net Operating Income | C8: =IF(OR(C6<>0,C7),C6-C7,"") | D8: =IF(OR(D6<>0,D7),D6-D7,"") | E8: =IF(OR(E6<>0,E7),E6-E7,"") | F8: =IF(OR(F6<>0,F7),F6-F7,"") | G8: =IF(OR(G6<>0,G7),G6-G7,"")
A9: Operating expenses
A10: Net Income | C10: =IF(OR(SUM(C8)<>0,C9),C8-C9,"") | D10: =IF(OR(SUM(D8)<>0,D9),D8-D9,"") | E10: =IF(OR(SUM(E8)<>0,E9),E8-E9,"") | F10: =IF(OR(SUM(F8)<>0,F9),F8-F9,"") | G10: =IF(OR(SUM(G8)<>0,G9),G8-G9,"")
A11: Cash Flow Statement
A12: Beginning balance
A13: Cash inflow
A14: Cash outflow
A15: Ending Cash Balance | C15: =IF(SUM(C12:C14),SUM(C12:C14),"") | D15: =IF(SUM(D12:D14),SUM(D12:D14),"") | E15: =IF(SUM(E12:E14),SUM(E12:E14),"") | F15: =IF(SUM(F12:F14),SUM(F12:F14),"") | G15: =IF(SUM(G12:G14),SUM(G12:G14),"")
A16: Balance Sheet
A17: Cash | C17: =C15 | D17: =D15 | E17: =E15 | F17: =F15 | G17: =G15
A18: Accounts receivable
A19: Inventory
A20: Prepaid expenses
A21: Total Current Assets | C21: =IF(SUM(C17:C20),SUM(C17:C20),"") | D21: =IF(SUM(D17:D20),SUM(D17:D20),"") | E21: =IF(SUM(E17:E20),SUM(E17:E20),"") | F21: =IF(SUM(F17:F20),SUM(F17:F20),"") | G21: =IF(SUM(G17:G20),SUM(G17:G20),"")
A22: Fixed assets
A23: Total Assets | C23: =IF(SUM(C21:C22),SUM(C21:C22),"") | D23: =IF(SUM(D21:D22),SUM(D21:D22),"") | E23: =IF(SUM(E21:E22),SUM(E21:E22),"") | F23: =IF(SUM(F21:F22),SUM(F21:F22),"") | G23: =IF(SUM(G21:G22),SUM(G21:G22),"")
A24: Accounts payable
A25: Short-term notes
A26: Accrued & other liabilities
A27: Total Current Liabilities | C27: =IF(SUM(C24:C26),SUM(C24:C26),"") | D27: =IF(SUM(D24:D26),SUM(D24:D26),"") | E27: =IF(SUM(E24:E26),SUM(E24:E26),"") | F27: =IF(SUM(F24:F26),SUM(F24:F26),"") | G27: =IF(SUM(G24:G26),SUM(G24:G26),"")
A28: Long-term debt
A29: Other long-term liabilities
A30: Total Long-term Liabilities | C30: =IF(SUM(C28:C29),SUM(C28:C29),"") | D30: =IF(SUM(D28:D29),SUM(D28:D29),"") | E30: =IF(SUM(E28:E29),SUM(E28:E29),"") | F30: =IF(SUM(F28:F29),SUM(F28:F29),"") | G30: =IF(SUM(G28:G29),SUM(G28:G29),"")
A31: Shareholders' equity | C31: =IF(OR(OR(SUM(C32)<>0,C30),C27),C32-C30-C27,"") | D31: =IF(OR(OR(SUM(D32)<>0,D30),D27),D32-D30-D27,"") | E31: =IF(OR(OR(SUM(E32)<>0,E30),E27),E32-E30-E27,"") | F31: =IF(OR(OR(SUM(F32)<>0,F30),F27),F32-F30-F27,"") | G31: =IF(OR(OR(SUM(G32)<>0,G30),G27),G32-G30-G27,"")
A32: Total Liabilities and Equity | C32: =C23 | D32: =D23 | E32: =E23 | F32: =F23 | G32: =G23
